Workbook

Sheet ANALISIS COTIZACIONES
D1: LOTE N°1: EQUIPOS Y HERRAMIENTAS
A2: MUNICIPIO | B2: LINEA | C2: TIPO | D2: ITEM N° | E2: PRODUCTO | F2: UNIDAD DE MEDIDA | G2: CANTIDAD | H2: AGRICOLA SAN JOSÉ FUNES NIT 27203549 | I2: ASOCIACION DE CABILDOS INDIGENAS DE LA ZONA DE IPIALES (ACIZI) NIT 830000096 | J2: FUNDACIÓN RUNAQAYA NIT 900358541 | K2: PROMEDIO UNITARIO | L2: VALOR TOTAL PROMEDIO | M2: MIN | N2: MAX | O2: DISPERSIÓN MIN | P2: DISPERSIÓN MAX | R2: DISPERSIÓN ENTRE COTIZACIONES
H3: VALOR UNITARIO | I3: VALOR UNITARIO | J3: VALOR UNITARIO | R3: AB | S3: AC | T3: BC
A4: El Charco | B4: Papa China | C4: Equipos y herramientas | D4: 1 | E4: Azada fabricada de una única pieza templada, en acero carbono de alta calidad, recubierta con pintura electrostática a polvo, lámina de tamaño 2.5 pulgadas, ojo de 38 mm de diámetro, mango de 145 cm en madera barnizada. | F4: Unidad | G4: 60 | H4: 115420 | I4: 111700 | J4: 114880 | K4: =ROUND(AVERAGE(H4:J4),0) -> 114000 | L4: =+K4*G4 -> 6840000 | M4: =MIN(H4,I4,J4) -> 111700 | N4: =MAX(H4,I4,J4) -> 115420 | O4: =+(M4-K4)/K4 -> -0.020175439 | P4: =+(N4-K4)/K4 -> 0.01245614 | R4: =+(I4-H4)/H4 -> -0.032230116 | S4: =+(J4-H4)/H4 -> -0.0046785652 | T4: =+(J4-I4)/I4 -> 0.028469114
A5: Tumaco | B5: Tilapia | C5: Equipos y herramientas | D5: 2 | E5: Balanza Mecánica de Reloj para 20 Kilos con Platón, balanza de colgar, Material de fabricación: Aro Central elaborado en lámina de acero cold rolled Calibre 26 y pintado en esmalte horneable color blanco o azul. Bisel en aluminio repujado o brillado Contra bisel hecho en aluminio Carátula o dial: elaborada en artes y posteriormente se hace la parte de litografía en hojalata, pintada con esmalte horneable y posteriormente se cubre con barniz transparente. Remache fabricado en hierro 3/8” para el automático. Resortes compensados a temperatura: elaborados en alambres acerados. Piñón enterizo en acero. Visor en vidrio: elaborado en vidrio transparente de 2mm. Colgante con oreja. Reloj con aro pintado, División: 1 onza, Diámetro del reloj: 21 cm, Sistema Mecánico con lectura por ambos lados, lectura por una cara en kilos y por la otra en libras. | F5: Unidad | G5: 1 | H5: 195000 | I5: 200000 | J5: 280000 | K5: =ROUND(AVERAGE(H5:J5),0) -> 225000 | L5: =+K5*G5 -> 225000 | M5: =MIN(H5,I5,J5) -> 195000 | N5: =MAX(H5,I5,J5) -> 280000 | O5: =+(M5-K5)/K5 -> -0.13333333 | P5: =+(N5-K5)/K5 -> 0.24444444 | R5: =+(I5-H5)/H5 -> 0.025641026 | S5: =+(J5-H5)/H5 -> 0.43589744 | T5: =+(J5-I5)/I5 -> 0.4
A6: Tumaco | B6: Tilapia | C6: Equipos y herramientas | D6: 3 | E6: Bascula Portátil Electrónica Báscula portátil electrónica, plataforma plegable 100%, Capacidad de pesaje máximo: 500 kg, Protección de sobrepeso, Bandeja reforzado en acero inoxidable, LCD con luz de fondo, Teclado resistente al agua y al aceite, Unidades de pesaje kilogramos, Dimensiones de la bandeja: 45 cm de ancho x 60 cm de largo aproximadamente; Total función de ahorro de energía, Batería recargable, con mínimo 12 meses de garantía. | F6: Unidad | G6: 1 | H6: 540000 | I6: 548000 | J6: 728350 | K6: =ROUND(AVERAGE(H6:J6),0) -> 605450 | L6: =+K6*G6 -> 605450 | M6: =MIN(H6,I6,J6) -> 540000 | N6: =MAX(H6,I6,J6) -> 728350 | O6: =+(M6-K6)/K6 -> -0.10810141 | P6: =+(N6-K6)/K6 -> 0.20298951 | R6: =+(I6-H6)/H6 -> 0.014814815 | S6: =+(J6-H6)/H6 -> 0.3487963 | T6: =+(J6-I6)/I6 -> 0.32910584
A7: Tumaco | B7: Camarón | C7: Equipos y herramientas | D7: 4 | E7: Blower Aireador Solar de 1 HP Kit blower o soplador industrial para aireación de estanques con funcionamiento mediante energía solar, Potencia: 750 watts (1 HP), Función Doble Propósito: inyección de aire oxigenado y extracción de gases nocivos, Voltaje: DC 48 voltios, Caudal: mínimo 25 m³/hora, Cobertura: mínimo 666 m², Material carcasa: plástico ABS, Dimensiones: 16 cm de ancho x 46 cm de alto (+/- 3%), Peso: 14 kg (+/- 3%) Kit Sistema fotovoltaico autónomo compuesto por: 2 paneles solares monocristalinos de 590W. 1 batería ciclo profundo agm 100 amperios y 12 voltios. 1 inversos MPPT 80 amperios con potencia nominal mínima de 3000 watts y tensión nominal de trabajo mínima 12 voltios. 6 conectores mc4 par. 2 breakers AC de 30 amperios. 2 mini breakers DC para el riel DIN 32 amperios 800 voltios. 40 metros de cable polarizado apto para sistemas fotovoltaicos. 1 caja de protección para breakers. 3 cables calibre 2 AWG cada uno de 3 metros de longitud. 4 cables calibre 8AWG cada uno de 3 metros de longitud. 1 Dispositivo de Protección contra Sobretensiones (DPS). | F7: Unidad | G7: 2 | H7: 10020000 | I7: 9550000 | J7: 9746000 | K7: =ROUND(AVERAGE(H7:J7),0) -> 9772000 | L7: =+K7*G7 -> 19544000 | M7: =MIN(H7,I7,J7) -> 9550000 | N7: =MAX(H7,I7,J7) -> 10020000 | O7: =+(M7-K7)/K7 -> -0.02271797 | P7: =+(N7-K7)/K7 -> 0.025378633 | R7: =+(I7-H7)/H7 -> -0.046906188 | S7: =+(J7-H7)/H7 -> -0.027345309 | T7: =+(J7-I7)/I7 -> 0.02052356
A8: Tumaco | B8: Tilapia | C8: Equipos y herramientas | D8: 5 | E8: Carrete Cable Acero Plastificado 1/8”, rollo x 200m, configuración de núcleo en acero galvanizado recubierta por una capa que garantiza protección anticorrosiva, peso aprox 9.7 kg, | F8: Rollo | G8: 2 | H8: 421430 | I8: 417200 | J8: 421370 | K8: =ROUND(AVERAGE(H8:J8),0) -> 420000 | L8: =+K8*G8 -> 840000 | M8: =MIN(H8,I8,J8) -> 417200 | N8: =MAX(H8,I8,J8) -> 421430 | O8: =+(M8-K8)/K8 -> -0.0066666667 | P8: =+(N8-K8)/K8 -> 0.0034047619 | R8: =+(I8-H8)/H8 -> -0.010037254 | S8: =+(J8-H8)/H8 -> -0.0001423724 | T8: =+(J8-I8)/I8 -> 0.0099952061
A9: Tumaco | B9: Camarón | C9: Equipos y herramientas | D9: 6 | E9: Chile (Atarraya de ojo pequeño) para captura de peces tipo carnadas. Material de fabricación: Nylon multifilamento, Radio: 1.7 m, Diámetro: 3.4 m, Grosor del nylon: 0.30 cm apróx, con 5 libras de plomo para su hundimiento, Ojo de malla: 1 pulgada, Circunferencia aproximada: 10 m, Red circular de caída en forma de sombrilla y utilizada al voleo, tipo de cierre: bolsa argolla, con protección contra los rayos del sol - UV | F9: Unidad | G9: 3 | H9: 1131750 | I9: 1127500 | J9: 1130750 | K9: =ROUND(AVERAGE(H9:J9),0) -> 1130000 | L9: =+K9*G9 -> 3390000 | M9: =MIN(H9,I9,J9) -> 1127500 | N9: =MAX(H9,I9,J9) -> 1131750 | O9: =+(M9-K9)/K9 -> -0.0022123894 | P9: =+(N9-K9)/K9 -> 0.0015486726 | R9: =+(I9-H9)/H9 -> -0.0037552463 | S9: =+(J9-H9)/H9 -> -0.00088358736 | T9: =+(J9-I9)/I9 -> 0.0028824834
A10: Tumaco | B10: Camarón | C10: Equipos y herramientas | D10: 7 | E10: Chinchorro para Piscicultura 25 x 2,5 m, calibre mínimo 210/12 o equivalente: Aparejo de pesca especial para la captura de peces, Material de fabricación: nylon multifilamento, Ojo de malla de 1 pulgada sin nudo; Flotación con boyas plásticas estándar de color naranja o azul y lastre de plomo que garantice la correcta operación y extensión de red, Con protección contra los rayos del sol – UV. | F10: Unidad | G10: 2 | H10: 3545500 | I10: 3550000 | J10: 3854500 | K10: =ROUND(AVERAGE(H10:J10),0) -> 3650000 | L10: =+K10*G10 -> 7300000 | M10: =MIN(H10,I10,J10) -> 3545500 | N10: =MAX(H10,I10,J10) -> 3854500 | O10: =+(M10-K10)/K10 -> -0.028630137 | P10: =+(N10-K10)/K10 -> 0.056027397 | R10: =+(I10-H10)/H10 -> 0.0012692145 | S10: =+(J10-H10)/H10 -> 0.087152729 | T10: =+(J10-I10)/I10 -> 0.085774648
A11: Tumaco | B11: Tilapia | C11: Equipos y herramientas | D11: 8 | E11: Discos Secchi para monitoreo de calidad de agua en sistemas piscícolas: Diámetro: 25 centímetros, Material del Cuerpo: Acrílico o polietileno reforzado con perno de acero inoxidable, Dos cuadrantes blancos y dos negros, Cinta o cuerda de 3 metros graduada en milímetros, centímetros y/o metros, Pieza de plomo de 250 gramos para contrapeso, | F11: Unidad | G11: 1 | H11: 310000 | I11: 315000 | J11: 335000 | K11: =ROUND(AVERAGE(H11:J11),0) -> 320000 | L11: =+K11*G11 -> 320000 | M11: =MIN(H11,I11,J11) -> 310000 | N11: =MAX(H11,I11,J11) -> 335000 | O11: =+(M11-K11)/K11 -> -0.03125 | P11: =+(N11-K11)/K11 -> 0.046875 | R11: =+(I11-H11)/H11 -> 0.016129032 | S11: =+(J11-H11)/H11 -> 0.080645161 | T11: =+(J11-I11)/I11 -> 0.063492063
A12: Tumaco | B12: Tilapia | C12: Equipos y herramientas | D12: 9 | E12: Electrobomba con Potencia de 1 HP, diámetro de entrada tubería 2.54 cm, Flujo máximo de 55 l/min, altura máxima de succión de 50 m para acceso a agua en pozos profundos. Dimensiones compactas de 26 cm x 15 cm x 12 cm. | F12: Unidad | G12: 1 | H12: 401540 | I12: 397500 | J12: 562927 | K12: =ROUND(AVERAGE(H12:J12),0) -> 453989 | L12: =+K12*G12 -> 453989 | M12: =MIN(H12,I12,J12) -> 397500 | N12: =MAX(H12,I12,J12) -> 562927 | O12: =+(M12-K12)/K12 -> -0.12442812 | P12: =+(N12-K12)/K12 -> 0.23995736 | R12: =+(I12-H12)/H12 -> -0.010061264 | S12: =+(J12-H12)/H12 -> 0.40192011 | T12: =+(J12-I12)/I12 -> 0.41616855
A13: Tumaco | B13: Camarón | C13: Equipos y herramientas | D13: 10 | E13: Fumigadora Estacionaria con motor de 5.5 Hp a Gasolina, con bomba automática para un caudal entre 20 - 40 Litros por minuto, presión entre 145 – 580 PSI | F13: Unidad | G13: 4 | H13: 1639440 | I13: 1635200 | J13: 1639060 | K13: =ROUND(AVERAGE(H13:J13),0) -> 1637900 | L13: =+K13*G13 -> 6551600 | M13: =MIN(H13,I13,J13) -> 1635200 | N13: =MAX(H13,I13,J13) -> 1639440 | O13: =+(M13-K13)/K13 -> -0.0016484523 | P13: =+(N13-K13)/K13 -> 0.00094022834 | R13: =+(I13-H13)/H13 -> -0.002586249 | S13: =+(J13-H13)/H13 -> -0.00023178646 | T13: =+(J13-I13)/I13 -> 0.0023605675
A14: El Charco | B14: Papa China | C14: Equipos y herramientas | D14: 11 | E14: Fumigadora manual de espalda con una capacidad del Recipiente de 20 Litros en polietileno de alta densidad, capacidad de la cámara de 1 Litro, presión Máxima de Trabajo: 40 PSI (+/- 10%), lanza en acero Inoxidable, con pistón en Latón con posiciones de la Llave: Continua, Intermitente y de bloqueo total. Incluye una boquillas metálica de Cono Hueco (1000 cc), portaboquilla de uso agrícola Universal. | F14: Unidad | G14: 75 | H14: 576450 | I14: 572300 | J14: 576250 | K14: =ROUND(AVERAGE(H14:J14),0) -> 575000 | L14: =+K14*G14 -> 43125000 | M14: =MIN(H14,I14,J14) -> 572300 | N14: =MAX(H14,I14,J14) -> 576450 | O14: =+(M14-K14)/K14 -> -0.0046956522 | P14: =+(N14-K14)/K14 -> 0.0025217391 | R14: =+(I14-H14)/H14 -> -0.0071992367 | S14: =+(J14-H14)/H14 -> -0.00034695117 | T14: =+(J14-I14)/I14 -> 0.0069019745
A15: El Charco | B15: Papa China | C15: Equipos y herramientas | D15: 12 | E15: Geomembrana para revestimiento de estanques o pozos destinados al cultivo de camarón, fabricada en material sintético impermeable tipo HDPE, LLDPE o equivalente, con protección UV y exposiciones ambientales, resistente al rasgado. Dimensiones: área a cubrir 30 m2, medidas sujetas al requerimiento de la supervisión durante ejecución, espesor mínimo 1.0 mm. | F15: Unidad | G15: 30 | H15: 251600 | I15: 247800 | J15: 250600 | K15: =ROUND(AVERAGE(H15:J15),0) -> 250000 | L15: =+K15*G15 -> 7500000 | M15: =MIN(H15,I15,J15) -> 247800 | N15: =MAX(H15,I15,J15) -> 251600 | O15: =+(M15-K15)/K15 -> -0.0088 | P15: =+(N15-K15)/K15 -> 0.0064 | R15: =+(I15-H15)/H15 -> -0.015103339 | S15: =+(J15-H15)/H15 -> -0.0039745628 | T15: =+(J15-I15)/I15 -> 0.011299435
... A29: Tumaco | B29: Tilapia | C29: Equipos y herramientas | D29: 26 | E29: Tanque de plástico (polietileno) con capacidad de 500 litros para almacenamiento de agua potable diámetro aprox 105 cm, ancho aprox 105 cm, alto aprox 103 cm, con capa interior virgen, avalados por NTC 5022 y NTC 4384, con recubrimiento que evite la producción de algas y bacterias, con aditivo U.V para el bloqueo de rayos ultravioletas. | F29: Unidad | G29: 75 | H29: 307500 | I29: 302100 | J29: 305400 | K29: =ROUND(AVERAGE(H29:J29),0) -> 305000 | L29: =+K29*G29 -> 22875000 | M29: =MIN(H29,I29,J29) -> 302100 | N29: =MAX(H29,I29,J29) -> 307500 | O29: =+(M29-K29)/K29 -> -0.0095081967 | P29: =+(N29-K29)/K29 -> 0.0081967213 | R29: =+(I29-H29)/H29 -> -0.017560976 | S29: =+(J29-H29)/H29 -> -0.0068292683 | T29: =+(J29-I29)/I29 -> 0.010923535
D30: TOTAL | H30: =+SUM(H4:H29) -> 49403600 | I30: =+SUM(I4:I29) -> 48832200 | J30: =+SUM(J4:J29) -> 50470708 | K30: =+SUM(K4:K29) -> 49568836 | L30: =+SUM(L4:L29) -> 184359915
D32: LOTE N°2: INSUMOS
D33: ITEM N° | E33: PRODUCTO | F33: UNIDAD DE MEDIDA | G33: CANTIDAD | H33: AGRICOLA SAN JOSÉ FUNES NIT 27203549 | I33: ASOCIACION DE CABILDOS INDIGENAS DE LA ZONA DE IPIALES (ACIZI) NIT 830000096 | J33: FUNDACIÓN RUNAQAYA NIT 900358541 | K33: PROMEDIO UNITARIO | L33: VALOR TOTAL PROMEDIO | M33: MIN | N33: MAX | O33: DISPERSIÓN MIN | P33: DISPERSIÓN MAX | R33: DISPERSIÓN ENTRE COTIZACIONES
H34: VALOR UNITARIO | I34: VALOR UNITARIO | J34: VALOR UNITARIO | R34: AB | S34: AC | T34: BC
A35: El Charco | B35: Papa China | C35: Insumo | D35: 1 | E35: Abono orgánico mezclado con materiales de origen orgánico animal y vegetal que han sido sometidos a un proceso de compostaje y maduración, con una composición mínima de nitrógeno al 1,5%, Fosforo asimilable al 4% y Potasio soluble al 3,5%, Calcio (CaO) 10%, Magnesio total (MgO) 1.3%, Carbono orgánico oxidable 19% . Bulto x 40 kg. | F35: Bulto | G35: 60 | H35: 81230 | I35: 78200 | J35: 80570 | K35: =ROUND(AVERAGE(H35:J35),0) -> 80000 | L35: =+K35*G35 -> 4800000 | M35: =MIN(H35,I35,J35) -> 78200 | N35: =MAX(H35,I35,J35) -> 81230 | O35: =+(M35-K35)/K35 -> -0.0225 | P35: =+(N35-K35)/K35 -> 0.015375 | R35: =+(I35-H35)/H35 -> -0.03730149 | S35: =+(J35-H35)/H35 -> -0.0081250769 | T35: =+(J35-I35)/I35 -> 0.030306905
A36: Tumaco | B36: Tilapia | C36: Insumo | D36: 2 | E36: Semilla certificada de Alevinos de tilapia roja Oreochromis sp de 1 gramos o de peso aproximado con tamaño entre 2,5 - 3 cm, homogéneos, porcentaje de reversión sexual mínimo del 90% | F36: Unidad | G36: 24250 | H36: 360 | I36: 365 | J36: 385 | K36: =ROUND(AVERAGE(H36:J36),0) -> 370 | L36: =+K36*G36 -> 8972500 | M36: =MIN(H36,I36,J36) -> 360 | N36: =MAX(H36,I36,J36) -> 385 | O36: =+(M36-K36)/K36 -> -0.027027027 | P36: =+(N36-K36)/K36 -> 0.040540541 | R36: =+(I36-H36)/H36 -> 0.013888889 | S36: =+(J36-H36)/H36 -> 0.069444444 | T36: =+(J36-I36)/I36 -> 0.054794521
A37: Tumaco | B37: Camarón | C37: Insumo | D37: 3 | E37: Cal agrícola: polvo blanco, finamente divido e inoloro, material . Carbonato de Calcio CaCO3 90%-100%. solubilidad 0.017 g/l, punto de fusión 825ºC. Bulto x 50 kg | F37: Bulto | G37: 4 | H37: 46120 | I37: 42800 | J37: 46080 | K37: =ROUND(AVERAGE(H37:J37),0) -> 45000 | L37: =+K37*G37 -> 180000 | M37: =MIN(H37,I37,J37) -> 42800 | N37: =MAX(H37,I37,J37) -> 46120 | O37: =+(M37-K37)/K37 -> -0.048888889 | P37: =+(N37-K37)/K37 -> 0.024888889 | R37: =+(I37-H37)/H37 -> -0.071986123 | S37: =+(J37-H37)/H37 -> -0.00086730269 | T37: =+(J37-I37)/I37 -> 0.076635514
A38: Tumaco | B38: Camarón | C38: Insumo | D38: 4 | E38: Concentrado para camarón, durante las etapas de levante y finalización,. Proteína (MIN) 35.0%, Grasa (MIN) 5.0%, fibra (MIN) 5.0%, ceniza (MÁX) 12%, humedad (MÁX) 13.0%, presentación bulto x 40 kg | F38: Bulto | G38: 70 | H38: 156780 | I38: 152300 | J38: 155920 | K38: =ROUND(AVERAGE(H38:J38),0) -> 155000 | L38: =+K38*G38 -> 10850000 | M38: =MIN(H38,I38,J38) -> 152300 | N38: =MAX(H38,I38,J38) -> 156780 | O38: =+(M38-K38)/K38 -> -0.017419355 | P38: =+(N38-K38)/K38 -> 0.011483871 | R38: =+(I38-H38)/H38 -> -0.028575073 | S38: =+(J38-H38)/H38 -> -0.0054853935 | T38: =+(J38-I38)/I38 -> 0.023768877
A39: Tumaco | B39: Tilapia | C39: Insumo | D39: 5 | E39: Concentrado para tilapia extruder 24% de proteína min, Grasa min 4%, Fibra máx 8.0%, Cenizas máx 10%, Humedad máx 12 %. Fecha de vigencia y/o elaboración. Presentación Bulto x 40 kg | F39: Bulto | G39: 98 | H39: 134000 | I39: 134950 | J39: 137310 | K39: =ROUND(AVERAGE(H39:J39),0) -> 135420 | L39: =+K39*G39 -> 13271160 | M39: =MIN(H39,I39,J39) -> 134000 | N39: =MAX(H39,I39,J39) -> 137310 | O39: =+(M39-K39)/K39 -> -0.010485896 | P39: =+(N39-K39)/K39 -> 0.01395658 | R39: =+(I39-H39)/H39 -> 0.0070895522 | S39: =+(J39-H39)/H39 -> 0.024701493 | T39: =+(J39-I39)/I39 -> 0.017487959
A40: Tumaco | B40: Tilapia | C40: Insumo | D40: 6 | E40: Concentrado para tilapia extruder 30% de proteína min, Grasa min 6%, Fibra máx 6.0%, Cenizas máx 12%, Humedad máx 12%. Fecha de vigencia y/o elaboración. Presentación bulto x 40 kg. | F40: Bulto | G40: 146 | H40: 153720 | I40: 152950 | J40: 154490 | K40: =ROUND(AVERAGE(H40:J40),0) -> 153720 | L40: =+K40*G40 -> 22443120 | M40: =MIN(H40,I40,J40) -> 152950 | N40: =MAX(H40,I40,J40) -> 154490 | O40: =+(M40-K40)/K40 -> -0.0050091075 | P40: =+(N40-K40)/K40 -> 0.0050091075 | R40: =+(I40-H40)/H40 -> -0.0050091075 | S40: =+(J40-H40)/H40 -> 0.0050091075 | T40: =+(J40-I40)/I40 -> 0.01006865
A41: Tumaco | B41: Tilapia | C41: Insumo | D41: 7 | E41: Concentrado para tilapia extruder 38% de proteína min, Grasa min 4%, Fibra máx 6.0%, Cenizas máx 10%, Humedad máx 12%. Fecha de vigencia y/o elaboración. Presentación Bulto x 40 kg. | F41: Bulto | G41: 48 | H41: 178000 | I41: 178500 | J41: 181520 | K41: =ROUND(AVERAGE(H41:J41),0) -> 179340 | L41: =+K41*G41 -> 8608320 | M41: =MIN(H41,I41,J41) -> 178000 | N41: =MAX(H41,I41,J41) -> 181520 | O41: =+(M41-K41)/K41 -> -0.0074718412 | P41: =+(N41-K41)/K41 -> 0.012155682 | R41: =+(I41-H41)/H41 -> 0.0028089888 | S41: =+(J41-H41)/H41 -> 0.019775281 | T41: =+(J41-I41)/I41 -> 0.016918768
A42: Tumaco | B42: Tilapia | C42: Insumo | D42: 8 | E42: Concentrado para tilapia harina 45% de proteína min, Grasa min 4%, Fibra máx 6.0%, Cenizas máx 10%, Humedad máx 12%. Fecha de vigencia y/o elaboración. Presentación bulto x 40 Kg. | F42: Bulto | G42: 14 | H42: 227000 | I42: 230000 | J42: 227420 | K42: =ROUND(AVERAGE(H42:J42),0) -> 228140 | L42: =+K42*G42 -> 3193960 | M42: =MIN(H42,I42,J42) -> 227000 | N42: =MAX(H42,I42,J42) -> 230000 | O42: =+(M42-K42)/K42 -> -0.0049969317 | P42: =+(N42-K42)/K42 -> 0.0081528886 | R42: =+(I42-H42)/H42 -> 0.013215859 | S42: =+(J42-H42)/H42 -> 0.0018502203 | T42: =+(J42-I42)/I42 -> -0.011217391
A43: Tumaco | B43: Tilapia | C43: Insumo | D43: 9 | E43: Feromonas de Segregación Rhynchophorol C. Feromona sintética imitante de la señal química del compuesto orgánico secretado por los machos de la especie mencionada para atraer individuos de ambos sexos y de esta forma capturarlos en el trampeo masivo. Sobre x 0,5 ml. | F43: Unidad | G43: 30 | H43: 21540 | I43: 17800 | J43: 21041 | K43: =ROUND(AVERAGE(H43:J43),0) -> 20127 | L43: =+K43*G43 -> 603810 | M43: =MIN(H43,I43,J43) -> 17800 | N43: =MAX(H43,I43,J43) -> 21540 | O43: =+(M43-K43)/K43 -> -0.11561584 | P43: =+(N43-K43)/K43 -> 0.070204203 | R43: =+(I43-H43)/H43 -> -0.17363045 | S43: =+(J43-H43)/H43 -> -0.023166202 | T43: =+(J43-I43)/I43 -> 0.18207865
A44: Mosquera | B44: Coco | C44: Insumo | D44: 10 | E44: Fertilizante complejo, sólido granulado soluble, de color beige pálido. Nitrógeno total (% N) 15%, Fósforo total 15%, Potasio Total 15%, azufre total 10% pH: 6,0 – 7,2. Solubilidad en agua: 90 g/100 ml. Presentación bulto x 50 Kg. | F44: Bulto | G44: 30 | H44: 306120 | I44: 302800 | J44: 306080 | K44: =ROUND(AVERAGE(H44:J44),0) -> 305000 | L44: =+K44*G44 -> 9150000 | M44: =MIN(H44,I44,J44) -> 302800 | N44: =MAX(H44,I44,J44) -> 306120 | O44: =+(M44-K44)/K44 -> -0.0072131148 | P44: =+(N44-K44)/K44 -> 0.0036721311 | R44: =+(I44-H44)/H44 -> -0.01084542 | S44: =+(J44-H44)/H44 -> -0.00013066771 | T44: =+(J44-I44)/I44 -> 0.010832232
A45: El Charco | B45: Papa China | C45: Insumo | D45: 11 | E45: Fertilizante completo formulado 17-6-18-2, con una composición Nitrógeno Total (N) 17%, Fósforo 6%, Potasio 18%, Magnesio total 2%. Presentación bulto x 50 Kg. | F45: Bulto | G45: 30 | H45: 246150 | I45: 242300 | J45: 246550 | K45: =ROUND(AVERAGE(H45:J45),0) -> 245000 | L45: =+K45*G45 -> 7350000 | M45: =MIN(H45,I45,J45) -> 242300 | N45: =MAX(H45,I45,J45) -> 246550 | O45: =+(M45-K45)/K45 -> -0.011020408 | P45: =+(N45-K45)/K45 -> 0.0063265306 | R45: =+(I45-H45)/H45 -> -0.015640869 | S45: =+(J45-H45)/H45 -> 0.0016250254 | T45: =+(J45-I45)/I45 -> 0.017540239
A46: La Tola | B46: Plátano | C46: Insumo | D46: 12 | E46: Fungicida sistémico de aplicación foliar para el control de la sigatoka negra y botrytis su ingrediente activo es Pyrimethanil que inhibe la secreción de encimas. Presentación envase plástico x litro. | F46: Litro | G46: 30 | H46: 132500 | I46: 128500 | J46: 132105 | K46: =ROUND(AVERAGE(H46:J46),0) -> 131035 | L46: =+K46*G46 -> 3931050 | M46: =MIN(H46,I46,J46) -> 128500 | N46: =MAX(H46,I46,J46) -> 132500 | O46: =+(M46-K46)/K46 -> -0.019345976 | P46: =+(N46-K46)/K46 -> 0.011180219 | R46: =+(I46-H46)/H46 -> -0.030188679 | S46: =+(J46-H46)/H46 -> -0.0029811321 | T46: =+(J46-I46)/I46 -> 0.028054475
... A54: Mosquera | B54: Coco | C54: Insumo | D54: 20 | E54: Sal Marina para Piscicultura, Compuesta por Cloruro sódico (NaCl), Humedad ≤ 0.5%, Cloruro sódico en materia seca ≥ 97%, Residuo insoluble en agua ≤5 gr/kg, Nitrógeno Total ≤20 mg/kg. NO CONTIENE ADITIVOS. Producto Color blanco, granulado, cristalino, inodoro, limpio, suelto y soluble en agua. Presentación bulto x 34 kg. | F54: Bulto | G54: 10 | H54: 39000 | I54: 39700 | J54: 43400 | K54: =ROUND(AVERAGE(H54:J54),0) -> 40700 | L54: =+K54*G54 -> 407000 | M54: =MIN(H54,I54,J54) -> 39000 | N54: =MAX(H54,I54,J54) -> 43400 | O54: =+(M54-K54)/K54 -> -0.041769042 | P54: =+(N54-K54)/K54 -> 0.066339066 | R54: =+(I54-H54)/H54 -> 0.017948718 | S54: =+(J54-H54)/H54 -> 0.11282051 | T54: =+(J54-I54)/I54 -> 0.093198992
A55: Tumaco | B55: 0 | C55: Insumo | D55: 21 | E55: Semillas para palmas de coco con desarrollo de raíz germinativo y tallo mínimo con 4 hojas. Las semillas deben provenir de viveros certificados por el ICA. | F55: Unidad | G55: 675 | H55: 20780 | I55: 16500 | J55: 21520 | K55: =ROUND(AVERAGE(H55:J55),0) -> 19600 | L55: =+K55*G55 -> 13230000 | M55: =MIN(H55,I55,J55) -> 16500 | N55: =MAX(H55,I55,J55) -> 21520 | O55: =+(M55-K55)/K55 -> -0.15816327 | P55: =+(N55-K55)/K55 -> 0.097959184 | R55: =+(I55-H55)/H55 -> -0.20596728 | S55: =+(J55-H55)/H55 -> 0.035611165 | T55: =+(J55-I55)/I55 -> 0.30424242
D56: TOTAL | H56: =+SUM(H35:H55) -> 2210570 | I56: =+SUM(I35:I55) -> 2162585 | J56: =+SUM(J35:J55) -> 2217851 | K56: =+SUM(K35:K55) -> 2197002 | L56: =+SUM(L35:L55) -> 135221220
D60: RESUMEN POR LOTE
D61: LOTE N° | E61: DESCRIPCIÓN | F61: VALOR TOTAL PROMEDIO
D62: 1 | E62: =+D1 -> LOTE N°1: EQUIPOS Y HERRAMIENTAS | F62: =+L30 -> 184359915
D63: 2 | E63: =+D32 -> LOTE N°2: INSUMOS | F63: =+L56 -> 135221220
D64: TOTAL | F64: =+F62+F63 -> 319581135

Sheet PRECIOS VIRTUALES ESTIMADOS
I45: https://ambientesolar.com.co/productos/kit-aislado-para-generacion-de-energia-con-acumulacion-en-bateria/
I57: https://www.homecenter.com.co/homecenter-co/product/354895/carrete-cable-acero-plastificado-1-8pg-200m/354895/
I71: https://biologika.co/products/atarraya?srsltid=AfmBOopQDmvqQunsZInnV44ttdl94Kzx40Y_aPFAOAYctZq_lnCm4rKh
H86: https://fabricaderedes.com/diametro-3-00-metros/1486-atarraya-multifilamento-malla-1cm.html
H102: https://colombia.bioweb.co/products/disco-secchi-limnologico-30-cm?variant=17959196933
I114: https://homecenter.falabella.com.co/homecenter-co/product/118865755/electrobomba-centrifuga-1-hp/118865759
I129: https://maquinagro.com/producto/fumigadora-estacionaria-honda-gx160-hl30b2-crg-5-5-hp/
I139: https://veterinarialared.com/producto/fumigadora-estacionaria-motor-gasolina-honda-gx160-bomba-diamond-ts28/
I140: https://www.homecenter.com.co/homecenter-co/product/384327/fumigadora-estacionaria-bomba-diafragma-de-55hp/384327/
H150: https://www.royalcondor.com/fumigadora-manual-royalcondor-la-activa/p
H160: https://www.homecenter.com.co/homecenter-co/product/562103/guadana-a-gasolina-srm4510-eje-recto-de-457-cc-2-tiempos/562103/
I172: https://www.royalcondor.com/repuestos-y-accesorios-kit-de-proteccion-royalcondor-con-pantalon-kitprtc-p/p
I184: https://www.durespo.com/products/motoazada-b1050-fujita-con-motor-a-diesel-de-6-5-hp-296-cc-4-tiempos-arranque-manual?srsltid=AfmBOoqxjIWXiEMtDLCvJbJfxYOCdMy2vxouecdLtVeagoAdFDDmzSfn
F200: https://www.homecenter.com.co/homecenter-co/product/477889/malla-gallinero-18x50mts-sin-ttubo/477889/
H211: https://www.homecenter.com.co/homecenter-co/product/517457/manguera-1-2pulgpolietileno-100-m-120-psi/517457/
H238: https://colombia.bioweb.co/products/kit-portatil-medidor-de-oxigeno-disuelto-con-sonda-y-estuche
A239: https://hannacolombia.com/producto/medidor-optico-de-oxigeno-disuelto-impermeable-opdo-hi98198-4m-13/?srsltid=AfmBOophMpPsUj9zQrdQWSXk70yU_VGASskIMXRrLiuTMokZCBKqJU0O
H242: https://maquitecdecolombia.com/compra-de/equipo-agricola/motosierra/motosierra-gasolina-toyama-722-cc-espada-24-pulgadas-tcs72xp/?shopping&gad_source=1&gad_campaignid=12733869726&gbraid=0AAAAADwAQf8OJfZTng3K3qwYs7sifhcSp&gclid=CjwKCAjwvsvTBhBaEiwAmf-3nm2JPqdRUipUliP0mRwnV4lGLp_Tn27o-JPLEMJrseOpTLNn3LaEphoCHdgQAvD_BwE
G254: https://sumagen.com.co/product/overol-fontanero/
H263: https://www.homecenter.com.co/homecenter-co/product/148136/pala-redonda-n4-con-cabo-68036/148136/
I277: https://croper.com/products/1359-tanque-agroindustrial-m-16?srsltid=AfmBOoplgKdtF6IqZGFYHRpyQOZ8B4O5Xw5kv_lUTUYTJuZGIBqSBXr1byc
I287: https://croper.com/products/4919-tanque-agroindustrial-m-10?srsltid=AfmBOorlWaUoKl9Rx7AzkwlgOBWbM8uNmgolBQyrAjOZKGbkVcyxVhEnckU
G299: https://www.homecenter.com.co/homecenter-co/product/31652/tanque-1000-litros/31652/
G312: https://www.homecenter.com.co/homecenter-co/product/31651/tanque-500-litros/31651/
H324: https://www.google.com/search?sa=X&sca_esv=96de9828adab30a7&rlz=1C1GCEB_enCO1035CO1036&sxsrf=APpeQns3CEaKNi50BB6Db0X5vWDdXzgJlQ:1785959987935&udm=28&fbs=ABfTbFUDadgeu2mn4mYJ8iEZ1GUDd8ABuXxNzQEi57SWOuuPdScLx3ol9c1cFkljSkR7a93eyZS02fp-fDRcVXCUwvuz9DHbYMMSENnBbIGS51lwyjqEsRyis7SdfyYi7Cg-VPJyOtVdyh40NW8ZssFrM8zdGCzFjj5ueqH6DyQWx1mvZZVUaDL6NksYAgMmM9dWagfXFWqwvOkVLwnmk9DGOu2P48Ty_cYUSKOuXz_IqgxxCYbsJJc&q=Abono+org%C3%A1nico+mezclado+composici%C3%B3n+m%C3%ADnima+de+nitr%C3%B3geno+al+1,5%25,+Fosforo+asimilable+al+4%25+y+Potasio+soluble+al+3,5%25,+Calcio+(CaO)+10%25,+Magnesio+total+(MgO)+1.3%25,+Carbono+org%C3%A1nico+oxidable+19%25+.+Bulto+x+40+kg.&ved=1t:220175&ictx=111&biw=1366&bih=633&dpr=1
I336: https://croper.com/products/12886-alevines-y-larvas-de-tilpia-roja?srsltid=AfmBOoqSu3z6NAm2JcIVHr9BT3cB15u3c4YSm5Qd_ZQ0tT56gNQS9_l-
H347: https://www.tierragro.com/products/15-15-15-x-50-kg-nutrimon-fertilizantes-agro?variant=46165147287777
H363: https://www.mercadolibre.com.co/fertilizante-abono-produccion-nutrimon-176182-x-50kg/up/MCOU3097963979?matt_tool=19390127&utm_source=google_shopping&utm_medium=organic&pdp_filters=item_id%3AMCO2841795552&from=gshop
H379: https://agroactivocol.com/products/fungicida-pyrimethanil-siganex-60-sc?srsltid=AfmBOopV8YXor7a5cZAtFDQQdTvOZYX3gqUGeHCN7lM-_jQEW1JZ7R7y
I392: https://agroactivocol.com/products/herbicida-paraquat-gramafin-sl?variant=45726028103811
I406: https://agroactivocol.com/products/insecticida-lambda-cihalotrina-athrin-brio?srsltid=AfmBOoqII_ijxmca05pvo_VR7a4LqduTmuuUCH477rR9DPw23yzdNPZO
I421: https://tumatera.co/products/bulto-cal-dolomita-x-50-kg?variant=42842320175331&country=CO&currency=COP&utm_medium=product_sync&utm_source=google&utm_content=sag_organic&utm_campaign=sag_organic&srsltid=AfmBOoqdwHysNURYRkf8U3Yu3YmzcxHAvqjGu55ioivuV7bneNZbqPd_6M0
I435: https://www.tierragro.com/products/melaza-agrorisaralda-bolsa-x-30-kls?srsltid=AfmBOop5tI0KR5PfO7Sla3JdT5Ss_YFIiJ1EwlH-kExT4KkFz6Ruu19p
I451: https://www.homecenter.com.co/homecenter-co/product/395751/bidon-porta-agua-colapsible-plastico-blanco-20-lt/395751/
I464: https://www.tiendascalypso.com/saco-fique-granel/p?srsltid=AfmBOorhfyACqh5wxKXo9lEBZz6Ei5KxgwkXRt5_Z4E5OuwGnnyA178a

Sheet Papa china Charco
B2: Municipio | C2: =('INFO GENERAL'!B4) -> El Charco
C3: ='INFO GENERAL'!B7 -> Santa Barbara de iscuandé
B4: =('INFO GENERAL'!E2) -> Número de beneficiarios | C4: =('INFO GENERAL'!E7) -> 15
B5: Tope presupuestal | C5: =('INFO GENERAL'!D7) -> 36916227
B6: Saldo presupuestal | C6: =(C5-G19) -> 15000
B8: TIPO | C8: DESCRIPCION | D8: UNIDAD DE MEDIDA | E8: CANTIDAD | F8: VALOR UNITARIO | G8: VALOR TOTAL
A9: =($C$2) -> El Charco | B9: Insumo | C9: Abono orgánico mezclado con materiales de origen orgánico animal y vegetal que han sido sometidos a un proceso de compostaje y maduración, con una composición mínima de nitrógeno al 1,5%, Fosforo asimilable al 4% y Potasio soluble al 3,5%, Calcio (CaO) 10%, Magnesio total (MgO) 1.3%, Carbono orgánico oxidable 19% . Bulto x 40 kg. | D9: =+'VERIFICACIÓN CANTIDADES'!E28 -> Bulto | E9: 30 | F9: =+'ANALISIS COTIZACIONES'!K35 -> 80000 | G9: =+F9*E9 -> 2400000 | M9: Abono orgánico mezclado con materiales de origen orgánico animal y vegetal que han sido sometidos a un proceso de compostaje y maduración, con una composición mínima de nitrógeno al 1,5%, Fosforo asimilable al 4% y Potasio soluble al 3,5%, Calcio (CaO) 10%, Magnesio total (MgO) 1.3%, Carbono orgánico oxidable 19% . Bulto x 40 kg. | N9: 114000
A10: =($C$2) -> El Charco | B10: Insumo | C10: =+'VERIFICACIÓN CANTIDADES'!D40 -> Herbicida foliar no selectivo con ingrediente activo paraquat al 20%, herbicida post-emergente de contacto no selectivo, ideal para controlar rápidamente malezas de hoja ancha y gramíneas, resistente a la lluvia y se inactiva al contacto con el suelo. Densidad 1.070-1.084 g/ml, pH 4-7, contenido paraquat 188-212 g/l, Categoría II. Presentación Caneca x 5 galones. | D10: =+'VERIFICACIÓN CANTIDADES'!E40 -> Caneca | E10: 15 | F10: =+'ANALISIS COTIZACIONES'!K47 -> 255000 | G10: =+F10*E10 -> 3825000 | M10: Balanza Mecánica de Reloj para 20 Kilos con Platón, balanza de colgar, Material de fabricación: Aro Central elaborado en lámina de acero cold rolled Calibre 26 y pintado en esmalte horneable color blanco o azul. Bisel en aluminio repujado o brillado Contra bisel hecho en aluminio Carátula o dial: elaborada en artes y posteriormente se hace la parte de litografía en hojalata, pintada con esmalte horneable y posteriormente se cubre con barniz transparente. Remache fabricado en hierro 3/8” para el automático. Resortes compensados a temperatura: elaborados en alambres acerados. Piñón enterizo en acero. Visor en vidrio: elaborado en vidrio transparente de 2mm. Colgante con oreja. Reloj con aro pintado, División: 1 onza, Diámetro del reloj: 21 cm, Sistema Mecánico con lectura por ambos lados, lectura por una cara en kilos y por la otra en libras. | N10: 225000
A11: =($C$2) -> El Charco | B11: Insumo | C11: =+'VERIFICACIÓN CANTIDADES'!D42 -> Cal dolomita proveniente de la pulverización de la roca dolomita. Calcio total (CaO) 35% - Magnesio total (MgO) 16%, pH 9.7. Bulto x 40 kilogramos | D11: =+'VERIFICACIÓN CANTIDADES'!E42 -> Bulto | E11: 30 | F11: =+'ANALISIS COTIZACIONES'!K49 -> 79500 | G11: =+F11*E11 -> 2385000 | M11: Bascula Portátil Electrónica Báscula portátil electrónica, plataforma plegable 100%, Capacidad de pesaje máximo: 500 kg, Protección de sobrepeso, Bandeja reforzado en acero inoxidable, LCD con luz de fondo, Teclado resistente al agua y al aceite, Unidades de pesaje kilogramos, Dimensiones de la bandeja: 45 cm de ancho x 60 cm de largo aproximadamente; Total función de ahorro de energía, Batería recargable, con mínimo 12 meses de garantía. | N11: 605450
A12: =($C$2) -> El Charco | B12: Insumo | C12: =+'VERIFICACIÓN CANTIDADES'!D37 -> Fertilizante complejo, sólido granulado soluble, de color beige pálido. Nitrógeno total (% N) 15%, Fósforo total 15%, Potasio Total 15%, azufre total 10% pH: 6,0 – 7,2. Solubilidad en agua: 90 g/100 ml. Presentación bulto x 50 Kg. | D12: =+'VERIFICACIÓN CANTIDADES'!E37 -> Bulto | E12: 15 | F12: =+'ANALISIS COTIZACIONES'!K44 -> 305000 | G12: =+F12*E12 -> 4575000 | M12: Blower Aireador Solar de 1 HP Kit blower o soplador industrial para aireación de estanques con funcionamiento mediante energía solar, Potencia: 750 watts (1 HP), Función Doble Propósito: inyección de aire oxigenado y extracción de gases nocivos, Voltaje: DC 48 voltios, Caudal: mínimo 25 m³/hora, Cobertura: mínimo 666 m², Material carcasa: plástico ABS, Dimensiones: 16 cm de ancho x 46 cm de alto (+/- 3%), Peso: 14 kg (+/- 3%) Kit Sistema fotovoltaico autónomo compuesto por: 2 paneles solares monocristalinos de 590W. 1 batería ciclo profundo agm 100 amperios y 12 voltios. 1 inversos MPPT 80 amperios con potencia nominal mínima de 3000 watts y tensión nominal de trabajo mínima 12 voltios. 6 conectores mc4 par. 2 breakers AC de 30 amperios. 2 mini breakers DC para el riel DIN 32 amperios 800 voltios. 40 metros de cable polarizado apto para sistemas fotovoltaicos. 1 caja de protección para breakers. 3 cables calibre 2 AWG cada uno de 3 metros de longitud. 4 cables calibre 8AWG cada uno de 3 metros de longitud. 1 Dispositivo de Protección contra Sobretensiones (DPS). | N12: 9772000
A13: =($C$2) -> El Charco | B13: Equipos y herramientas | C13: =+'VERIFICACIÓN CANTIDADES'!D12 -> Fumigadora manual de espalda con una capacidad del Recipiente de 20 Litros en polietileno de alta densidad, capacidad de la cámara de 1 Litro, presión Máxima de Trabajo: 40 PSI (+/- 10%), lanza en acero Inoxidable, con pistón en Latón con posiciones de la Llave: Continua, Intermitente y de bloqueo total. Incluye una boquillas metálica de Cono Hueco (1000 cc), portaboquilla de uso agrícola Universal. | D13: =+'VERIFICACIÓN CANTIDADES'!E12 -> Unidad | E13: 15 | F13: =+'ANALISIS COTIZACIONES'!K14 -> 575000 | G13: =+F13*E13 -> 8625000 | M13: Carrete Cable Acero Plastificado 1/8”, rollo x 200m, configuración de núcleo en acero galvanizado recubierta por una capa que garantiza protección anticorrosiva, peso aprox 9.7 kg, | N13: 420000
A14: =($C$2) -> El Charco | B14: Equipos y herramientas | C14: =+'VERIFICACIÓN CANTIDADES'!D2 -> Azada fabricada de una única pieza templada, en acero carbono de alta calidad, recubierta con pintura electrostática a polvo, lámina de tamaño 2.5 pulgadas, ojo de 38 mm de diámetro, mango de 145 cm en madera barnizada. | D14: =+'VERIFICACIÓN CANTIDADES'!E2 -> Unidad | E14: 15 | F14: =+'ANALISIS COTIZACIONES'!K4 -> 114000 | G14: =+F14*E14 -> 1710000 | M14: Chile (Atarraya de ojo pequeño) para captura de peces tipo carnadas. Material de fabricación: Nylon multifilamento, Radio: 1.7 m, Diámetro: 3.4 m, Grosor del nylon: 0.30 cm apróx, con 5 libras de plomo para su hundimiento, Ojo de malla: 1 pulgada, Circunferencia aproximada: 10 m, Red circular de caída en forma de sombrilla y utilizada al voleo, tipo de cierre: bolsa argolla, con protección contra los rayos del sol - UV | N14: 1130000
A15: =($C$2) -> El Charco | B15: Equipos y herramientas | C15: =+'VERIFICACIÓN CANTIDADES'!D27 -> Tanque de plástico (polietileno) con capacidad de 500 litros para almacenamiento de agua potable diámetro aprox 105 cm, ancho aprox 105 cm, alto aprox 103 cm, con capa interior virgen, avalados por NTC 5022 y NTC 4384, con recubrimiento que evite la producción de algas y bacterias, con aditivo U.V para el bloqueo de rayos ultravioletas. | D15: =+'VERIFICACIÓN CANTIDADES'!E27 -> Unidad | E15: 15 | F15: =+'ANALISIS COTIZACIONES'!K29 -> 305000 | G15: =+F15*E15 -> 4575000 | M15: Chinchorro para Piscicultura 25 x 2,5 m, calibre mínimo 210/12 o equivalente: Aparejo de pesca especial para la captura de peces, Material de fabricación: nylon multifilamento, Ojo de malla de 1 pulgada sin nudo; Flotación con boyas plásticas estándar de color naranja o azul y lastre de plomo que garantice la correcta operación y extensión de red, Con protección contra los rayos del sol – UV. | N15: 3650000
A16: =($C$2) -> El Charco | B16: Equipos y herramientas | C16: =+'VERIFICACIÓN CANTIDADES'!D17 -> Motocultor con motor Diesel de 4T y 296cc con sistema de arranque manual y abarca en promedio unos 400m²/hora con su trabajo de labranza de entre 180 y 300 mm de profundidad y de entre 1050 y 1350 mm de ancho de transmisión por engranajes, clutch de plato húmedo, palanca de cambios con reversa – marcha 2 – neutro – 1, peso de 160 kilogramos, ruedas de 8 pulgadas. | D16: =+'VERIFICACIÓN CANTIDADES'!E17 -> Unidad | E16: 1 | F16: =+'ANALISIS COTIZACIONES'!K19 -> 4930327 | G16: =+F16*E16 -> 4930327 | M16: Discos Secchi para monitoreo de calidad de agua en sistemas piscícolas: Diámetro: 25 centímetros, Material del Cuerpo: Acrílico o polietileno reforzado con perno de acero inoxidable, Dos cuadrantes blancos y dos negros, Cinta o cuerda de 3 metros graduada en milímetros, centímetros y/o metros, Pieza de plomo de 250 gramos para contrapeso, | N16: 320000
A17: =($C$2) -> El Charco | B17: Equipos y herramientas | C17: =+'VERIFICACIÓN CANTIDADES'!D11 -> Fumigadora Estacionaria con motor de 5.5 Hp a Gasolina, con bomba automática para un caudal entre 20 - 40 Litros por minuto, presión entre 145 – 580 PSI | D17: =+'VERIFICACIÓN CANTIDADES'!E11 -> Unidad | E17: 1 | F17: =+'ANALISIS COTIZACIONES'!K13 -> 1637900 | G17: =+F17*E17 -> 1637900 | M17: Electrobomba con Potencia de 1 HP, diámetro de entrada tubería 2.54 cm, Flujo máximo de 55 l/min, altura máxima de succión de 50 m para acceso a agua en pozos profundos. Dimensiones compactas de 26 cm x 15 cm x 12 cm. | N17: 453989
A18: =($C$2) -> El Charco | B18: Equipos y herramientas | C18: =+'VERIFICACIÓN CANTIDADES'!D14 -> Guadaña con motor de dos tiempos con un rango de 40 CC a 45 CC, potencia de 1,6 - 2.2 KW, peso entre 6 - 6.3 kilogramos, presión acústica 90 - 96 dB, vibraciones izquierda/derecha 6,4/3,4 m/s2, cuchilla matorrales, capacidad de depósito 0,64 litros, eje de transmisión rígido, sistema anti vibración de un punto, longitud total (sin herramienta de corte) 190 centímetros, ancho de corte mínimo de 41 a 42 cm con cabezal de nylon. Incluye puñadura ergonómica multifuncional. | D18: =+'VERIFICACIÓN CANTIDADES'!E14 -> Unidad | E18: 1 | F18: =+'ANALISIS COTIZACIONES'!K16 -> 2238000 | G18: =+F18*E18 -> 2238000 | M18: Fumigadora Estacionaria con motor de 5.5 Hp a Gasolina, con bomba automática para un caudal entre 20 - 40 Litros por minuto, presión entre 145 – 580 PSI | N18: 1637900
B19: TOTAL | F19: =+SUM(F9:F18) -> 10519727 | G19: =+SUM(G9:G18) -> 36901227 | M19: Fumigadora manual de espalda con una capacidad del Recipiente de 20 Litros en polietileno de alta densidad, capacidad de la cámara de 1 Litro, presión Máxima de Trabajo: 40 PSI (+/- 10%), lanza en acero Inoxidable, con pistón en Latón con posiciones de la Llave: Continua, Intermitente y de bloqueo total. Incluye una boquillas metálica de Cono Hueco (1000 cc), portaboquilla de uso agrícola Universal. | N19: 575000
M20: Geomembrana para revestimiento de estanques o pozos destinados al cultivo de camarón, fabricada en material sintético impermeable tipo HDPE, LLDPE o equivalente, con protección UV y exposiciones ambientales, resistente al rasgado. Dimensiones: área a cubrir 30 m2, medidas sujetas al requerimiento de la supervisión durante ejecución, espesor mínimo 1.0 mm. | N20: 250000
M21: Guadaña con motor de dos tiempos con un rango de 40 CC a 45 CC, potencia de 1,6 - 2.2 KW, peso entre 6 - 6.3 kilogramos, presión acústica 90 - 96 dB, vibraciones izquierda/derecha 6,4/3,4 m/s2, cuchilla matorrales, capacidad de depósito 0,64 litros, eje de transmisión rígido, sistema anti vibración de un punto, longitud total (sin herramienta de corte) 190 centímetros, ancho de corte mínimo de 41 a 42 cm con cabezal de nylon. Incluye puñadura ergonómica multifuncional. | N21: 2238000
M22: Kit de protección para fumigación, avalado por la NTC 5040 aplicable a cada componente, contiene escafandra laborada en tela anti-fluidos 90% poliéster, 10% acrilatopara repeler líquidos, mascarilla desechable con protección respiratoria de 3 capas de fieltro con filtro de carbón activado, gafas ajustables con protección UV y antiempañantes, guantes fabricados en nitrilo, camisa elaborada en tela anti-fluidos 90% poliéster ,10% acrilato y pantalón en tela antifluidos 90% poliéster, 10% acrílico. Disponibilidad de tallas variadas. Disponibilidad de tallas variadas. | N22: 211000
M23: Kit multiparamétrico para análisis de calidad de agua dulce en sistemas piscícolas, capaz de medir como mínimo pH, pH de alto rango, amoníaco, nitrito, nitrato, oxígeno y dureza. El kit deberá permitir la realización de mínimo 900 pruebas en total, mediante método colorimétrico o equivalente, e incluir todos los reactivos, recipientes, comparadores e insumos necesarios para su operación. Contenido mínimo de las pruebas: Amoniaco: Mínimo 130 pruebas Nitrato: Mínimo 90 pruebas. Nitrito: Mínimo 90 pruebas. Dureza: Mínimo 130 pruebas. pH: Mínimo 250 pruebas. pH de alto rango: Mínimo 160 pruebas. Oxigeno: Mínimo 50 pruebas. Nota: Los reactivos deberán contar con fecha de vencimiento vigente y remanente mínima del 70% al momento de la entrega. El producto deberá suministrarse con manual o instructivo y en perfectas condiciones. Deberá contar con los accesorios de ensayo correspondientes. | N23: 420000
M24: Motocultor con motor Diesel de 4T y 296cc con sistema de arranque manual y abarca en promedio unos 400m²/hora con su trabajo de labranza de entre 180 y 300 mm de profundidad y de entre 1050 y 1350 mm de ancho de transmisión por engranajes, clutch de plato húmedo, palanca de cambios con reversa – marcha 2 – neutro – 1, peso de 160 kilogramos, ruedas de 8 pulgadas. | N24: 4930327
M25: Malla pajarera de 1.80 m de ancho por 50 m de largo, fabricada en polipropileno de alta densidad. | N25: 83000
M26: Manguera 1/2 polietileno con una longitud de 100 M para soportar una presión de 120 Psi, fabricada con un 70% de material recuperado y un 30% de material virgen | N26: 200000
M27: Medidor Portátil de Oxígeno disuelto y temperatura de agua con sonda óptica (4-5mt de longitud), cubierta hermética, Pantalla digital, Fuente de corriente pila de 9 voltios, Estuche del medidor: con IP 67 a prueba de agua, Función de apagado automático después de 30 minutos de inactividad, 50-60 conjunto de datos revisable de memoria, Indicador de batería baja con duración de batería de mínimo 500 horas, Dimensiones (ancho x profundo x alto) 18,7-19,0 cm x 7,6-7,8 cm x 3,8-4,0 cm; Debe incluir: dos pilas, manual de instrucciones en idioma español (impreso y en CD o en formato digital), Set de calibración, 6 membranas de reemplazo, estuche de transporte rígido con espacio para medidor y sonda; con garantía mínimo un (1) año. | N27: 6880000
M28: Motosierra a gasolina de cilindrada 72.2 centímetros cúbicos y potencia de 5.23 hp, logro 3,9 kW, peso de la unidad sin combustible de 6,2 kg con una relación peso/potencia de 1,6 kg/kW, para una longitud de la espada 37-75 cm 3, longitud con tope de garra 450 mm, nivel de presión sonora 106 dB, potencia acústica 117 dB. | N28: 2065900
M29: Nasas para muestreo y pesca, fabricada con malla sin nudo de ½” (12.7mm aprox) o equivalente. Estructura fabricada en aluminio, aro de forma cuadrada u ovalada con dimensión comprendida entre 38-55cm, longitud mínima del mango entre 65-90 cm de largo, profundidad del saco entre 35-50 cm. | N29: 248088
M30: Overol impermeable con botas incorporadas para labores de pesca y piscicultura, fabricado en material impermeable de alta resistencia, con recubrimiento en PVC o material equivalente, doble costura y selladas. Selló de todas las costuras y doble TAPED los puntos débiles que tiene más fricción en el uso para mantenerte seco al hacer trabajos de pesca. Las botas deberán ser impermeables y contar con suela antideslizante. Disponibilidad variada de tallas en ambos componentes. | N30: 374182
M31: Pala redonda en acero forjado de alta durabilidad Ancho aprox 26 cm, alto aprox 145 cm, espesor aprox 0.16 cm, con cabo de madera y manija plástica con un peso aproximado de 1 kilogramos. | N31: 60000
... M55: Semillas para palmas de coco con desarrollo de raíz germinativo y tallo mínimo con 4 hojas. Las semillas deben provenir de viveros certificados por el ICA. | N55: 19600

Sheet Papa china Magui
B2: Municipio | C2: =('INFO GENERAL'!B4) -> El Charco
C3: ='INFO GENERAL'!B7 -> Santa Barbara de iscuandé
B4: =('INFO GENERAL'!E2) -> Número de beneficiarios | C4: =('INFO GENERAL'!E7) -> 15
B5: Tope presupuestal | C5: =('INFO GENERAL'!D7) -> 36916227
B6: Saldo presupuestal | C6: =(C5-G19) -> 15000
B8: TIPO | C8: DESCRIPCION | D8: UNIDAD DE MEDIDA | E8: CANTIDAD | F8: VALOR UNITARIO | G8: VALOR TOTAL
A9: =($C$3) -> Santa Barbara de iscuandé | B9: Insumo | C9: =+'VERIFICACIÓN CANTIDADES'!D28 -> Abono orgánico mezclado con materiales de origen orgánico animal y vegetal que han sido sometidos a un proceso de compostaje y maduración, con una composición mínima de nitrógeno al 1,5%, Fosforo asimilable al 4% y Potasio soluble al 3,5%, Calcio (CaO) 10%, Magnesio total (MgO) 1.3%, Carbono orgánico oxidable 19% . Bulto x 40 kg. | D9: =+'VERIFICACIÓN CANTIDADES'!E28 -> Bulto | E9: 30 | F9: =+'ANALISIS COTIZACIONES'!K35 -> 80000 | G9: =+F9*E9 -> 2400000
A10: =($C$3) -> Santa Barbara de iscuandé | B10: Insumo | C10: =+'VERIFICACIÓN CANTIDADES'!D40 -> Herbicida foliar no selectivo con ingrediente activo paraquat al 20%, herbicida post-emergente de contacto no selectivo, ideal para controlar rápidamente malezas de hoja ancha y gramíneas, resistente a la lluvia y se inactiva al contacto con el suelo. Densidad 1.070-1.084 g/ml, pH 4-7, contenido paraquat 188-212 g/l, Categoría II. Presentación Caneca x 5 galones. | D10: =+'VERIFICACIÓN CANTIDADES'!E40 -> Caneca | E10: 15 | F10: =+'ANALISIS COTIZACIONES'!K47 -> 255000 | G10: =+F10*E10 -> 3825000
A11: =($C$3) -> Santa Barbara de iscuandé | B11: Insumo | C11: =+'VERIFICACIÓN CANTIDADES'!D42 -> Cal dolomita proveniente de la pulverización de la roca dolomita. Calcio total (CaO) 35% - Magnesio total (MgO) 16%, pH 9.7. Bulto x 40 kilogramos | D11: =+'VERIFICACIÓN CANTIDADES'!E42 -> Bulto | E11: 30 | F11: =+'ANALISIS COTIZACIONES'!K49 -> 79500 | G11: =+F11*E11 -> 2385000
A12: =($C$3) -> Santa Barbara de iscuandé | B12: Insumo | C12: =+'VERIFICACIÓN CANTIDADES'!D37 -> Fertilizante complejo, sólido granulado soluble, de color beige pálido. Nitrógeno total (% N) 15%, Fósforo total 15%, Potasio Total 15%, azufre total 10% pH: 6,0 – 7,2. Solubilidad en agua: 90 g/100 ml. Presentación bulto x 50 Kg. | D12: =+'VERIFICACIÓN CANTIDADES'!E37 -> Bulto | E12: 15 | F12: =+'ANALISIS COTIZACIONES'!K44 -> 305000 | G12: =+F12*E12 -> 4575000
A13: =($C$3) -> Santa Barbara de iscuandé | B13: Equipos y herramientas | C13: =+'VERIFICACIÓN CANTIDADES'!D2 -> Azada fabricada de una única pieza templada, en acero carbono de alta calidad, recubierta con pintura electrostática a polvo, lámina de tamaño 2.5 pulgadas, ojo de 38 mm de diámetro, mango de 145 cm en madera barnizada. | D13: =+'VERIFICACIÓN CANTIDADES'!E2 -> Unidad | E13: 15 | F13: =+'ANALISIS COTIZACIONES'!K4 -> 114000 | G13: =+F13*E13 -> 1710000
A14: =($C$3) -> Santa Barbara de iscuandé | B14: Equipos y herramientas | C14: =+'VERIFICACIÓN CANTIDADES'!D27 -> Tanque de plástico (polietileno) con capacidad de 500 litros para almacenamiento de agua potable diámetro aprox 105 cm, ancho aprox 105 cm, alto aprox 103 cm, con capa interior virgen, avalados por NTC 5022 y NTC 4384, con recubrimiento que evite la producción de algas y bacterias, con aditivo U.V para el bloqueo de rayos ultravioletas. | D14: =+'VERIFICACIÓN CANTIDADES'!E27 -> Unidad | E14: 15 | F14: =+'ANALISIS COTIZACIONES'!K29 -> 305000 | G14: =+F14*E14 -> 4575000
A15: =($C$3) -> Santa Barbara de iscuandé | B15: Equipos y herramientas | C15: =+'VERIFICACIÓN CANTIDADES'!D12 -> Fumigadora manual de espalda con una capacidad del Recipiente de 20 Litros en polietileno de alta densidad, capacidad de la cámara de 1 Litro, presión Máxima de Trabajo: 40 PSI (+/- 10%), lanza en acero Inoxidable, con pistón en Latón con posiciones de la Llave: Continua, Intermitente y de bloqueo total. Incluye una boquillas metálica de Cono Hueco (1000 cc), portaboquilla de uso agrícola Universal. | D15: =+'VERIFICACIÓN CANTIDADES'!E12 -> Unidad | E15: 15 | F15: =+'ANALISIS COTIZACIONES'!K14 -> 575000 | G15: =+F15*E15 -> 8625000
A16: =($C$3) -> Santa Barbara de iscuandé | B16: Equipos y herramientas | C16: =+'VERIFICACIÓN CANTIDADES'!D17 -> Motocultor con motor Diesel de 4T y 296cc con sistema de arranque manual y abarca en promedio unos 400m²/hora con su trabajo de labranza de entre 180 y 300 mm de profundidad y de entre 1050 y 1350 mm de ancho de transmisión por engranajes, clutch de plato húmedo, palanca de cambios con reversa – marcha 2 – neutro – 1, peso de 160 kilogramos, ruedas de 8 pulgadas. | D16: =+'VERIFICACIÓN CANTIDADES'!E17 -> Unidad | E16: 1 | F16: =+'ANALISIS COTIZACIONES'!K19 -> 4930327 | G16: =+F16*E16 -> 4930327
A17: =($C$3) -> Santa Barbara de iscuandé | B17: Equipos y herramientas | C17: =+'VERIFICACIÓN CANTIDADES'!D11 -> Fumigadora Estacionaria con motor de 5.5 Hp a Gasolina, con bomba automática para un caudal entre 20 - 40 Litros por minuto, presión entre 145 – 580 PSI | D17: =+'VERIFICACIÓN CANTIDADES'!E11 -> Unidad | E17: 1 | F17: =+'ANALISIS COTIZACIONES'!K13 -> 1637900 | G17: =+F17*E17 -> 1637900
A18: =($C$3) -> Santa Barbara de iscuandé | B18: Equipos y herramientas | C18: =+'VERIFICACIÓN CANTIDADES'!D14 -> Guadaña con motor de dos tiempos con un rango de 40 CC a 45 CC, potencia de 1,6 - 2.2 KW, peso entre 6 - 6.3 kilogramos, presión acústica 90 - 96 dB, vibraciones izquierda/derecha 6,4/3,4 m/s2, cuchilla matorrales, capacidad de depósito 0,64 litros, eje de transmisión rígido, sistema anti vibración de un punto, longitud total (sin herramienta de corte) 190 centímetros, ancho de corte mínimo de 41 a 42 cm con cabezal de nylon. Incluye puñadura ergonómica multifuncional. | D18: =+'VERIFICACIÓN CANTIDADES'!E14 -> Unidad | E18: 1 | F18: =+'ANALISIS COTIZACIONES'!K16 -> 2238000 | G18: =+F18*E18 -> 2238000
B19: TOTAL | F19: =+SUM(F9:F18) -> 10519727 | G19: =+SUM(G9:G18) -> 36901227

Sheet Coco
B2: Municipio | C2: =('INFO GENERAL'!B5) -> Mosquera
B3: =('INFO GENERAL'!E2) -> Número de beneficiarios | C3: =('INFO GENERAL'!E7) -> 15
B4: Tope presupuestal | C4: =('INFO GENERAL'!D5) -> 36916227
B5: Saldo presupuestal | C5: =(C4-G20) -> 17
B8: TIPO | C8: DESCRIPCION | D8: UNIDAD DE MEDIDA | E8: CANTIDAD | F8: VALOR UNITARIO | G8: VALOR TOTAL
A9: =($C$2) -> Mosquera | B9: Insumo | C9: =+'VERIFICACIÓN CANTIDADES'!D36 -> Feromonas de Segregación Rhynchophorol C. Feromona sintética imitante de la señal química del compuesto orgánico secretado por los machos de la especie mencionada para atraer individuos de ambos sexos y de esta forma capturarlos en el trampeo masivo. Sobre x 0,5 ml. | D9: =+'VERIFICACIÓN CANTIDADES'!E36 -> Unidad | E9: 30 | F9: =+'ANALISIS COTIZACIONES'!K43 -> 20127 | G9: =+F9*E9 -> 603810
A10: =($C$2) -> Mosquera | B10: Insumo | C10: =+'VERIFICACIÓN CANTIDADES'!D43 -> Melaza de Caña Liquida como producto derivado de la caña de azúcar, con aspecto de color marrón oscuro, líquido denso y viscoso, de sabor dulce y ligeramente amargo. Composición: Azucares Totales mínimo 48%, cenizas sulfatadas máximo 16%, grados °brix 85. Presentación Bulto x 30 kg. | D10: =+'VERIFICACIÓN CANTIDADES'!E43 -> Bulto | E10: 15 | F10: =+'ANALISIS COTIZACIONES'!K50 -> 38400 | G10: =+F10*E10 -> 576000
A11: =($C$2) -> Mosquera | B11: Insumo | C11: =+'VERIFICACIÓN CANTIDADES'!D41 -> Insecticida piretroide, con principio activo Lambdacialotrina al 2,5% CE, Densidad: 0,800 +/- 0,010 g/mL pH: 6,0 – 8,0. Presentación en litro. | D11: =+'VERIFICACIÓN CANTIDADES'!E41 -> litro | E11: 15 | F11: =+'ANALISIS COTIZACIONES'!K48 -> 48200 | G11: =+F11*E11 -> 723000
A12: =($C$2) -> Mosquera | B12: Insumo | C12: =+'VERIFICACIÓN CANTIDADES'!D45 -> Recipiente bidón plástico con capacidad de 20 litros, para el transporte de líquidos, compatibles con productos químicos, fitosanitarios, agroquímicos. Fabricados con polietileno de alta densidad, grosor constante en todas las áreas del envase. | D12: =+'VERIFICACIÓN CANTIDADES'!E45 -> Unidad | E12: 30 | F12: =+'ANALISIS COTIZACIONES'!K52 -> 20150 | G12: =+F12*E12 -> 604500
A13: =($C$2) -> Mosquera | B13: Insumo | C13: =+'VERIFICACIÓN CANTIDADES'!D46 -> Saco Fique Granel de 70cm X 95cm - tejido 20/20. | D13: =+'VERIFICACIÓN CANTIDADES'!E46 -> Unidad | E13: 30 | F13: =+'ANALISIS COTIZACIONES'!K53 -> 17000 | G13: =+F13*E13 -> 510000
A14: =($C$2) -> Mosquera | B14: Insumo | C14: =+'VERIFICACIÓN CANTIDADES'!D48 -> Semillas para palmas de coco con desarrollo de raíz germinativo y tallo mínimo con 4 hojas. Las semillas deben provenir de viveros certificados por el ICA. | D14: =+'VERIFICACIÓN CANTIDADES'!E48 -> Unidad | E14: 675 | F14: =+'ANALISIS COTIZACIONES'!K55 -> 19600 | G14: =+F14*E14 -> 13230000
A15: =($C$2) -> Mosquera | B15: Equipos y herramientas | C15: =+'VERIFICACIÓN CANTIDADES'!D27 -> Tanque de plástico (polietileno) con capacidad de 500 litros para almacenamiento de agua potable diámetro aprox 105 cm, ancho aprox 105 cm, alto aprox 103 cm, con capa interior virgen, avalados por NTC 5022 y NTC 4384, con recubrimiento que evite la producción de algas y bacterias, con aditivo U.V para el bloqueo de rayos ultravioletas. | D15: =+'VERIFICACIÓN CANTIDADES'!E27 -> Unidad | E15: 15 | F15: =+'ANALISIS COTIZACIONES'!K29 -> 305000 | G15: =+F15*E15 -> 4575000
A16: =($C$2) -> Mosquera | B16: Equipos y herramientas | C16: =+'VERIFICACIÓN CANTIDADES'!D15 -> Kit de protección para fumigación, avalado por la NTC 5040 aplicable a cada componente, contiene escafandra laborada en tela anti-fluidos 90% poliéster, 10% acrilatopara repeler líquidos, mascarilla desechable con protección respiratoria de 3 capas de fieltro con filtro de carbón activado, gafas ajustables con protección UV y antiempañantes, guantes fabricados en nitrilo, camisa elaborada en tela anti-fluidos 90% poliéster ,10% acrilato y pantalón en tela antifluidos 90% poliéster, 10% acrílico. Disponibilidad de tallas variadas. Disponibilidad de tallas variadas. | D16: =+'VERIFICACIÓN CANTIDADES'!E15 -> Unidad | E16: 15 | F16: =+'ANALISIS COTIZACIONES'!K17 -> 211000 | G16: =+F16*E16 -> 3165000
A17: =($C$2) -> Mosquera | B17: Equipos y herramientas | C17: =+'VERIFICACIÓN CANTIDADES'!D12 -> Fumigadora manual de espalda con una capacidad del Recipiente de 20 Litros en polietileno de alta densidad, capacidad de la cámara de 1 Litro, presión Máxima de Trabajo: 40 PSI (+/- 10%), lanza en acero Inoxidable, con pistón en Latón con posiciones de la Llave: Continua, Intermitente y de bloqueo total. Incluye una boquillas metálica de Cono Hueco (1000 cc), portaboquilla de uso agrícola Universal. | D17: =+'VERIFICACIÓN CANTIDADES'!E12 -> Unidad | E17: 15 | F17: =+'ANALISIS COTIZACIONES'!K14 -> 575000 | G17: =+F17*E17 -> 8625000
A18: =($C$2) -> Mosquera | B18: Equipos y herramientas | C18: =+'VERIFICACIÓN CANTIDADES'!D21 -> Motosierra a gasolina de cilindrada 72.2 centímetros cúbicos y potencia de 5.23 hp, logro 3,9 kW, peso de la unidad sin combustible de 6,2 kg con una relación peso/potencia de 1,6 kg/kW, para una longitud de la espada 37-75 cm 3, longitud con tope de garra 450 mm, nivel de presión sonora 106 dB, potencia acústica 117 dB. | D18: =+'VERIFICACIÓN CANTIDADES'!E21 -> Unidad | E18: 1 | F18: =+'ANALISIS COTIZACIONES'!K23 -> 2065900 | G18: =+F18*E18 -> 2065900
A19: =($C$2) -> Mosquera | B19: Equipos y herramientas | C19: =+'VERIFICACIÓN CANTIDADES'!D14 -> Guadaña con motor de dos tiempos con un rango de 40 CC a 45 CC, potencia de 1,6 - 2.2 KW, peso entre 6 - 6.3 kilogramos, presión acústica 90 - 96 dB, vibraciones izquierda/derecha 6,4/3,4 m/s2, cuchilla matorrales, capacidad de depósito 0,64 litros, eje de transmisión rígido, sistema anti vibración de un punto, longitud total (sin herramienta de corte) 190 centímetros, ancho de corte mínimo de 41 a 42 cm con cabezal de nylon. Incluye puñadura ergonómica multifuncional. | D19: =+'VERIFICACIÓN CANTIDADES'!E14 -> Unidad | E19: 1 | F19: =+'ANALISIS COTIZACIONES'!K16 -> 2238000 | G19: =+F19*E19 -> 2238000
B20: TOTAL | F20: =+SUM(F9:F19) -> 5558377 | G20: =+SUM(G9:G19) -> 36916210

Sheet Plátano La Tola
A2: Municipio | B2: =('INFO GENERAL'!B6) -> Olaya Herrera
A3: Número de beneficiarios | B3: =('INFO GENERAL'!E6) -> 15
A4: Tope presupuestal | B4: =('INFO GENERAL'!D6) -> 36916227 | C4: SE EXCEDE
A5: Saldo presupuestal | B5: =(B4-G18) -> -89998
B7: TIPO | C7: DESCRIPCION | D7: UNIDAD DE MEDIDA | E7: CANTIDAD | F7: VALOR UNITARIO | G7: VALOR TOTAL
A8: La Tola | B8: Insumo | C8: =+'VERIFICACIÓN CANTIDADES'!D42 -> Cal dolomita proveniente de la pulverización de la roca dolomita. Calcio total (CaO) 35% - Magnesio total (MgO) 16%, pH 9.7. Bulto x 40 kilogramos | D8: =+'VERIFICACIÓN CANTIDADES'!E42 -> Bulto | E8: 30 | F8: =+'ANALISIS COTIZACIONES'!K49 -> 79500 | G8: =+F8*E8 -> 2385000
A9: La Tola | B9: Insumo | C9: =+'VERIFICACIÓN CANTIDADES'!D38 -> Fertilizante completo formulado 17-6-18-2, con una composición Nitrógeno Total (N) 17%, Fósforo 6%, Potasio 18%, Magnesio total 2%. Presentación bulto x 50 Kg. | D9: =+'VERIFICACIÓN CANTIDADES'!E38 -> Bulto | E9: 15 | F9: =+'ANALISIS COTIZACIONES'!K45 -> 245000 | G9: =+F9*E9 -> 3675000
A10: La Tola | B10: Insumo | C10: =+'VERIFICACIÓN CANTIDADES'!D40 -> Herbicida foliar no selectivo con ingrediente activo paraquat al 20%, herbicida post-emergente de contacto no selectivo, ideal para controlar rápidamente malezas de hoja ancha y gramíneas, resistente a la lluvia y se inactiva al contacto con el suelo. Densidad 1.070-1.084 g/ml, pH 4-7, contenido paraquat 188-212 g/l, Categoría II. Presentación Caneca x 5 galones. | D10: =+'VERIFICACIÓN CANTIDADES'!E40 -> Caneca | E10: 15 | F10: =+'ANALISIS COTIZACIONES'!K47 -> 255000 | G10: =+F10*E10 -> 3825000
A11: La Tola | B11: Insumo | C11: =+'VERIFICACIÓN CANTIDADES'!D39 -> Fungicida sistémico de aplicación foliar para el control de la sigatoka negra y botrytis su ingrediente activo es Pyrimethanil que inhibe la secreción de encimas. Presentación envase plástico x litro. | D11: =+'VERIFICACIÓN CANTIDADES'!E39 -> Litro | E11: 15 | F11: =+'ANALISIS COTIZACIONES'!K46 -> 131035 | G11: =+F11*E11 -> 1965525
A12: La Tola | B12: Equipos y herramientas | C12: =+'VERIFICACIÓN CANTIDADES'!D2 -> Azada fabricada de una única pieza templada, en acero carbono de alta calidad, recubierta con pintura electrostática a polvo, lámina de tamaño 2.5 pulgadas, ojo de 38 mm de diámetro, mango de 145 cm en madera barnizada. | D12: =+'VERIFICACIÓN CANTIDADES'!E2 -> Unidad | E12: 15 | F12: =+'ANALISIS COTIZACIONES'!K4 -> 114000 | G12: =+F12*E12 -> 1710000
A13: La Tola | B13: Equipos y herramientas | C13: =+'VERIFICACIÓN CANTIDADES'!D12 -> Fumigadora manual de espalda con una capacidad del Recipiente de 20 Litros en polietileno de alta densidad, capacidad de la cámara de 1 Litro, presión Máxima de Trabajo: 40 PSI (+/- 10%), lanza en acero Inoxidable, con pistón en Latón con posiciones de la Llave: Continua, Intermitente y de bloqueo total. Incluye una boquillas metálica de Cono Hueco (1000 cc), portaboquilla de uso agrícola Universal. | D13: =+'VERIFICACIÓN CANTIDADES'!E12 -> Unidad | E13: 15 | F13: =+'ANALISIS COTIZACIONES'!K14 -> 575000 | G13: =+F13*E13 -> 8625000
A14: La Tola | B14: Equipos y herramientas | C14: =+'VERIFICACIÓN CANTIDADES'!D27 -> Tanque de plástico (polietileno) con capacidad de 500 litros para almacenamiento de agua potable diámetro aprox 105 cm, ancho aprox 105 cm, alto aprox 103 cm, con capa interior virgen, avalados por NTC 5022 y NTC 4384, con recubrimiento que evite la producción de algas y bacterias, con aditivo U.V para el bloqueo de rayos ultravioletas. | D14: =+'VERIFICACIÓN CANTIDADES'!E27 -> Unidad | E14: 15 | F14: =+'ANALISIS COTIZACIONES'!K29 -> 305000 | G14: =+F14*E14 -> 4575000
A15: La Tola | B15: Equipos y herramientas | C15: =+'VERIFICACIÓN CANTIDADES'!D11 -> Fumigadora Estacionaria con motor de 5.5 Hp a Gasolina, con bomba automática para un caudal entre 20 - 40 Litros por minuto, presión entre 145 – 580 PSI | D15: =+'VERIFICACIÓN CANTIDADES'!E11 -> Unidad | E15: 1 | F15: =+'ANALISIS COTIZACIONES'!K13 -> 1637900 | G15: =+F15*E15 -> 1637900
A16: La Tola | B16: Equipos y herramientas | C16: =+'VERIFICACIÓN CANTIDADES'!D21 -> Motosierra a gasolina de cilindrada 72.2 centímetros cúbicos y potencia de 5.23 hp, logro 3,9 kW, peso de la unidad sin combustible de 6,2 kg con una relación peso/potencia de 1,6 kg/kW, para una longitud de la espada 37-75 cm 3, longitud con tope de garra 450 mm, nivel de presión sonora 106 dB, potencia acústica 117 dB. | D16: =+'VERIFICACIÓN CANTIDADES'!E21 -> Unidad | E16: 2 | F16: =+'ANALISIS COTIZACIONES'!K23 -> 2065900 | G16: =+F16*E16 -> 4131800
A17: La Tola | B17: Equipos y herramientas | C17: =+'VERIFICACIÓN CANTIDADES'!D14 -> Guadaña con motor de dos tiempos con un rango de 40 CC a 45 CC, potencia de 1,6 - 2.2 KW, peso entre 6 - 6.3 kilogramos, presión acústica 90 - 96 dB, vibraciones izquierda/derecha 6,4/3,4 m/s2, cuchilla matorrales, capacidad de depósito 0,64 litros, eje de transmisión rígido, sistema anti vibración de un punto, longitud total (sin herramienta de corte) 190 centímetros, ancho de corte mínimo de 41 a 42 cm con cabezal de nylon. Incluye puñadura ergonómica multifuncional. | D17: =+'VERIFICACIÓN CANTIDADES'!E14 -> Unidad | E17: 2 | F17: =+'ANALISIS COTIZACIONES'!K16 -> 2238000 | G17: =+F17*E17 -> 4476000
B18: TOTAL | F18: =+SUM(F8:F17) -> 7646335 | G18: =+SUM(G8:G17) -> 37006225

Sheet Plátano Olaya Herrera
A2: Municipio | B2: =('INFO GENERAL'!B6) -> Olaya Herrera
A3: Número de beneficiarios | B3: =('INFO GENERAL'!E6) -> 15
A4: Tope presupuestal | B4: =('INFO GENERAL'!D6) -> 36916227 | C4: SE EXCEDE
A5: Saldo presupuestal | B5: =(B4-G18) -> -89998
B7: TIPO | C7: DESCRIPCION | D7: UNIDAD DE MEDIDA | E7: CANTIDAD | F7: VALOR UNITARIO | G7: VALOR TOTAL
A8: =($B$2) -> Olaya Herrera | B8: Insumo | C8: =+'VERIFICACIÓN CANTIDADES'!D42 -> Cal dolomita proveniente de la pulverización de la roca dolomita. Calcio total (CaO) 35% - Magnesio total (MgO) 16%, pH 9.7. Bulto x 40 kilogramos | D8: =+'VERIFICACIÓN CANTIDADES'!E42 -> Bulto | E8: 30 | F8: =+'ANALISIS COTIZACIONES'!K49 -> 79500 | G8: =+F8*E8 -> 2385000
A9: =($B$2) -> Olaya Herrera | B9: Insumo | C9: =+'VERIFICACIÓN CANTIDADES'!D38 -> Fertilizante completo formulado 17-6-18-2, con una composición Nitrógeno Total (N) 17%, Fósforo 6%, Potasio 18%, Magnesio total 2%. Presentación bulto x 50 Kg. | D9: =+'VERIFICACIÓN CANTIDADES'!E38 -> Bulto | E9: 15 | F9: =+'ANALISIS COTIZACIONES'!K45 -> 245000 | G9: =+F9*E9 -> 3675000
A10: =($B$2) -> Olaya Herrera | B10: Insumo | C10: =+'VERIFICACIÓN CANTIDADES'!D40 -> Herbicida foliar no selectivo con ingrediente activo paraquat al 20%, herbicida post-emergente de contacto no selectivo, ideal para controlar rápidamente malezas de hoja ancha y gramíneas, resistente a la lluvia y se inactiva al contacto con el suelo. Densidad 1.070-1.084 g/ml, pH 4-7, contenido paraquat 188-212 g/l, Categoría II. Presentación Caneca x 5 galones. | D10: =+'VERIFICACIÓN CANTIDADES'!E40 -> Caneca | E10: 15 | F10: =+'ANALISIS COTIZACIONES'!K47 -> 255000 | G10: =+F10*E10 -> 3825000
A11: =($B$2) -> Olaya Herrera | B11: Insumo | C11: =+'VERIFICACIÓN CANTIDADES'!D39 -> Fungicida sistémico de aplicación foliar para el control de la sigatoka negra y botrytis su ingrediente activo es Pyrimethanil que inhibe la secreción de encimas. Presentación envase plástico x litro. | D11: =+'VERIFICACIÓN CANTIDADES'!E39 -> Litro | E11: 15 | F11: =+'ANALISIS COTIZACIONES'!K46 -> 131035 | G11: =+F11*E11 -> 1965525
A12: =($B$2) -> Olaya Herrera | B12: Equipos y herramientas | C12: =+'VERIFICACIÓN CANTIDADES'!D2 -> Azada fabricada de una única pieza templada, en acero carbono de alta calidad, recubierta con pintura electrostática a polvo, lámina de tamaño 2.5 pulgadas, ojo de 38 mm de diámetro, mango de 145 cm en madera barnizada. | D12: =+'VERIFICACIÓN CANTIDADES'!E2 -> Unidad | E12: 15 | F12: =+'ANALISIS COTIZACIONES'!K4 -> 114000 | G12: =+F12*E12 -> 1710000
A13: =($B$2) -> Olaya Herrera | B13: Equipos y herramientas | C13: =+'VERIFICACIÓN CANTIDADES'!D12 -> Fumigadora manual de espalda con una capacidad del Recipiente de 20 Litros en polietileno de alta densidad, capacidad de la cámara de 1 Litro, presión Máxima de Trabajo: 40 PSI (+/- 10%), lanza en acero Inoxidable, con pistón en Latón con posiciones de la Llave: Continua, Intermitente y de bloqueo total. Incluye una boquillas metálica de Cono Hueco (1000 cc), portaboquilla de uso agrícola Universal. | D13: =+'VERIFICACIÓN CANTIDADES'!E12 -> Unidad | E13: 15 | F13: =+'ANALISIS COTIZACIONES'!K14 -> 575000 | G13: =+F13*E13 -> 8625000
A14: =($B$2) -> Olaya Herrera | B14: Equipos y herramientas | C14: =+'VERIFICACIÓN CANTIDADES'!D27 -> Tanque de plástico (polietileno) con capacidad de 500 litros para almacenamiento de agua potable diámetro aprox 105 cm, ancho aprox 105 cm, alto aprox 103 cm, con capa interior virgen, avalados por NTC 5022 y NTC 4384, con recubrimiento que evite la producción de algas y bacterias, con aditivo U.V para el bloqueo de rayos ultravioletas. | D14: =+'VERIFICACIÓN CANTIDADES'!E27 -> Unidad | E14: 15 | F14: =+'ANALISIS COTIZACIONES'!K29 -> 305000 | G14: =+F14*E14 -> 4575000
A15: =($B$2) -> Olaya Herrera | B15: Equipos y herramientas | C15: =+'VERIFICACIÓN CANTIDADES'!D11 -> Fumigadora Estacionaria con motor de 5.5 Hp a Gasolina, con bomba automática para un caudal entre 20 - 40 Litros por minuto, presión entre 145 – 580 PSI | D15: =+'VERIFICACIÓN CANTIDADES'!E11 -> Unidad | E15: 1 | F15: =+'ANALISIS COTIZACIONES'!K13 -> 1637900 | G15: =+F15*E15 -> 1637900
A16: =($B$2) -> Olaya Herrera | B16: Equipos y herramientas | C16: =+'VERIFICACIÓN CANTIDADES'!D21 -> Motosierra a gasolina de cilindrada 72.2 centímetros cúbicos y potencia de 5.23 hp, logro 3,9 kW, peso de la unidad sin combustible de 6,2 kg con una relación peso/potencia de 1,6 kg/kW, para una longitud de la espada 37-75 cm 3, longitud con tope de garra 450 mm, nivel de presión sonora 106 dB, potencia acústica 117 dB. | D16: =+'VERIFICACIÓN CANTIDADES'!E21 -> Unidad | E16: 2 | F16: =+'ANALISIS COTIZACIONES'!K23 -> 2065900 | G16: =+F16*E16 -> 4131800
A17: =($B$2) -> Olaya Herrera | B17: Equipos y herramientas | C17: =+'VERIFICACIÓN CANTIDADES'!D14 -> Guadaña con motor de dos tiempos con un rango de 40 CC a 45 CC, potencia de 1,6 - 2.2 KW, peso entre 6 - 6.3 kilogramos, presión acústica 90 - 96 dB, vibraciones izquierda/derecha 6,4/3,4 m/s2, cuchilla matorrales, capacidad de depósito 0,64 litros, eje de transmisión rígido, sistema anti vibración de un punto, longitud total (sin herramienta de corte) 190 centímetros, ancho de corte mínimo de 41 a 42 cm con cabezal de nylon. Incluye puñadura ergonómica multifuncional. | D17: =+'VERIFICACIÓN CANTIDADES'!E14 -> Unidad | E17: 2 | F17: =+'ANALISIS COTIZACIONES'!K16 -> 2238000 | G17: =+F17*E17 -> 4476000
B18: TOTAL | F18: =+SUM(F8:F17) -> 7646335 | G18: =+SUM(G8:G17) -> 37006225

Sheet Camarón
C2: Municipio | D2: =('INFO GENERAL'!B8) -> Tumaco
C3: =('INFO GENERAL'!E2) -> Número de beneficiarios | D3: =('INFO GENERAL'!E8) -> 35
C4: Tope presupuestal | D4: =('INFO GENERAL'!D8) -> 35000000
C5: Saldo presupuestal | D5: =(D4-G23) -> 1491211
B8: PRESUPUESTO MATERIALES CRIA CAMARON CHAMBERO
B9: TIPO | C9: DESCRIPCION | D9: UNIDAD DE MEDIDA | E9: CANTIDAD | F9: VALOR UNITARIO | G9: VALOR TOTAL
A10: =($D$2) -> Tumaco | B10: Insumo | C10: =+'VERIFICACIÓN CANTIDADES'!D31 -> Concentrado para camarón, durante las etapas de levante y finalización,. Proteína (MIN) 35.0%, Grasa (MIN) 5.0%, fibra (MIN) 5.0%, ceniza (MÁX) 12%, humedad (MÁX) 13.0%, presentación bulto x 40 kg | D10: =+'VERIFICACIÓN CANTIDADES'!E31 -> Bulto | E10: 70 | F10: =+'ANALISIS COTIZACIONES'!K38 -> 155000 | G10: =+F10*E10 -> 10850000
A11: =($D$2) -> Tumaco | B11: Insumo | C11: =+'VERIFICACIÓN CANTIDADES'!D30 -> Cal agrícola: polvo blanco, finamente divido e inoloro, material . Carbonato de Calcio CaCO3 90%-100%. solubilidad 0.017 g/l, punto de fusión 825ºC. Bulto x 50 kg | D11: =+'VERIFICACIÓN CANTIDADES'!E30 -> Bulto | E11: 4 | F11: =+'ANALISIS COTIZACIONES'!K37 -> 45000 | G11: =+F11*E11 -> 180000
A12: =($D$2) -> Tumaco | B12: Equipos y herramientas | C12: =+'VERIFICACIÓN CANTIDADES'!D5 -> Blower Aireador Solar de 1 HP Kit blower o soplador industrial para aireación de estanques con funcionamiento mediante energía solar, Potencia: 750 watts (1 HP), Función Doble Propósito: inyección de aire oxigenado y extracción de gases nocivos, Voltaje: DC 48 voltios, Caudal: mínimo 25 m³/hora, Cobertura: mínimo 666 m², Material carcasa: plástico ABS, Dimensiones: 16 cm de ancho x 46 cm de alto (+/- 3%), Peso: 14 kg (+/- 3%) Kit Sistema fotovoltaico autónomo compuesto por: 2 paneles solares monocristalinos de 590W. 1 batería ciclo profundo agm 100 amperios y 12 voltios. 1 inversos MPPT 80 amperios con potencia nominal mínima de 3000 watts y tensión nominal de trabajo mínima 12 voltios. 6 conectores mc4 par. 2 breakers AC de 30 amperios. 2 mini breakers DC para el riel DIN 32 amperios 800 voltios. 40 metros de cable polarizado apto para sistemas fotovoltaicos. 1 caja de protección para breakers. 3 cables calibre 2 AWG cada uno de 3 metros de longitud. 4 cables calibre 8AWG cada uno de 3 metros de longitud. 1 Dispositivo de Protección contra Sobretensiones (DPS). | D12: =+'VERIFICACIÓN CANTIDADES'!E5 -> Unidad | E12: 1 | F12: =+'ANALISIS COTIZACIONES'!K7 -> 9772000 | G12: =+F12*E12 -> 9772000
A13: =($D$2) -> Tumaco | B13: Equipos y herramientas | C13: =+'VERIFICACIÓN CANTIDADES'!D13 -> Geomembrana para revestimiento de estanques o pozos destinados al cultivo de camarón, fabricada en material sintético impermeable tipo HDPE, LLDPE o equivalente, con protección UV y exposiciones ambientales, resistente al rasgado. Dimensiones: área a cubrir 30 m2, medidas sujetas al requerimiento de la supervisión durante ejecución, espesor mínimo 1.0 mm. | D13: =+'VERIFICACIÓN CANTIDADES'!E13 -> Unidad | E13: 30 | F13: =+'ANALISIS COTIZACIONES'!K15 -> 250000 | G13: =+F13*E13 -> 7500000
A14: =($D$2) -> Tumaco | B14: Equipos y herramientas | C14: =+'VERIFICACIÓN CANTIDADES'!D10 -> Electrobomba con Potencia de 1 HP, diámetro de entrada tubería 2.54 cm, Flujo máximo de 55 l/min, altura máxima de succión de 50 m para acceso a agua en pozos profundos. Dimensiones compactas de 26 cm x 15 cm x 12 cm. | D14: =+'VERIFICACIÓN CANTIDADES'!E10 -> Unidad | E14: 1 | F14: =+'ANALISIS COTIZACIONES'!K12 -> 453989 | G14: =+F14*E14 -> 453989
A15: =($D$2) -> Tumaco | B15: Equipos y herramientas | C15: =+'VERIFICACIÓN CANTIDADES'!D19 -> Manguera 1/2 polietileno con una longitud de 100 M para soportar una presión de 120 Psi, fabricada con un 70% de material recuperado y un 30% de material virgen | D15: =+'VERIFICACIÓN CANTIDADES'!E19 -> Rollo | E15: 1 | F15: =+'ANALISIS COTIZACIONES'!K21 -> 200000 | G15: =+F15*E15 -> 200000
A16: =($D$2) -> Tumaco | B16: Equipos y herramientas | C16: =+'VERIFICACIÓN CANTIDADES'!D26 -> Tanque de plástico (polietileno) con capacidad de 1000 litros para almacenamiento de agua potable, diámetro aprox 126 cm, ancho aprox 126 cm y alto aprox 145 cm, con capa interior virgen, avalados por NTC 5022 y NTC 4384, con recubrimiento que evite la producción de algas y bacterias, con aditivo U.V para el bloqueo de rayos ultravioletas. | D16: =+'VERIFICACIÓN CANTIDADES'!E26 -> Unidad | E16: 3 | F16: =+'ANALISIS COTIZACIONES'!K28 -> 600000 | G16: =+F16*E16 -> 1800000
A17: =($D$2) -> Tumaco | B17: Insumo | C17: =+'VERIFICACIÓN CANTIDADES'!D44 -> Semilla certificada de Nauplios (larvas) de camarón Machrobraquin tenellum. | D17: =+'VERIFICACIÓN CANTIDADES'!E44 -> Unidad | E17: 3000 | F17: =+'ANALISIS COTIZACIONES'!K51 -> 300 | G17: =+F17*E17 -> 900000
A18: =($D$2) -> Tumaco | B18: Insumo | C18: =+'VERIFICACIÓN CANTIDADES'!D43 -> Melaza de Caña Liquida como producto derivado de la caña de azúcar, con aspecto de color marrón oscuro, líquido denso y viscoso, de sabor dulce y ligeramente amargo. Composición: Azucares Totales mínimo 48%, cenizas sulfatadas máximo 16%, grados °brix 85. Presentación Bulto x 30 kg. | D18: =+'VERIFICACIÓN CANTIDADES'!E43 -> Bulto | E18: 2 | F18: =+'ANALISIS COTIZACIONES'!K50 -> 38400 | G18: =+F18*E18 -> 76800
A19: =($D$2) -> Tumaco | B19: Equipos y herramientas | C19: =+'VERIFICACIÓN CANTIDADES'!D24 -> Pala redonda en acero forjado de alta durabilidad Ancho aprox 26 cm, alto aprox 145 cm, espesor aprox 0.16 cm, con cabo de madera y manija plástica con un peso aproximado de 1 kilogramos. | D19: =+'VERIFICACIÓN CANTIDADES'!E24 -> Unidad | E19: 1 | F19: =+'ANALISIS COTIZACIONES'!K26 -> 60000 | G19: =+F19*E19 -> 60000
A20: =($D$2) -> Tumaco | B20: Equipos y herramientas | C20: =+'VERIFICACIÓN CANTIDADES'!D7 -> Chile (Atarraya de ojo pequeño) para captura de peces tipo carnadas. Material de fabricación: Nylon multifilamento, Radio: 1.7 m, Diámetro: 3.4 m, Grosor del nylon: 0.30 cm apróx, con 5 libras de plomo para su hundimiento, Ojo de malla: 1 pulgada, Circunferencia aproximada: 10 m, Red circular de caída en forma de sombrilla y utilizada al voleo, tipo de cierre: bolsa argolla, con protección contra los rayos del sol - UV | D20: =+'VERIFICACIÓN CANTIDADES'!E7 -> Unidad | E20: 1 | F20: =+'ANALISIS COTIZACIONES'!K9 -> 1130000 | G20: =+F20*E20 -> 1130000
A21: =($D$2) -> Tumaco | B21: Equipos y herramientas | C21: =+'VERIFICACIÓN CANTIDADES'!D18 -> Malla pajarera de 1.80 m de ancho por 50 m de largo, fabricada en polipropileno de alta densidad. | D21: =+'VERIFICACIÓN CANTIDADES'!E18 -> Rollo | E21: 2 | F21: =+'ANALISIS COTIZACIONES'!K20 -> 83000 | G21: =+F21*E21 -> 166000
A22: =($D$2) -> Tumaco | B22: Equipos y herramientas | C22: =+'VERIFICACIÓN CANTIDADES'!D6 -> Carrete Cable Acero Plastificado 1/8”, rollo x 200m, configuración de núcleo en acero galvanizado recubierta por una capa que garantiza protección anticorrosiva, peso aprox 9.7 kg, | D22: =+'VERIFICACIÓN CANTIDADES'!E6 -> Rollo | E22: 1 | F22: =+'ANALISIS COTIZACIONES'!K8 -> 420000 | G22: =+F22*E22 -> 420000
B23: TOTAL | F23: =+SUM(F10:F22) -> 13207689 | G23: =+SUM(G10:G22) -> 33508789

Sheet Tilapia
C2: Municipio | D2: =('INFO GENERAL'!B8) -> Tumaco
C3: Número de beneficiarios | D3: =('INFO GENERAL'!E9) -> 30
C4: Tope presupuestal | D4: =('INFO GENERAL'!D9) -> 100000000
C5: Saldo presupuestal | D5: =(D4-H29) -> -1341232 | E5: SE EXCEDE
C8: TIPO | D8: DESCRIPCION | E8: UNIDAD DE MEDIDA | F8: CANTIDAD | G8: VALOR UNITARIO | H8: VALOR TOTAL
A9: Tumaco | B9: Tilapia | C9: Insumo | D9: =+'VERIFICACIÓN CANTIDADES'!D29 -> Semilla certificada de Alevinos de tilapia roja Oreochromis sp de 1 gramos o de peso aproximado con tamaño entre 2,5 - 3 cm, homogéneos, porcentaje de reversión sexual mínimo del 90% | E9: =+'VERIFICACIÓN CANTIDADES'!E29 -> Unidad | F9: 24250 | G9: =+'ANALISIS COTIZACIONES'!K36 -> 370 | H9: =+G9*F9 -> 8972500
A10: Tumaco | B10: Tilapia | C10: Insumo | D10: =+'VERIFICACIÓN CANTIDADES'!D35 -> Concentrado para tilapia harina 45% de proteína min, Grasa min 4%, Fibra máx 6.0%, Cenizas máx 10%, Humedad máx 12%. Fecha de vigencia y/o elaboración. Presentación bulto x 40 Kg. | E10: =+'VERIFICACIÓN CANTIDADES'!E35 -> Bulto | F10: 14 | G10: =+'ANALISIS COTIZACIONES'!K42 -> 228140 | H10: =+G10*F10 -> 3193960
A11: Tumaco | B11: Tilapia | C11: Insumo | D11: =+'VERIFICACIÓN CANTIDADES'!D34 -> Concentrado para tilapia extruder 38% de proteína min, Grasa min 4%, Fibra máx 6.0%, Cenizas máx 10%, Humedad máx 12%. Fecha de vigencia y/o elaboración. Presentación Bulto x 40 kg. | E11: =+'VERIFICACIÓN CANTIDADES'!E34 -> Bulto | F11: 48 | G11: =+'ANALISIS COTIZACIONES'!K41 -> 179340 | H11: =+G11*F11 -> 8608320
A12: Tumaco | B12: Tilapia | C12: Insumo | D12: =+'VERIFICACIÓN CANTIDADES'!D33 -> Concentrado para tilapia extruder 30% de proteína min, Grasa min 6%, Fibra máx 6.0%, Cenizas máx 12%, Humedad máx 12%. Fecha de vigencia y/o elaboración. Presentación bulto x 40 kg. | E12: =+'VERIFICACIÓN CANTIDADES'!E33 -> Bulto | F12: 146 | G12: =+'ANALISIS COTIZACIONES'!K40 -> 153720 | H12: =+G12*F12 -> 22443120
A13: Tumaco | B13: Tilapia | C13: Insumo | D13: =+'VERIFICACIÓN CANTIDADES'!D32 -> Concentrado para tilapia extruder 24% de proteína min, Grasa min 4%, Fibra máx 8.0%, Cenizas máx 10%, Humedad máx 12 %. Fecha de vigencia y/o elaboración. Presentación Bulto x 40 kg | E13: =+'VERIFICACIÓN CANTIDADES'!E32 -> Bulto | F13: 98 | G13: =+'ANALISIS COTIZACIONES'!K39 -> 135420 | H13: =+G13*F13 -> 13271160
A14: Tumaco | C14: Insumo | D14: =+'VERIFICACIÓN CANTIDADES'!D47 -> Sal Marina para Piscicultura, Compuesta por Cloruro sódico (NaCl), Humedad ≤ 0.5%, Cloruro sódico en materia seca ≥ 97%, Residuo insoluble en agua ≤5 gr/kg, Nitrógeno Total ≤20 mg/kg. NO CONTIENE ADITIVOS. Producto Color blanco, granulado, cristalino, inodoro, limpio, suelto y soluble en agua. Presentación bulto x 34 kg. | E14: =+'VERIFICACIÓN CANTIDADES'!E47 -> Bulto | F14: 10 | G14: =+'ANALISIS COTIZACIONES'!K54 -> 40700 | H14: =+G14*F14 -> 407000
A15: Tumaco | B15: Tilapia | C15: Equipos y herramientas | D15: =+'VERIFICACIÓN CANTIDADES'!D18 -> Malla pajarera de 1.80 m de ancho por 50 m de largo, fabricada en polipropileno de alta densidad. | E15: =+'VERIFICACIÓN CANTIDADES'!E18 -> Rollo | F15: 2 | G15: =+'ANALISIS COTIZACIONES'!K20 -> 83000 | H15: =+G15*F15 -> 166000
A16: Tumaco | B16: Tilapia | C16: Equipos y herramientas | D16: =+'VERIFICACIÓN CANTIDADES'!D6 -> Carrete Cable Acero Plastificado 1/8”, rollo x 200m, configuración de núcleo en acero galvanizado recubierta por una capa que garantiza protección anticorrosiva, peso aprox 9.7 kg, | E16: =+'VERIFICACIÓN CANTIDADES'!E6 -> Rollo | F16: 1 | G16: =+'ANALISIS COTIZACIONES'!K8 -> 420000 | H16: =+G16*F16 -> 420000
A17: Tumaco | B17: Tilapia | C17: Equipos y herramientas | D17: =+'VERIFICACIÓN CANTIDADES'!D25 -> Tanque Circular de Geomembrana, en material polietileno de alta densidad HDPE, calibre 40 mils resistente a rayos ultravioleta, Diámetro del tanque 3m, altura 1.2 metros cúbicos, capacidad de 9.000 litros. Estructura elaborada en platinas de hierro 2” x 1/8” (0.31 cm), con pintura anticorrosiva, conexión al desagüe entre 2-4” Uso: almacenamiento de agua, para piscicultura y almacenamiento en general de líquidos libres de hidrocarburos; producto nuevo y en perfecto estado. Deberá cumplir con la normatividad vigente y aplicable. | E17: =+'VERIFICACIÓN CANTIDADES'!E25 -> Unidad | F17: 1 | G17: =+'ANALISIS COTIZACIONES'!K27 -> 11800000 | H17: =+G17*F17 -> 11800000
A18: Tumaco | B18: Tilapia | C18: Equipos y herramientas | D18: =+'VERIFICACIÓN CANTIDADES'!D8 -> Chinchorro para Piscicultura 25 x 2,5 m, calibre mínimo 210/12 o equivalente: Aparejo de pesca especial para la captura de peces, Material de fabricación: nylon multifilamento, Ojo de malla de 1 pulgada sin nudo; Flotación con boyas plásticas estándar de color naranja o azul y lastre de plomo que garantice la correcta operación y extensión de red, Con protección contra los rayos del sol – UV. | E18: =+'VERIFICACIÓN CANTIDADES'!E8 -> Unidad | F18: 2 | G18: =+'ANALISIS COTIZACIONES'!K10 -> 3650000 | H18: =+G18*F18 -> 7300000
A19: Tumaco | B19: Tilapia | C19: Equipos y herramientas | D19: =+'VERIFICACIÓN CANTIDADES'!D7 -> Chile (Atarraya de ojo pequeño) para captura de peces tipo carnadas. Material de fabricación: Nylon multifilamento, Radio: 1.7 m, Diámetro: 3.4 m, Grosor del nylon: 0.30 cm apróx, con 5 libras de plomo para su hundimiento, Ojo de malla: 1 pulgada, Circunferencia aproximada: 10 m, Red circular de caída en forma de sombrilla y utilizada al voleo, tipo de cierre: bolsa argolla, con protección contra los rayos del sol - UV | E19: =+'VERIFICACIÓN CANTIDADES'!E7 -> Unidad | F19: 2 | G19: =+'ANALISIS COTIZACIONES'!K9 -> 1130000 | H19: =+G19*F19 -> 2260000
A20: Tumaco | B20: Tilapia | C20: Equipos y herramientas | D20: =+'VERIFICACIÓN CANTIDADES'!D9 -> Discos Secchi para monitoreo de calidad de agua en sistemas piscícolas: Diámetro: 25 centímetros, Material del Cuerpo: Acrílico o polietileno reforzado con perno de acero inoxidable, Dos cuadrantes blancos y dos negros, Cinta o cuerda de 3 metros graduada en milímetros, centímetros y/o metros, Pieza de plomo de 250 gramos para contrapeso, | E20: =+'VERIFICACIÓN CANTIDADES'!E9 -> Unidad | F20: 1 | G20: =+'ANALISIS COTIZACIONES'!K11 -> 320000 | H20: =+G20*F20 -> 320000
A21: Tumaco | B21: Tilapia | C21: Equipos y herramientas | D21: =+'VERIFICACIÓN CANTIDADES'!D20 -> Medidor Portátil de Oxígeno disuelto y temperatura de agua con sonda óptica (4-5mt de longitud), cubierta hermética, Pantalla digital, Fuente de corriente pila de 9 voltios, Estuche del medidor: con IP 67 a prueba de agua, Función de apagado automático después de 30 minutos de inactividad, 50-60 conjunto de datos revisable de memoria, Indicador de batería baja con duración de batería de mínimo 500 horas, Dimensiones (ancho x profundo x alto) 18,7-19,0 cm x 7,6-7,8 cm x 3,8-4,0 cm; Debe incluir: dos pilas, manual de instrucciones en idioma español (impreso y en CD o en formato digital), Set de calibración, 6 membranas de reemplazo, estuche de transporte rígido con espacio para medidor y sonda; con garantía mínimo un (1) año. | E21: =+'VERIFICACIÓN CANTIDADES'!E20 -> Unidad | F21: 1 | G21: =+'ANALISIS COTIZACIONES'!K22 -> 6880000 | H21: =+G21*F21 -> 6880000
A22: Tumaco | B22: Tilapia | C22: Equipos y herramientas | D22: =+'VERIFICACIÓN CANTIDADES'!D23 -> Overol impermeable con botas incorporadas para labores de pesca y piscicultura, fabricado en material impermeable de alta resistencia, con recubrimiento en PVC o material equivalente, doble costura y selladas. Selló de todas las costuras y doble TAPED los puntos débiles que tiene más fricción en el uso para mantenerte seco al hacer trabajos de pesca. Las botas deberán ser impermeables y contar con suela antideslizante. Disponibilidad variada de tallas en ambos componentes. | E22: =+'VERIFICACIÓN CANTIDADES'!E23 -> Unidad | F22: 3 | G22: =+'ANALISIS COTIZACIONES'!K25 -> 374182 | H22: =+G22*F22 -> 1122546
A23: Tumaco | B23: Tilapia | C23: Equipos y herramientas | D23: =+'VERIFICACIÓN CANTIDADES'!D3 -> Balanza Mecánica de Reloj para 20 Kilos con Platón, balanza de colgar, Material de fabricación: Aro Central elaborado en lámina de acero cold rolled Calibre 26 y pintado en esmalte horneable color blanco o azul. Bisel en aluminio repujado o brillado Contra bisel hecho en aluminio Carátula o dial: elaborada en artes y posteriormente se hace la parte de litografía en hojalata, pintada con esmalte horneable y posteriormente se cubre con barniz transparente. Remache fabricado en hierro 3/8” para el automático. Resortes compensados a temperatura: elaborados en alambres acerados. Piñón enterizo en acero. Visor en vidrio: elaborado en vidrio transparente de 2mm. Colgante con oreja. Reloj con aro pintado, División: 1 onza, Diámetro del reloj: 21 cm, Sistema Mecánico con lectura por ambos lados, lectura por una cara en kilos y por la otra en libras. | E23: =+'VERIFICACIÓN CANTIDADES'!E3 -> Unidad | F23: 1 | G23: =+'ANALISIS COTIZACIONES'!K5 -> 225000 | H23: =+G23*F23 -> 225000
A24: Tumaco | B24: Tilapia | C24: Equipos y herramientas | D24: =+'VERIFICACIÓN CANTIDADES'!D4 -> Bascula Portátil Electrónica Báscula portátil electrónica, plataforma plegable 100%, Capacidad de pesaje máximo: 500 kg, Protección de sobrepeso, Bandeja reforzado en acero inoxidable, LCD con luz de fondo, Teclado resistente al agua y al aceite, Unidades de pesaje kilogramos, Dimensiones de la bandeja: 45 cm de ancho x 60 cm de largo aproximadamente; Total función de ahorro de energía, Batería recargable, con mínimo 12 meses de garantía. | E24: =+'VERIFICACIÓN CANTIDADES'!E4 -> Unidad | F24: 1 | G24: =+'ANALISIS COTIZACIONES'!K6 -> 605450 | H24: =+G24*F24 -> 605450
A25: Tumaco | B25: Tilapia | C25: Equipos y herramientas | D25: =+'VERIFICACIÓN CANTIDADES'!D16 -> Kit multiparamétrico para análisis de calidad de agua dulce en sistemas piscícolas, capaz de medir como mínimo pH, pH de alto rango, amoníaco, nitrito, nitrato, oxígeno y dureza. El kit deberá permitir la realización de mínimo 900 pruebas en total, mediante método colorimétrico o equivalente, e incluir todos los reactivos, recipientes, comparadores e insumos necesarios para su operación. Contenido mínimo de las pruebas: Amoniaco: Mínimo 130 pruebas Nitrato: Mínimo 90 pruebas. Nitrito: Mínimo 90 pruebas. Dureza: Mínimo 130 pruebas. pH: Mínimo 250 pruebas. pH de alto rango: Mínimo 160 pruebas. Oxigeno: Mínimo 50 pruebas. Nota: Los reactivos deberán contar con fecha de vencimiento vigente y remanente mínima del 70% al momento de la entrega. El producto deberá suministrarse con manual o instructivo y en perfectas condiciones. Deberá contar con los accesorios de ensayo correspondientes. | E25: =+'VERIFICACIÓN CANTIDADES'!E16 -> Unidad | F25: 2 | G25: =+'ANALISIS COTIZACIONES'!K18 -> 420000 | H25: =+G25*F25 -> 840000
A26: Tumaco | B26: Tilapia | C26: Equipos y herramientas | D26: =+'VERIFICACIÓN CANTIDADES'!D14 -> Guadaña con motor de dos tiempos con un rango de 40 CC a 45 CC, potencia de 1,6 - 2.2 KW, peso entre 6 - 6.3 kilogramos, presión acústica 90 - 96 dB, vibraciones izquierda/derecha 6,4/3,4 m/s2, cuchilla matorrales, capacidad de depósito 0,64 litros, eje de transmisión rígido, sistema anti vibración de un punto, longitud total (sin herramienta de corte) 190 centímetros, ancho de corte mínimo de 41 a 42 cm con cabezal de nylon. Incluye puñadura ergonómica multifuncional. | E26: =+'VERIFICACIÓN CANTIDADES'!E14 -> Unidad | F26: 1 | G26: =+'ANALISIS COTIZACIONES'!K16 -> 2238000 | H26: =+G26*F26 -> 2238000
A27: Tumaco | B27: Tilapia | C27: Equipos y herramientas | D27: =+'VERIFICACIÓN CANTIDADES'!D5 -> Blower Aireador Solar de 1 HP Kit blower o soplador industrial para aireación de estanques con funcionamiento mediante energía solar, Potencia: 750 watts (1 HP), Función Doble Propósito: inyección de aire oxigenado y extracción de gases nocivos, Voltaje: DC 48 voltios, Caudal: mínimo 25 m³/hora, Cobertura: mínimo 666 m², Material carcasa: plástico ABS, Dimensiones: 16 cm de ancho x 46 cm de alto (+/- 3%), Peso: 14 kg (+/- 3%) Kit Sistema fotovoltaico autónomo compuesto por: 2 paneles solares monocristalinos de 590W. 1 batería ciclo profundo agm 100 amperios y 12 voltios. 1 inversos MPPT 80 amperios con potencia nominal mínima de 3000 watts y tensión nominal de trabajo mínima 12 voltios. 6 conectores mc4 par. 2 breakers AC de 30 amperios. 2 mini breakers DC para el riel DIN 32 amperios 800 voltios. 40 metros de cable polarizado apto para sistemas fotovoltaicos. 1 caja de protección para breakers. 3 cables calibre 2 AWG cada uno de 3 metros de longitud. 4 cables calibre 8AWG cada uno de 3 metros de longitud. 1 Dispositivo de Protección contra Sobretensiones (DPS). | E27: =+'VERIFICACIÓN CANTIDADES'!E5 -> Unidad | F27: 1 | G27: =+'ANALISIS COTIZACIONES'!K7 -> 9772000 | H27: =+G27*F27 -> 9772000
A28: Tumaco | B28: Tilapia | C28: Equipos y herramientas | D28: =+'VERIFICACIÓN CANTIDADES'!D22 -> Nasas para muestreo y pesca, fabricada con malla sin nudo de ½” (12.7mm aprox) o equivalente. Estructura fabricada en aluminio, aro de forma cuadrada u ovalada con dimensión comprendida entre 38-55cm, longitud mínima del mango entre 65-90 cm de largo, profundidad del saco entre 35-50 cm. | E28: =+'VERIFICACIÓN CANTIDADES'!E22 -> Unidad | F28: 2 | G28: =+'ANALISIS COTIZACIONES'!K24 -> 248088 | H28: =+G28*F28 -> 496176
C29: TOTAL | G29: =+SUM(G9:G28) -> 38903410 | H29: =+SUM(H9:H28) -> 101341232

Sheet VERIFICACIÓN CANTIDADES
A1: MUNUCIPIO | B1: LÍNEA | C1: TIPO | D1: DESCRIPCION | E1: UNIDAD DE MEDIDA | F1: CANTIDAD
A2: El Charco | B2: Papa China | C2: Equipos y herramientas | D2: Azada fabricada de una única pieza templada, en acero carbono de alta calidad, recubierta con pintura electrostática a polvo, lámina de tamaño 2.5 pulgadas, ojo de 38 mm de diámetro, mango de 145 cm en madera barnizada. | E2: Unidad | F2: =(Unificado!F7)+(Unificado!F16)+Unificado!F37+Unificado!F47 -> 60
A3: Tumaco | B3: Tilapia | C3: Equipos y herramientas | D3: Balanza Mecánica de Reloj para 20 Kilos con Platón, balanza de colgar, Material de fabricación: Aro Central elaborado en lámina de acero cold rolled Calibre 26 y pintado en esmalte horneable color blanco o azul. Bisel en aluminio repujado o brillado Contra bisel hecho en aluminio Carátula o dial: elaborada en artes y posteriormente se hace la parte de litografía en hojalata, pintada con esmalte horneable y posteriormente se cubre con barniz transparente. Remache fabricado en hierro 3/8” para el automático. Resortes compensados a temperatura: elaborados en alambres acerados. Piñón enterizo en acero. Visor en vidrio: elaborado en vidrio transparente de 2mm. Colgante con oreja. Reloj con aro pintado, División: 1 onza, Diámetro del reloj: 21 cm, Sistema Mecánico con lectura por ambos lados, lectura por una cara en kilos y por la otra en libras. | E3: Unidad | F3: =(Unificado!F80) -> 1
A4: Tumaco | B4: Tilapia | C4: Equipos y herramientas | D4: Bascula Portátil Electrónica Báscula portátil electrónica, plataforma plegable 100%, Capacidad de pesaje máximo: 500 kg, Protección de sobrepeso, Bandeja reforzado en acero inoxidable, LCD con luz de fondo, Teclado resistente al agua y al aceite, Unidades de pesaje kilogramos, Dimensiones de la bandeja: 45 cm de ancho x 60 cm de largo aproximadamente; Total función de ahorro de energía, Batería recargable, con mínimo 12 meses de garantía. | E4: Unidad | F4: =(Unificado!F81) -> 1
A5: Tumaco | B5: Camarón | C5: Equipos y herramientas | D5: Blower Aireador Solar de 1 HP Kit blower o soplador industrial para aireación de estanques con funcionamiento mediante energía solar, Potencia: 750 watts (1 HP), Función Doble Propósito: inyección de aire oxigenado y extracción de gases nocivos, Voltaje: DC 48 voltios, Caudal: mínimo 25 m³/hora, Cobertura: mínimo 666 m², Material carcasa: plástico ABS, Dimensiones: 16 cm de ancho x 46 cm de alto (+/- 3%), Peso: 14 kg (+/- 3%) Kit Sistema fotovoltaico autónomo compuesto por: 2 paneles solares monocristalinos de 590W. 1 batería ciclo profundo agm 100 amperios y 12 voltios. 1 inversos MPPT 80 amperios con potencia nominal mínima de 3000 watts y tensión nominal de trabajo mínima 12 voltios. 6 conectores mc4 par. 2 breakers AC de 30 amperios. 2 mini breakers DC para el riel DIN 32 amperios 800 voltios. 40 metros de cable polarizado apto para sistemas fotovoltaicos. 1 caja de protección para breakers. 3 cables calibre 2 AWG cada uno de 3 metros de longitud. 4 cables calibre 8AWG cada uno de 3 metros de longitud. 1 Dispositivo de Protección contra Sobretensiones (DPS). | E5: Unidad | F5: =(Unificado!F55)+Unificado!F84 -> 2
A6: Tumaco | B6: Tilapia | C6: Equipos y herramientas | D6: Carrete Cable Acero Plastificado 1/8”, rollo x 200m, configuración de núcleo en acero galvanizado recubierta por una capa que garantiza protección anticorrosiva, peso aprox 9.7 kg, | E6: Rollo | F6: =(Unificado!F65+Unificado!F73) -> 2
A7: Tumaco | B7: Camarón | C7: Equipos y herramientas | D7: Chile (Atarraya de ojo pequeño) para captura de peces tipo carnadas. Material de fabricación: Nylon multifilamento, Radio: 1.7 m, Diámetro: 3.4 m, Grosor del nylon: 0.30 cm apróx, con 5 libras de plomo para su hundimiento, Ojo de malla: 1 pulgada, Circunferencia aproximada: 10 m, Red circular de caída en forma de sombrilla y utilizada al voleo, tipo de cierre: bolsa argolla, con protección contra los rayos del sol - UV | E7: Unidad | F7: =(Unificado!F63+Unificado!F76) -> 3
A8: Tumaco | B8: Camarón | C8: Equipos y herramientas | D8: Chinchorro para Piscicultura 25 x 2,5 m, calibre mínimo 210/12 o equivalente: Aparejo de pesca especial para la captura de peces, Material de fabricación: nylon multifilamento, Ojo de malla de 1 pulgada sin nudo; Flotación con boyas plásticas estándar de color naranja o azul y lastre de plomo que garantice la correcta operación y extensión de red, Con protección contra los rayos del sol – UV. | E8: Unidad | F8: =(Unificado!F75) -> 2
A9: Tumaco | B9: Tilapia | C9: Equipos y herramientas | D9: Discos Secchi para monitoreo de calidad de agua en sistemas piscícolas: Diámetro: 25 centímetros, Material del Cuerpo: Acrílico o polietileno reforzado con perno de acero inoxidable, Dos cuadrantes blancos y dos negros, Cinta o cuerda de 3 metros graduada en milímetros, centímetros y/o metros, Pieza de plomo de 250 gramos para contrapeso, | E9: Unidad | F9: =(Unificado!F77) -> 1
A10: Tumaco | B10: Tilapia | C10: Equipos y herramientas | D10: Electrobomba con Potencia de 1 HP, diámetro de entrada tubería 2.54 cm, Flujo máximo de 55 l/min, altura máxima de succión de 50 m para acceso a agua en pozos profundos. Dimensiones compactas de 26 cm x 15 cm x 12 cm. | E10: Unidad | F10: =(Unificado!F57) -> 1
A11: Tumaco | B11: Camarón | C11: Equipos y herramientas | D11: Fumigadora Estacionaria con motor de 5.5 Hp a Gasolina, con bomba automática para un caudal entre 20 - 40 Litros por minuto, presión entre 145 – 580 PSI | E11: Unidad | F11: =(Unificado!F10+Unificado!F20+Unificado!F40+Unificado!F50) -> 4
A12: El Charco | B12: Papa China | C12: Equipos y herramientas | D12: Fumigadora manual de espalda con una capacidad del Recipiente de 20 Litros en polietileno de alta densidad, capacidad de la cámara de 1 Litro, presión Máxima de Trabajo: 40 PSI (+/- 10%), lanza en acero Inoxidable, con pistón en Latón con posiciones de la Llave: Continua, Intermitente y de bloqueo total. Incluye una boquillas metálica de Cono Hueco (1000 cc), portaboquilla de uso agrícola Universal. | E12: Unidad | F12: =(Unificado!F18+Unificado!F6+Unificado!F30+Unificado!F38+Unificado!F48) -> 75
A13: El Charco | B13: Papa China | C13: Equipos y herramientas | D13: Geomembrana para revestimiento de estanques o pozos destinados al cultivo de camarón, fabricada en material sintético impermeable tipo HDPE, LLDPE o equivalente, con protección UV y exposiciones ambientales, resistente al rasgado. Dimensiones: área a cubrir 30 m2, medidas sujetas al requerimiento de la supervisión durante ejecución, espesor mínimo 1.0 mm. | E13: Unidad | F13: =(Unificado!F56) -> 30
A14: Tumaco | B14: Camarón | C14: Equipos y herramientas | D14: Guadaña con motor de dos tiempos con un rango de 40 CC a 45 CC, potencia de 1,6 - 2.2 KW, peso entre 6 - 6.3 kilogramos, presión acústica 90 - 96 dB, vibraciones izquierda/derecha 6,4/3,4 m/s2, cuchilla matorrales, capacidad de depósito 0,64 litros, eje de transmisión rígido, sistema anti vibración de un punto, longitud total (sin herramienta de corte) 190 centímetros, ancho de corte mínimo de 41 a 42 cm con cabezal de nylon. Incluye puñadura ergonómica multifuncional. | E14: Unidad | F14: =(Unificado!F11+Unificado!F21+Unificado!F32+Unificado!F42+Unificado!F52+Unificado!F83) -> 8
A15: El Charco | B15: Papa China | C15: Equipos y herramientas | D15: Kit de protección para fumigación, avalado por la NTC 5040 aplicable a cada componente, contiene escafandra laborada en tela anti-fluidos 90% poliéster, 10% acrilatopara repeler líquidos, mascarilla desechable con protección respiratoria de 3 capas de fieltro con filtro de carbón activado, gafas ajustables con protección UV y antiempañantes, guantes fabricados en nitrilo, camisa elaborada en tela anti-fluidos 90% poliéster ,10% acrilato y pantalón en tela antifluidos 90% poliéster, 10% acrílico. Disponibilidad de tallas variadas. Disponibilidad de tallas variadas. | E15: Unidad | F15: =(Unificado!F29) -> 15
A16: Mosquera | B16: Coco | C16: Equipos y herramientas | D16: Kit multiparamétrico para análisis de calidad de agua dulce en sistemas piscícolas, capaz de medir como mínimo pH, pH de alto rango, amoníaco, nitrito, nitrato, oxígeno y dureza. El kit deberá permitir la realización de mínimo 900 pruebas en total, mediante método colorimétrico o equivalente, e incluir todos los reactivos, recipientes, comparadores e insumos necesarios para su operación. Contenido mínimo de las pruebas: Amoniaco: Mínimo 130 pruebas Nitrato: Mínimo 90 pruebas. Nitrito: Mínimo 90 pruebas. Dureza: Mínimo 130 pruebas. pH: Mínimo 250 pruebas. pH de alto rango: Mínimo 160 pruebas. Oxigeno: Mínimo 50 pruebas. Nota: Los reactivos deberán contar con fecha de vencimiento vigente y remanente mínima del 70% al momento de la entrega. El producto deberá suministrarse con manual o instructivo y en perfectas condiciones. Deberá contar con los accesorios de ensayo correspondientes. | E16: Unidad | F16: =(Unificado!F82) -> 2
A17: Tumaco | B17: Tilapia | C17: Equipos y herramientas | D17: Motocultor con motor Diesel de 4T y 296cc con sistema de arranque manual y abarca en promedio unos 400m²/hora con su trabajo de labranza de entre 180 y 300 mm de profundidad y de entre 1050 y 1350 mm de ancho de transmisión por engranajes, clutch de plato húmedo, palanca de cambios con reversa – marcha 2 – neutro – 1, peso de 160 kilogramos, ruedas de 8 pulgadas. | E17: Unidad | F17: =(Unificado!F9+Unificado!F19) -> 2
A18: El Charco | B18: Papa China | C18: Equipos y herramientas | D18: Malla pajarera de 1.80 m de ancho por 50 m de largo, fabricada en polipropileno de alta densidad. | E18: Rollo | F18: =(Unificado!F64+Unificado!F72) -> 4
A19: Tumaco | B19: Camarón | C19: Equipos y herramientas | D19: Manguera 1/2 polietileno con una longitud de 100 M para soportar una presión de 120 Psi, fabricada con un 70% de material recuperado y un 30% de material virgen | E19: Rollo | F19: =(Unificado!F58) -> 1
A20: Tumaco | B20: Camarón | C20: Equipos y herramientas | D20: Medidor Portátil de Oxígeno disuelto y temperatura de agua con sonda óptica (4-5mt de longitud), cubierta hermética, Pantalla digital, Fuente de corriente pila de 9 voltios, Estuche del medidor: con IP 67 a prueba de agua, Función de apagado automático después de 30 minutos de inactividad, 50-60 conjunto de datos revisable de memoria, Indicador de batería baja con duración de batería de mínimo 500 horas, Dimensiones (ancho x profundo x alto) 18,7-19,0 cm x 7,6-7,8 cm x 3,8-4,0 cm; Debe incluir: dos pilas, manual de instrucciones en idioma español (impreso y en CD o en formato digital), Set de calibración, 6 membranas de reemplazo, estuche de transporte rígido con espacio para medidor y sonda; con garantía mínimo un (1) año. | E20: Unidad | F20: =(Unificado!F78) -> 1
A21: Tumaco | B21: Tilapia | C21: Equipos y herramientas | D21: Motosierra a gasolina de cilindrada 72.2 centímetros cúbicos y potencia de 5.23 hp, logro 3,9 kW, peso de la unidad sin combustible de 6,2 kg con una relación peso/potencia de 1,6 kg/kW, para una longitud de la espada 37-75 cm 3, longitud con tope de garra 450 mm, nivel de presión sonora 106 dB, potencia acústica 117 dB. | E21: Unidad | F21: =(Unificado!F31+Unificado!F41+Unificado!F51) -> 5
A22: Mosquera | B22: Coco | C22: Equipos y herramientas | D22: Nasas para muestreo y pesca, fabricada con malla sin nudo de ½” (12.7mm aprox) o equivalente. Estructura fabricada en aluminio, aro de forma cuadrada u ovalada con dimensión comprendida entre 38-55cm, longitud mínima del mango entre 65-90 cm de largo, profundidad del saco entre 35-50 cm. | E22: Unidad | F22: =(Unificado!F85) -> 2
A23: Tumaco | B23: Tilapia | C23: Equipos y herramientas | D23: Overol impermeable con botas incorporadas para labores de pesca y piscicultura, fabricado en material impermeable de alta resistencia, con recubrimiento en PVC o material equivalente, doble costura y selladas. Selló de todas las costuras y doble TAPED los puntos débiles que tiene más fricción en el uso para mantenerte seco al hacer trabajos de pesca. Las botas deberán ser impermeables y contar con suela antideslizante. Disponibilidad variada de tallas en ambos componentes. | E23: Unidad | F23: =(Unificado!F79) -> 3
A24: Tumaco | B24: Tilapia | C24: Equipos y herramientas | D24: Pala redonda en acero forjado de alta durabilidad Ancho aprox 26 cm, alto aprox 145 cm, espesor aprox 0.16 cm, con cabo de madera y manija plástica con un peso aproximado de 1 kilogramos. | E24: Unidad | F24: =(Unificado!F62) -> 1
A25: Tumaco | B25: Camarón | C25: Equipos y herramientas | D25: Tanque Circular de Geomembrana, en material polietileno de alta densidad HDPE, calibre 40 mils resistente a rayos ultravioleta, Diámetro del tanque 3m, altura 1.2 metros cúbicos, capacidad de 9.000 litros. Estructura elaborada en platinas de hierro 2” x 1/8” (0.31 cm), con pintura anticorrosiva, conexión al desagüe entre 2-4” Uso: almacenamiento de agua, para piscicultura y almacenamiento en general de líquidos libres de hidrocarburos; producto nuevo y en perfecto estado. Deberá cumplir con la normatividad vigente y aplicable. | E25: Unidad | F25: =(Unificado!F74) -> 1
A26: Tumaco | B26: Camarón | C26: Equipos y herramientas | D26: Tanque de plástico (polietileno) con capacidad de 1000 litros para almacenamiento de agua potable, diámetro aprox 126 cm, ancho aprox 126 cm y alto aprox 145 cm, con capa interior virgen, avalados por NTC 5022 y NTC 4384, con recubrimiento que evite la producción de algas y bacterias, con aditivo U.V para el bloqueo de rayos ultravioletas. | E26: Unidad | F26: =(Unificado!F59) -> 3
A27: Tumaco | B27: Tilapia | C27: Equipos y herramientas | D27: Tanque de plástico (polietileno) con capacidad de 500 litros para almacenamiento de agua potable diámetro aprox 105 cm, ancho aprox 105 cm, alto aprox 103 cm, con capa interior virgen, avalados por NTC 5022 y NTC 4384, con recubrimiento que evite la producción de algas y bacterias, con aditivo U.V para el bloqueo de rayos ultravioletas. | E27: Unidad | F27: =(Unificado!F8+Unificado!F17+Unificado!F28+Unificado!F39+Unificado!F48) -> 75
A28: El Charco | B28: Papa China | C28: Insumo | D28: Abono orgánico mezclado con materiales de origen orgánico animal y vegetal que han sido sometidos a un proceso de compostaje y maduración, con una composición mínima de nitrógeno al 1,5%, Fosforo asimilable al 4% y Potasio soluble al 3,5%, Calcio (CaO) 10%, Magnesio total (MgO) 1.3%, Carbono orgánico oxidable 19% . Bulto x 40 kg. | E28: Bulto | F28: =(Unificado!F2+Unificado!F12) -> 60
A29: Tumaco | B29: Tilapia | C29: Insumo | D29: Semilla certificada de Alevinos de tilapia roja Oreochromis sp de 1 gramos o de peso aproximado con tamaño entre 2,5 - 3 cm, homogéneos, porcentaje de reversión sexual mínimo del 90% | E29: Unidad | F29: =(Unificado!F66) -> 24250
A30: Tumaco | B30: Camarón | C30: Insumo | D30: Cal agrícola: polvo blanco, finamente divido e inoloro, material . Carbonato de Calcio CaCO3 90%-100%. solubilidad 0.017 g/l, punto de fusión 825ºC. Bulto x 50 kg | E30: Bulto | F30: =(Unificado!F54) -> 4
A31: Tumaco | B31: Camarón | C31: Insumo | D31: Concentrado para camarón, durante las etapas de levante y finalización,. Proteína (MIN) 35.0%, Grasa (MIN) 5.0%, fibra (MIN) 5.0%, ceniza (MÁX) 12%, humedad (MÁX) 13.0%, presentación bulto x 40 kg | E31: Bulto | F31: =(Unificado!F53) -> 70
A32: Tumaco | B32: Tilapia | C32: Insumo | D32: Concentrado para tilapia extruder 24% de proteína min, Grasa min 4%, Fibra máx 8.0%, Cenizas máx 10%, Humedad máx 12 %. Fecha de vigencia y/o elaboración. Presentación Bulto x 40 kg | E32: Bulto | F32: =(Unificado!F70) -> 98
A33: Tumaco | B33: Tilapia | C33: Insumo | D33: Concentrado para tilapia extruder 30% de proteína min, Grasa min 6%, Fibra máx 6.0%, Cenizas máx 12%, Humedad máx 12%. Fecha de vigencia y/o elaboración. Presentación bulto x 40 kg. | E33: Bulto | F33: =(Unificado!F69) -> 146
A34: Tumaco | B34: Tilapia | C34: Insumo | D34: Concentrado para tilapia extruder 38% de proteína min, Grasa min 4%, Fibra máx 6.0%, Cenizas máx 10%, Humedad máx 12%. Fecha de vigencia y/o elaboración. Presentación Bulto x 40 kg. | E34: Bulto | F34: =(Unificado!F68) -> 48
A35: Tumaco | B35: Tilapia | C35: Insumo | D35: Concentrado para tilapia harina 45% de proteína min, Grasa min 4%, Fibra máx 6.0%, Cenizas máx 10%, Humedad máx 12%. Fecha de vigencia y/o elaboración. Presentación bulto x 40 Kg. | E35: Bulto | F35: =(Unificado!F67) -> 14
A36: Tumaco | B36: Tilapia | C36: Insumo | D36: Feromonas de Segregación Rhynchophorol C. Feromona sintética imitante de la señal química del compuesto orgánico secretado por los machos de la especie mencionada para atraer individuos de ambos sexos y de esta forma capturarlos en el trampeo masivo. Sobre x 0,5 ml. | E36: Unidad | F36: =(Unificado!F22) -> 30
A37: Mosquera | B37: Coco | C37: Insumo | D37: Fertilizante complejo, sólido granulado soluble, de color beige pálido. Nitrógeno total (% N) 15%, Fósforo total 15%, Potasio Total 15%, azufre total 10% pH: 6,0 – 7,2. Solubilidad en agua: 90 g/100 ml. Presentación bulto x 50 Kg. | E37: Bulto | F37: =(Unificado!F15+Unificado!F5) -> 30
A38: El Charco | B38: Papa China | C38: Insumo | D38: Fertilizante completo formulado 17-6-18-2, con una composición Nitrógeno Total (N) 17%, Fósforo 6%, Potasio 18%, Magnesio total 2%. Presentación bulto x 50 Kg. | E38: Bulto | F38: =(Unificado!F34+Unificado!F44) -> 30
A39: La Tola | B39: Plátano | C39: Insumo | D39: Fungicida sistémico de aplicación foliar para el control de la sigatoka negra y botrytis su ingrediente activo es Pyrimethanil que inhibe la secreción de encimas. Presentación envase plástico x litro. | E39: Litro | F39: =(Unificado!F36+Unificado!F46) -> 30
A40: La Tola | B40: Plátano | C40: Insumo | D40: Herbicida foliar no selectivo con ingrediente activo paraquat al 20%, herbicida post-emergente de contacto no selectivo, ideal para controlar rápidamente malezas de hoja ancha y gramíneas, resistente a la lluvia y se inactiva al contacto con el suelo. Densidad 1.070-1.084 g/ml, pH 4-7, contenido paraquat 188-212 g/l, Categoría II. Presentación Caneca x 5 galones. | E40: Caneca | F40: =(Unificado!F13+Unificado!F35+Unificado!F45+Unificado!F3) -> 60
A41: El Charco | B41: Papa China | C41: Insumo | D41: Insecticida piretroide, con principio activo Lambdacialotrina al 2,5% CE, Densidad: 0,800 +/- 0,010 g/mL pH: 6,0 – 8,0. Presentación en litro. | E41: litro | F41: =(Unificado!F24) -> 15
A42: Mosquera | B42: Coco | C42: Insumo | D42: Cal dolomita proveniente de la pulverización de la roca dolomita. Calcio total (CaO) 35% - Magnesio total (MgO) 16%, pH 9.7. Bulto x 40 kilogramos | E42: Bulto | F42: =(Unificado!F4+Unificado!F14+Unificado!F33+Unificado!F43) -> 120
A43: El Charco | B43: Papa China | C43: Insumo | D43: Melaza de Caña Liquida como producto derivado de la caña de azúcar, con aspecto de color marrón oscuro, líquido denso y viscoso, de sabor dulce y ligeramente amargo. Composición: Azucares Totales mínimo 48%, cenizas sulfatadas máximo 16%, grados °brix 85. Presentación Bulto x 30 kg. | E43: Bulto | F43: =(Unificado!F61+Unificado!F23) -> 17
A44: Mosquera | B44: Coco | C44: Insumo | D44: Semilla certificada de Nauplios (larvas) de camarón Machrobraquin tenellum. | E44: Unidad | F44: =(Unificado!F60) -> 3000
A45: Tumaco | B45: Camarón | C45: Insumo | D45: Recipiente bidón plástico con capacidad de 20 litros, para el transporte de líquidos, compatibles con productos químicos, fitosanitarios, agroquímicos. Fabricados con polietileno de alta densidad, grosor constante en todas las áreas del envase. | E45: Unidad | F45: =(Unificado!F25) -> 30
A46: Mosquera | B46: Coco | C46: Insumo | D46: Saco Fique Granel de 70cm X 95cm - tejido 20/20. | E46: Unidad | F46: =(Unificado!F26) -> 30
A47: Mosquera | B47: Coco | C47: Insumo | D47: Sal Marina para Piscicultura, Compuesta por Cloruro sódico (NaCl), Humedad ≤ 0.5%, Cloruro sódico en materia seca ≥ 97%, Residuo insoluble en agua ≤5 gr/kg, Nitrógeno Total ≤20 mg/kg. NO CONTIENE ADITIVOS. Producto Color blanco, granulado, cristalino, inodoro, limpio, suelto y soluble en agua. Presentación bulto x 34 kg. | E47: Bulto | F47: =(Unificado!F71) -> 10
A48: Tumaco | B48: Coco | C48: Insumo | D48: Semillas para palmas de coco con desarrollo de raíz germinativo y tallo mínimo con 4 hojas. Las semillas deben provenir de viveros certificados por el ICA. | E48: Unidad | F48: =(Unificado!F27) -> 675

Sheet Unificado
A1: MUNICIPIO | B1: LINEA | C1: =('Papa china Charco'!B8) -> TIPO | D1: =('Papa china Charco'!C8) -> DESCRIPCION | E1: =('Papa china Charco'!D8) -> UNIDAD DE MEDIDA | F1: =('Papa china Charco'!E8) -> CANTIDAD | G1: =('Papa china Charco'!F8) -> VALOR UNITARIO | H1: =('Papa china Charco'!G8) -> VALOR TOTAL
A2: =('Papa china Charco'!A9) -> El Charco | B2: Papa China | C2: =('Papa china Charco'!B9) -> Insumo | D2: =('Papa china Charco'!C9) -> Abono orgánico mezclado con materiales de origen orgánico animal y vegetal que han sido sometidos a un proceso de compostaje y maduración, con una composición mínima de nitrógeno al 1,5%, Fosforo asimilable al 4% y Potasio soluble al 3,5%, Calcio (CaO) 10%, Magnesio total (MgO) 1.3%, Carbono orgánico oxidable 19% . Bulto x 40 kg. | E2: =('Papa china Charco'!D9) -> Bulto | F2: =('Papa china Charco'!E9) -> 30 | G2: =('Papa china Charco'!F9) -> 80000 | H2: =('Papa china Charco'!G9) -> 2400000
A3: =('Papa china Charco'!A10) -> El Charco | B3: Papa China | C3: =('Papa china Charco'!B10) -> Insumo | D3: =('Papa china Charco'!C10) -> Herbicida foliar no selectivo con ingrediente activo paraquat al 20%, herbicida post-emergente de contacto no selectivo, ideal para controlar rápidamente malezas de hoja ancha y gramíneas, resistente a la lluvia y se inactiva al contacto con el suelo. Densidad 1.070-1.084 g/ml, pH 4-7, contenido paraquat 188-212 g/l, Categoría II. Presentación Caneca x 5 galones. | E3: =('Papa china Charco'!D10) -> Caneca | F3: =('Papa china Charco'!E10) -> 15 | G3: =('Papa china Charco'!F10) -> 255000 | H3: =('Papa china Charco'!G10) -> 3825000
A4: =('Papa china Charco'!A11) -> El Charco | B4: Papa China | C4: =('Papa china Charco'!B11) -> Insumo | D4: =('Papa china Charco'!C11) -> Cal dolomita proveniente de la pulverización de la roca dolomita. Calcio total (CaO) 35% - Magnesio total (MgO) 16%, pH 9.7. Bulto x 40 kilogramos | E4: =('Papa china Charco'!D11) -> Bulto | F4: =('Papa china Charco'!E11) -> 30 | G4: =('Papa china Charco'!F11) -> 79500 | H4: =('Papa china Charco'!G11) -> 2385000
A5: =('Papa china Charco'!A12) -> El Charco | B5: Papa China | C5: =('Papa china Charco'!B12) -> Insumo | D5: =('Papa china Charco'!C12) -> Fertilizante complejo, sólido granulado soluble, de color beige pálido. Nitrógeno total (% N) 15%, Fósforo total 15%, Potasio Total 15%, azufre total 10% pH: 6,0 – 7,2. Solubilidad en agua: 90 g/100 ml. Presentación bulto x 50 Kg. | E5: =('Papa china Charco'!D12) -> Bulto | F5: =('Papa china Charco'!E12) -> 15 | G5: =('Papa china Charco'!F12) -> 305000 | H5: =('Papa china Charco'!G12) -> 4575000
A6: =('Papa china Charco'!A13) -> El Charco | B6: Papa China | C6: =('Papa china Charco'!B13) -> Equipos y herramientas | D6: =('Papa china Charco'!C13) -> Fumigadora manual de espalda con una capacidad del Recipiente de 20 Litros en polietileno de alta densidad, capacidad de la cámara de 1 Litro, presión Máxima de Trabajo: 40 PSI (+/- 10%), lanza en acero Inoxidable, con pistón en Latón con posiciones de la Llave: Continua, Intermitente y de bloqueo total. Incluye una boquillas metálica de Cono Hueco (1000 cc), portaboquilla de uso agrícola Universal. | E6: =('Papa china Charco'!D13) -> Unidad | F6: =('Papa china Charco'!E13) -> 15 | G6: =('Papa china Charco'!F13) -> 575000 | H6: =('Papa china Charco'!G13) -> 8625000
A7: =('Papa china Charco'!A14) -> El Charco | B7: Papa China | C7: =('Papa china Charco'!B14) -> Equipos y herramientas | D7: =('Papa china Charco'!C14) -> Azada fabricada de una única pieza templada, en acero carbono de alta calidad, recubierta con pintura electrostática a polvo, lámina de tamaño 2.5 pulgadas, ojo de 38 mm de diámetro, mango de 145 cm en madera barnizada. | E7: =('Papa china Charco'!D14) -> Unidad | F7: =('Papa china Charco'!E14) -> 15 | G7: =('Papa china Charco'!F14) -> 114000 | H7: =('Papa china Charco'!G14) -> 1710000
A8: =('Papa china Charco'!A15) -> El Charco | B8: Papa China | C8: =('Papa china Charco'!B15) -> Equipos y herramientas | D8: =('Papa china Charco'!C15) -> Tanque de plástico (polietileno) con capacidad de 500 litros para almacenamiento de agua potable diámetro aprox 105 cm, ancho aprox 105 cm, alto aprox 103 cm, con capa interior virgen, avalados por NTC 5022 y NTC 4384, con recubrimiento que evite la producción de algas y bacterias, con aditivo U.V para el bloqueo de rayos ultravioletas. | E8: =('Papa china Charco'!D15) -> Unidad | F8: =('Papa china Charco'!E15) -> 15 | G8: =('Papa china Charco'!F15) -> 305000 | H8: =('Papa china Charco'!G15) -> 4575000
A9: =('Papa china Charco'!A16) -> El Charco | B9: Papa China | C9: =('Papa china Charco'!B16) -> Equipos y herramientas | D9: =('Papa china Charco'!C16) -> Motocultor con motor Diesel de 4T y 296cc con sistema de arranque manual y abarca en promedio unos 400m²/hora con su trabajo de labranza de entre 180 y 300 mm de profundidad y de entre 1050 y 1350 mm de ancho de transmisión por engranajes, clutch de plato húmedo, palanca de cambios con reversa – marcha 2 – neutro – 1, peso de 160 kilogramos, ruedas de 8 pulgadas. | E9: =('Papa china Charco'!D16) -> Unidad | F9: =('Papa china Charco'!E16) -> 1 | G9: =('Papa china Charco'!F16) -> 4930327 | H9: =('Papa china Charco'!G16) -> 4930327
A10: =('Papa china Charco'!A17) -> El Charco | B10: Papa China | C10: =('Papa china Charco'!B17) -> Equipos y herramientas | D10: =('Papa china Charco'!C17) -> Fumigadora Estacionaria con motor de 5.5 Hp a Gasolina, con bomba automática para un caudal entre 20 - 40 Litros por minuto, presión entre 145 – 580 PSI | E10: =('Papa china Charco'!D17) -> Unidad | F10: =('Papa china Charco'!E17) -> 1 | G10: =('Papa china Charco'!F17) -> 1637900 | H10: =('Papa china Charco'!G17) -> 1637900
A11: =('Papa china Charco'!A18) -> El Charco | B11: Papa China | C11: =('Papa china Charco'!B18) -> Equipos y herramientas | D11: =('Papa china Charco'!C18) -> Guadaña con motor de dos tiempos con un rango de 40 CC a 45 CC, potencia de 1,6 - 2.2 KW, peso entre 6 - 6.3 kilogramos, presión acústica 90 - 96 dB, vibraciones izquierda/derecha 6,4/3,4 m/s2, cuchilla matorrales, capacidad de depósito 0,64 litros, eje de transmisión rígido, sistema anti vibración de un punto, longitud total (sin herramienta de corte) 190 centímetros, ancho de corte mínimo de 41 a 42 cm con cabezal de nylon. Incluye puñadura ergonómica multifuncional. | E11: =('Papa china Charco'!D18) -> Unidad | F11: =('Papa china Charco'!E18) -> 1 | G11: =('Papa china Charco'!F18) -> 2238000 | H11: =('Papa china Charco'!G18) -> 2238000
A12: =('Papa china Magui'!A9) -> Santa Barbara de iscuandé | B12: Papa China | C12: =('Papa china Magui'!B9) -> Insumo | D12: =('Papa china Magui'!C9) -> Abono orgánico mezclado con materiales de origen orgánico animal y vegetal que han sido sometidos a un proceso de compostaje y maduración, con una composición mínima de nitrógeno al 1,5%, Fosforo asimilable al 4% y Potasio soluble al 3,5%, Calcio (CaO) 10%, Magnesio total (MgO) 1.3%, Carbono orgánico oxidable 19% . Bulto x 40 kg. | E12: =('Papa china Magui'!D9) -> Bulto | F12: =('Papa china Magui'!E9) -> 30 | G12: =('Papa china Magui'!F9) -> 80000 | H12: =('Papa china Magui'!G9) -> 2400000
A13: =('Papa china Magui'!A10) -> Santa Barbara de iscuandé | B13: Papa China | C13: =('Papa china Magui'!B10) -> Insumo | D13: =('Papa china Magui'!C10) -> Herbicida foliar no selectivo con ingrediente activo paraquat al 20%, herbicida post-emergente de contacto no selectivo, ideal para controlar rápidamente malezas de hoja ancha y gramíneas, resistente a la lluvia y se inactiva al contacto con el suelo. Densidad 1.070-1.084 g/ml, pH 4-7, contenido paraquat 188-212 g/l, Categoría II. Presentación Caneca x 5 galones. | E13: =('Papa china Magui'!D10) -> Caneca | F13: =('Papa china Magui'!E10) -> 15 | G13: =('Papa china Magui'!F10) -> 255000 | H13: =('Papa china Magui'!G10) -> 3825000
A14: =('Papa china Magui'!A11) -> Santa Barbara de iscuandé | B14: Papa China | C14: =('Papa china Magui'!B11) -> Insumo | D14: =('Papa china Magui'!C11) -> Cal dolomita proveniente de la pulverización de la roca dolomita. Calcio total (CaO) 35% - Magnesio total (MgO) 16%, pH 9.7. Bulto x 40 kilogramos | E14: =('Papa china Magui'!D11) -> Bulto | F14: =('Papa china Magui'!E11) -> 30 | G14: =('Papa china Magui'!F11) -> 79500 | H14: =('Papa china Magui'!G11) -> 2385000
A15: =('Papa china Magui'!A12) -> Santa Barbara de iscuandé | B15: Papa China | C15: =('Papa china Magui'!B12) -> Insumo | D15: =('Papa china Magui'!C12) -> Fertilizante complejo, sólido granulado soluble, de color beige pálido. Nitrógeno total (% N) 15%, Fósforo total 15%, Potasio Total 15%, azufre total 10% pH: 6,0 – 7,2. Solubilidad en agua: 90 g/100 ml. Presentación bulto x 50 Kg. | E15: =('Papa china Magui'!D12) -> Bulto | F15: =('Papa china Magui'!E12) -> 15 | G15: =('Papa china Magui'!F12) -> 305000 | H15: =('Papa china Magui'!G12) -> 4575000
A16: =('Papa china Magui'!A13) -> Santa Barbara de iscuandé | B16: Papa China | C16: =('Papa china Magui'!B13) -> Equipos y herramientas | D16: =('Papa china Magui'!C13) -> Azada fabricada de una única pieza templada, en acero carbono de alta calidad, recubierta con pintura electrostática a polvo, lámina de tamaño 2.5 pulgadas, ojo de 38 mm de diámetro, mango de 145 cm en madera barnizada. | E16: =('Papa china Magui'!D13) -> Unidad | F16: =('Papa china Magui'!E13) -> 15 | G16: =('Papa china Magui'!F13) -> 114000 | H16: =('Papa china Magui'!G13) -> 1710000
A17: =('Papa china Magui'!A14) -> Santa Barbara de iscuandé | B17: Papa China | C17: =('Papa china Magui'!B14) -> Equipos y herramientas | D17: =('Papa china Magui'!C14) -> Tanque de plástico (polietileno) con capacidad de 500 litros para almacenamiento de agua potable diámetro aprox 105 cm, ancho aprox 105 cm, alto aprox 103 cm, con capa interior virgen, avalados por NTC 5022 y NTC 4384, con recubrimiento que evite la producción de algas y bacterias, con aditivo U.V para el bloqueo de rayos ultravioletas. | E17: =('Papa china Magui'!D14) -> Unidad | F17: =('Papa china Magui'!E14) -> 15 | G17: =('Papa china Magui'!F14) -> 305000 | H17: =('Papa china Magui'!G14) -> 4575000
A18: =('Papa china Magui'!A15) -> Santa Barbara de iscuandé | B18: Papa China | C18: =('Papa china Magui'!B15) -> Equipos y herramientas | D18: =('Papa china Magui'!C15) -> Fumigadora manual de espalda con una capacidad del Recipiente de 20 Litros en polietileno de alta densidad, capacidad de la cámara de 1 Litro, presión Máxima de Trabajo: 40 PSI (+/- 10%), lanza en acero Inoxidable, con pistón en Latón con posiciones de la Llave: Continua, Intermitente y de bloqueo total. Incluye una boquillas metálica de Cono Hueco (1000 cc), portaboquilla de uso agrícola Universal. | E18: =('Papa china Magui'!D15) -> Unidad | F18: =('Papa china Magui'!E15) -> 15 | G18: =('Papa china Magui'!F15) -> 575000 | H18: =('Papa china Magui'!G15) -> 8625000
A19: =('Papa china Magui'!A16) -> Santa Barbara de iscuandé | B19: Papa China | C19: =('Papa china Magui'!B16) -> Equipos y herramientas | D19: =('Papa china Magui'!C16) -> Motocultor con motor Diesel de 4T y 296cc con sistema de arranque manual y abarca en promedio unos 400m²/hora con su trabajo de labranza de entre 180 y 300 mm de profundidad y de entre 1050 y 1350 mm de ancho de transmisión por engranajes, clutch de plato húmedo, palanca de cambios con reversa – marcha 2 – neutro – 1, peso de 160 kilogramos, ruedas de 8 pulgadas. | E19: =('Papa china Magui'!D16) -> Unidad | F19: =('Papa china Magui'!E16) -> 1 | G19: =('Papa china Magui'!F16) -> 4930327 | H19: =('Papa china Magui'!G16) -> 4930327
A20: =('Papa china Magui'!A17) -> Santa Barbara de iscuandé | B20: Papa China | C20: =('Papa china Magui'!B17) -> Equipos y herramientas | D20: =('Papa china Magui'!C17) -> Fumigadora Estacionaria con motor de 5.5 Hp a Gasolina, con bomba automática para un caudal entre 20 - 40 Litros por minuto, presión entre 145 – 580 PSI | E20: =('Papa china Magui'!D17) -> Unidad | F20: =('Papa china Magui'!E17) -> 1 | G20: =('Papa china Magui'!F17) -> 1637900 | H20: =('Papa china Magui'!G17) -> 1637900
A21: =('Papa china Magui'!A18) -> Santa Barbara de iscuandé | B21: Papa China | C21: =('Papa china Magui'!B18) -> Equipos y herramientas | D21: =('Papa china Magui'!C18) -> Guadaña con motor de dos tiempos con un rango de 40 CC a 45 CC, potencia de 1,6 - 2.2 KW, peso entre 6 - 6.3 kilogramos, presión acústica 90 - 96 dB, vibraciones izquierda/derecha 6,4/3,4 m/s2, cuchilla matorrales, capacidad de depósito 0,64 litros, eje de transmisión rígido, sistema anti vibración de un punto, longitud total (sin herramienta de corte) 190 centímetros, ancho de corte mínimo de 41 a 42 cm con cabezal de nylon. Incluye puñadura ergonómica multifuncional. | E21: =('Papa china Magui'!D18) -> Unidad | F21: =('Papa china Magui'!E18) -> 1 | G21: =('Papa china Magui'!F18) -> 2238000 | H21: =('Papa china Magui'!G18) -> 2238000
A22: =(Coco!A9) -> Mosquera | B22: Coco | C22: =(Coco!B9) -> Insumo | D22: =(Coco!C9) -> Feromonas de Segregación Rhynchophorol C. Feromona sintética imitante de la señal química del compuesto orgánico secretado por los machos de la especie mencionada para atraer individuos de ambos sexos y de esta forma capturarlos en el trampeo masivo. Sobre x 0,5 ml. | E22: =(Coco!D9) -> Unidad | F22: =(Coco!E9) -> 30 | G22: =(Coco!F9) -> 20127 | H22: =(Coco!G9) -> 603810
A23: =(Coco!A10) -> Mosquera | B23: Coco | C23: =(Coco!B10) -> Insumo | D23: =(Coco!C10) -> Melaza de Caña Liquida como producto derivado de la caña de azúcar, con aspecto de color marrón oscuro, líquido denso y viscoso, de sabor dulce y ligeramente amargo. Composición: Azucares Totales mínimo 48%, cenizas sulfatadas máximo 16%, grados °brix 85. Presentación Bulto x 30 kg. | E23: =(Coco!D10) -> Bulto | F23: =(Coco!E10) -> 15 | G23: =(Coco!F10) -> 38400 | H23: =(Coco!G10) -> 576000
A24: =(Coco!A11) -> Mosquera | B24: Coco | C24: =(Coco!B11) -> Insumo | D24: =(Coco!C11) -> Insecticida piretroide, con principio activo Lambdacialotrina al 2,5% CE, Densidad: 0,800 +/- 0,010 g/mL pH: 6,0 – 8,0. Presentación en litro. | E24: =(Coco!D11) -> litro | F24: =(Coco!E11) -> 15 | G24: =(Coco!F11) -> 48200 | H24: =(Coco!G11) -> 723000
A25: =(Coco!A12) -> Mosquera | B25: Coco | C25: =(Coco!B12) -> Insumo | D25: =(Coco!C12) -> Recipiente bidón plástico con capacidad de 20 litros, para el transporte de líquidos, compatibles con productos químicos, fitosanitarios, agroquímicos. Fabricados con polietileno de alta densidad, grosor constante en todas las áreas del envase. | E25: =(Coco!D12) -> Unidad | F25: =(Coco!E12) -> 30 | G25: =(Coco!F12) -> 20150 | H25: =(Coco!G12) -> 604500
A26: =(Coco!A13) -> Mosquera | B26: Coco | C26: =(Coco!B13) -> Insumo | D26: =(Coco!C13) -> Saco Fique Granel de 70cm X 95cm - tejido 20/20. | E26: =(Coco!D13) -> Unidad | F26: =(Coco!E13) -> 30 | G26: =(Coco!F13) -> 17000 | H26: =(Coco!G13) -> 510000
A27: =(Coco!A15) -> Mosquera | B27: Coco | C27: =(Coco!B14) -> Insumo | D27: =(Coco!C14) -> Semillas para palmas de coco con desarrollo de raíz germinativo y tallo mínimo con 4 hojas. Las semillas deben provenir de viveros certificados por el ICA. | E27: =(Coco!D14) -> Unidad | F27: =(Coco!E14) -> 675 | G27: =(Coco!F14) -> 19600 | H27: =(Coco!G14) -> 13230000
A28: =(Coco!A14) -> Mosquera | B28: Coco | C28: =(Coco!B15) -> Equipos y herramientas | D28: =(Coco!C15) -> Tanque de plástico (polietileno) con capacidad de 500 litros para almacenamiento de agua potable diámetro aprox 105 cm, ancho aprox 105 cm, alto aprox 103 cm, con capa interior virgen, avalados por NTC 5022 y NTC 4384, con recubrimiento que evite la producción de algas y bacterias, con aditivo U.V para el bloqueo de rayos ultravioletas. | E28: =(Coco!D15) -> Unidad | F28: =(Coco!E15) -> 15 | G28: =(Coco!F15) -> 305000 | H28: =(Coco!G15) -> 4575000
A29: =(Coco!A16) -> Mosquera | B29: Coco | C29: =(Coco!B16) -> Equipos y herramientas | D29: =(Coco!C16) -> Kit de protección para fumigación, avalado por la NTC 5040 aplicable a cada componente, contiene escafandra laborada en tela anti-fluidos 90% poliéster, 10% acrilatopara repeler líquidos, mascarilla desechable con protección respiratoria de 3 capas de fieltro con filtro de carbón activado, gafas ajustables con protección UV y antiempañantes, guantes fabricados en nitrilo, camisa elaborada en tela anti-fluidos 90% poliéster ,10% acrilato y pantalón en tela antifluidos 90% poliéster, 10% acrílico. Disponibilidad de tallas variadas. Disponibilidad de tallas variadas. | E29: =(Coco!D16) -> Unidad | F29: =(Coco!E16) -> 15 | G29: =(Coco!F16) -> 211000 | H29: =(Coco!G16) -> 3165000
A30: =(Coco!A17) -> Mosquera | B30: Coco | C30: =(Coco!B17) -> Equipos y herramientas | D30: =(Coco!C17) -> Fumigadora manual de espalda con una capacidad del Recipiente de 20 Litros en polietileno de alta densidad, capacidad de la cámara de 1 Litro, presión Máxima de Trabajo: 40 PSI (+/- 10%), lanza en acero Inoxidable, con pistón en Latón con posiciones de la Llave: Continua, Intermitente y de bloqueo total. Incluye una boquillas metálica de Cono Hueco (1000 cc), portaboquilla de uso agrícola Universal. | E30: =(Coco!D17) -> Unidad | F30: =(Coco!E17) -> 15 | G30: =(Coco!F17) -> 575000 | H30: =(Coco!G17) -> 8625000
A31: =(Coco!A18) -> Mosquera | B31: Coco | C31: =(Coco!B18) -> Equipos y herramientas | D31: =(Coco!C18) -> Motosierra a gasolina de cilindrada 72.2 centímetros cúbicos y potencia de 5.23 hp, logro 3,9 kW, peso de la unidad sin combustible de 6,2 kg con una relación peso/potencia de 1,6 kg/kW, para una longitud de la espada 37-75 cm 3, longitud con tope de garra 450 mm, nivel de presión sonora 106 dB, potencia acústica 117 dB. | E31: =(Coco!D18) -> Unidad | F31: =(Coco!E18) -> 1 | G31: =(Coco!F18) -> 2065900 | H31: =(Coco!G18) -> 2065900
A32: =(Coco!A19) -> Mosquera | B32: Coco | C32: =(Coco!B19) -> Equipos y herramientas | D32: =(Coco!C19) -> Guadaña con motor de dos tiempos con un rango de 40 CC a 45 CC, potencia de 1,6 - 2.2 KW, peso entre 6 - 6.3 kilogramos, presión acústica 90 - 96 dB, vibraciones izquierda/derecha 6,4/3,4 m/s2, cuchilla matorrales, capacidad de depósito 0,64 litros, eje de transmisión rígido, sistema anti vibración de un punto, longitud total (sin herramienta de corte) 190 centímetros, ancho de corte mínimo de 41 a 42 cm con cabezal de nylon. Incluye puñadura ergonómica multifuncional. | E32: =(Coco!D19) -> Unidad | F32: =(Coco!E19) -> 1 | G32: =(Coco!F19) -> 2238000 | H32: =(Coco!G19) -> 2238000
A33: =('Plátano La Tola'!A8) -> La Tola | B33: Plátano | C33: =('Plátano La Tola'!B8) -> Insumo | D33: =('Plátano La Tola'!C8) -> Cal dolomita proveniente de la pulverización de la roca dolomita. Calcio total (CaO) 35% - Magnesio total (MgO) 16%, pH 9.7. Bulto x 40 kilogramos | E33: =('Plátano La Tola'!D8) -> Bulto | F33: =('Plátano La Tola'!E8) -> 30 | G33: =('Plátano La Tola'!F8) -> 79500 | H33: =('Plátano La Tola'!G8) -> 2385000
A34: =('Plátano La Tola'!A9) -> La Tola | B34: Plátano | C34: =('Plátano La Tola'!B9) -> Insumo | D34: =('Plátano La Tola'!C9) -> Fertilizante completo formulado 17-6-18-2, con una composición Nitrógeno Total (N) 17%, Fósforo 6%, Potasio 18%, Magnesio total 2%. Presentación bulto x 50 Kg. | E34: =('Plátano La Tola'!D9) -> Bulto | F34: =('Plátano La Tola'!E9) -> 15 | G34: =('Plátano La Tola'!F9) -> 245000 | H34: =('Plátano La Tola'!G9) -> 3675000
A35: =('Plátano La Tola'!A10) -> La Tola | B35: Plátano | C35: =('Plátano La Tola'!B10) -> Insumo | D35: =('Plátano La Tola'!C10) -> Herbicida foliar no selectivo con ingrediente activo paraquat al 20%, herbicida post-emergente de contacto no selectivo, ideal para controlar rápidamente malezas de hoja ancha y gramíneas, resistente a la lluvia y se inactiva al contacto con el suelo. Densidad 1.070-1.084 g/ml, pH 4-7, contenido paraquat 188-212 g/l, Categoría II. Presentación Caneca x 5 galones. | E35: =('Plátano La Tola'!D10) -> Caneca | F35: =('Plátano La Tola'!E10) -> 15 | G35: =('Plátano La Tola'!F10) -> 255000 | H35: =('Plátano La Tola'!G10) -> 3825000
A36: =('Plátano La Tola'!A11) -> La Tola | B36: Plátano | C36: =('Plátano La Tola'!B11) -> Insumo | D36: =('Plátano La Tola'!C11) -> Fungicida sistémico de aplicación foliar para el control de la sigatoka negra y botrytis su ingrediente activo es Pyrimethanil que inhibe la secreción de encimas. Presentación envase plástico x litro. | E36: =('Plátano La Tola'!D11) -> Litro | F36: =('Plátano La Tola'!E11) -> 15 | G36: =('Plátano La Tola'!F11) -> 131035 | H36: =('Plátano La Tola'!G11) -> 1965525
A37: =('Plátano La Tola'!A12) -> La Tola | B37: Plátano | C37: =('Plátano La Tola'!B12) -> Equipos y herramientas | D37: =('Plátano La Tola'!C12) -> Azada fabricada de una única pieza templada, en acero carbono de alta calidad, recubierta con pintura electrostática a polvo, lámina de tamaño 2.5 pulgadas, ojo de 38 mm de diámetro, mango de 145 cm en madera barnizada. | E37: =('Plátano La Tola'!D12) -> Unidad | F37: =('Plátano La Tola'!E12) -> 15 | G37: =('Plátano La Tola'!F12) -> 114000 | H37: =('Plátano La Tola'!G12) -> 1710000
A38: =('Plátano La Tola'!A13) -> La Tola | B38: Plátano | C38: =('Plátano La Tola'!B13) -> Equipos y herramientas | D38: =('Plátano La Tola'!C13) -> Fumigadora manual de espalda con una capacidad del Recipiente de 20 Litros en polietileno de alta densidad, capacidad de la cámara de 1 Litro, presión Máxima de Trabajo: 40 PSI (+/- 10%), lanza en acero Inoxidable, con pistón en Latón con posiciones de la Llave: Continua, Intermitente y de bloqueo total. Incluye una boquillas metálica de Cono Hueco (1000 cc), portaboquilla de uso agrícola Universal. | E38: =('Plátano La Tola'!D13) -> Unidad | F38: =('Plátano La Tola'!E13) -> 15 | G38: =('Plátano La Tola'!F13) -> 575000 | H38: =('Plátano La Tola'!G13) -> 8625000
A39: =('Plátano La Tola'!A14) -> La Tola | B39: Plátano | C39: =('Plátano La Tola'!B14) -> Equipos y herramientas | D39: =('Plátano La Tola'!C14) -> Tanque de plástico (polietileno) con capacidad de 500 litros para almacenamiento de agua potable diámetro aprox 105 cm, ancho aprox 105 cm, alto aprox 103 cm, con capa interior virgen, avalados por NTC 5022 y NTC 4384, con recubrimiento que evite la producción de algas y bacterias, con aditivo U.V para el bloqueo de rayos ultravioletas. | E39: =('Plátano La Tola'!D14) -> Unidad | F39: =('Plátano La Tola'!E14) -> 15 | G39: =('Plátano La Tola'!F14) -> 305000 | H39: =('Plátano La Tola'!G14) -> 4575000
A40: =('Plátano La Tola'!A15) -> La Tola | B40: Plátano | C40: =('Plátano La Tola'!B15) -> Equipos y herramientas | D40: =('Plátano La Tola'!C15) -> Fumigadora Estacionaria con motor de 5.5 Hp a Gasolina, con bomba automática para un caudal entre 20 - 40 Litros por minuto, presión entre 145 – 580 PSI | E40: =('Plátano La Tola'!D15) -> Unidad | F40: =('Plátano La Tola'!E15) -> 1 | G40: =('Plátano La Tola'!F15) -> 1637900 | H40: =('Plátano La Tola'!G15) -> 1637900
A41: =('Plátano La Tola'!A16) -> La Tola | B41: Plátano | C41: =('Plátano La Tola'!B16) -> Equipos y herramientas | D41: =('Plátano La Tola'!C16) -> Motosierra a gasolina de cilindrada 72.2 centímetros cúbicos y potencia de 5.23 hp, logro 3,9 kW, peso de la unidad sin combustible de 6,2 kg con una relación peso/potencia de 1,6 kg/kW, para una longitud de la espada 37-75 cm 3, longitud con tope de garra 450 mm, nivel de presión sonora 106 dB, potencia acústica 117 dB. | E41: =('Plátano La Tola'!D16) -> Unidad | F41: =('Plátano La Tola'!E16) -> 2 | G41: =('Plátano La Tola'!F16) -> 2065900 | H41: =('Plátano La Tola'!G16) -> 4131800
A42: =('Plátano La Tola'!A17) -> La Tola | B42: Plátano | C42: =('Plátano La Tola'!B17) -> Equipos y herramientas | D42: =('Plátano La Tola'!C17) -> Guadaña con motor de dos tiempos con un rango de 40 CC a 45 CC, potencia de 1,6 - 2.2 KW, peso entre 6 - 6.3 kilogramos, presión acústica 90 - 96 dB, vibraciones izquierda/derecha 6,4/3,4 m/s2, cuchilla matorrales, capacidad de depósito 0,64 litros, eje de transmisión rígido, sistema anti vibración de un punto, longitud total (sin herramienta de corte) 190 centímetros, ancho de corte mínimo de 41 a 42 cm con cabezal de nylon. Incluye puñadura ergonómica multifuncional. | E42: =('Plátano La Tola'!D17) -> Unidad | F42: =('Plátano La Tola'!E17) -> 2 | G42: =('Plátano La Tola'!F17) -> 2238000 | H42: =('Plátano La Tola'!G17) -> 4476000
A43: =('Plátano Olaya Herrera'!A9) -> Olaya Herrera | B43: Plátano | C43: =('Plátano Olaya Herrera'!B8) -> Insumo | D43: =('Plátano Olaya Herrera'!C8) -> Cal dolomita proveniente de la pulverización de la roca dolomita. Calcio total (CaO) 35% - Magnesio total (MgO) 16%, pH 9.7. Bulto x 40 kilogramos | E43: =('Plátano Olaya Herrera'!D8) -> Bulto | F43: =('Plátano Olaya Herrera'!E8) -> 30 | G43: =('Plátano Olaya Herrera'!F8) -> 79500 | H43: =('Plátano Olaya Herrera'!G8) -> 2385000
A44: =('Plátano Olaya Herrera'!A10) -> Olaya Herrera | B44: Plátano | C44: =('Plátano Olaya Herrera'!B9) -> Insumo | D44: =('Plátano Olaya Herrera'!C9) -> Fertilizante completo formulado 17-6-18-2, con una composición Nitrógeno Total (N) 17%, Fósforo 6%, Potasio 18%, Magnesio total 2%. Presentación bulto x 50 Kg. | E44: =('Plátano Olaya Herrera'!D9) -> Bulto | F44: =('Plátano Olaya Herrera'!E9) -> 15 | G44: =('Plátano Olaya Herrera'!F9) -> 245000 | H44: =('Plátano Olaya Herrera'!G9) -> 3675000
A45: =('Plátano Olaya Herrera'!A11) -> Olaya Herrera | B45: Plátano | C45: =('Plátano Olaya Herrera'!B10) -> Insumo | D45: =('Plátano Olaya Herrera'!C10) -> Herbicida foliar no selectivo con ingrediente activo paraquat al 20%, herbicida post-emergente de contacto no selectivo, ideal para controlar rápidamente malezas de hoja ancha y gramíneas, resistente a la lluvia y se inactiva al contacto con el suelo. Densidad 1.070-1.084 g/ml, pH 4-7, contenido paraquat 188-212 g/l, Categoría II. Presentación Caneca x 5 galones. | E45: =('Plátano Olaya Herrera'!D10) -> Caneca | F45: =('Plátano Olaya Herrera'!E10) -> 15 | G45: =('Plátano Olaya Herrera'!F10) -> 255000 | H45: =('Plátano Olaya Herrera'!G10) -> 3825000
A46: =('Plátano Olaya Herrera'!A12) -> Olaya Herrera | B46: Plátano | C46: =('Plátano Olaya Herrera'!B11) -> Insumo | D46: =('Plátano Olaya Herrera'!C11) -> Fungicida sistémico de aplicación foliar para el control de la sigatoka negra y botrytis su ingrediente activo es Pyrimethanil que inhibe la secreción de encimas. Presentación envase plástico x litro. | E46: =('Plátano Olaya Herrera'!D11) -> Litro | F46: =('Plátano Olaya Herrera'!E11) -> 15 | G46: =('Plátano Olaya Herrera'!F11) -> 131035 | H46: =('Plátano Olaya Herrera'!G11) -> 1965525
A47: =('Plátano Olaya Herrera'!A13) -> Olaya Herrera | B47: Plátano | C47: =('Plátano Olaya Herrera'!B12) -> Equipos y herramientas | D47: =('Plátano Olaya Herrera'!C12) -> Azada fabricada de una única pieza templada, en acero carbono de alta calidad, recubierta con pintura electrostática a polvo, lámina de tamaño 2.5 pulgadas, ojo de 38 mm de diámetro, mango de 145 cm en madera barnizada. | E47: =('Plátano Olaya Herrera'!D12) -> Unidad | F47: =('Plátano Olaya Herrera'!E12) -> 15 | G47: =('Plátano Olaya Herrera'!F12) -> 114000 | H47: =('Plátano Olaya Herrera'!G12) -> 1710000
A48: =('Plátano Olaya Herrera'!A14) -> Olaya Herrera | B48: Plátano | C48: =('Plátano Olaya Herrera'!B13) -> Equipos y herramientas | D48: =('Plátano Olaya Herrera'!C13) -> Fumigadora manual de espalda con una capacidad del Recipiente de 20 Litros en polietileno de alta densidad, capacidad de la cámara de 1 Litro, presión Máxima de Trabajo: 40 PSI (+/- 10%), lanza en acero Inoxidable, con pistón en Latón con posiciones de la Llave: Continua, Intermitente y de bloqueo total. Incluye una boquillas metálica de Cono Hueco (1000 cc), portaboquilla de uso agrícola Universal. | E48: =('Plátano Olaya Herrera'!D13) -> Unidad | F48: =('Plátano Olaya Herrera'!E13) -> 15 | G48: =('Plátano Olaya Herrera'!F13) -> 575000 | H48: =('Plátano Olaya Herrera'!G13) -> 8625000
A49: =('Plátano Olaya Herrera'!A15) -> Olaya Herrera | B49: Plátano | C49: =('Plátano Olaya Herrera'!B14) -> Equipos y herramientas | D49: =('Plátano Olaya Herrera'!C14) -> Tanque de plástico (polietileno) con capacidad de 500 litros para almacenamiento de agua potable diámetro aprox 105 cm, ancho aprox 105 cm, alto aprox 103 cm, con capa interior virgen, avalados por NTC 5022 y NTC 4384, con recubrimiento que evite la producción de algas y bacterias, con aditivo U.V para el bloqueo de rayos ultravioletas. | E49: =('Plátano Olaya Herrera'!D14) -> Unidad | F49: =('Plátano Olaya Herrera'!E14) -> 15 | G49: =('Plátano Olaya Herrera'!F14) -> 305000 | H49: =('Plátano Olaya Herrera'!G14) -> 4575000
A50: =('Plátano Olaya Herrera'!A16) -> Olaya Herrera | B50: Plátano | C50: =('Plátano Olaya Herrera'!B15) -> Equipos y herramientas | D50: =('Plátano Olaya Herrera'!C15) -> Fumigadora Estacionaria con motor de 5.5 Hp a Gasolina, con bomba automática para un caudal entre 20 - 40 Litros por minuto, presión entre 145 – 580 PSI | E50: =('Plátano Olaya Herrera'!D15) -> Unidad | F50: =('Plátano Olaya Herrera'!E15) -> 1 | G50: =('Plátano Olaya Herrera'!F15) -> 1637900 | H50: =('Plátano Olaya Herrera'!G15) -> 1637900
A51: =('Plátano Olaya Herrera'!A17) -> Olaya Herrera | B51: Plátano | C51: =('Plátano Olaya Herrera'!B16) -> Equipos y herramientas | D51: =('Plátano Olaya Herrera'!C16) -> Motosierra a gasolina de cilindrada 72.2 centímetros cúbicos y potencia de 5.23 hp, logro 3,9 kW, peso de la unidad sin combustible de 6,2 kg con una relación peso/potencia de 1,6 kg/kW, para una longitud de la espada 37-75 cm 3, longitud con tope de garra 450 mm, nivel de presión sonora 106 dB, potencia acústica 117 dB. | E51: =('Plátano Olaya Herrera'!D16) -> Unidad | F51: =('Plátano Olaya Herrera'!E16) -> 2 | G51: =('Plátano Olaya Herrera'!F16) -> 2065900 | H51: =('Plátano Olaya Herrera'!G16) -> 4131800
A52: =('Plátano Olaya Herrera'!A17) -> Olaya Herrera | B52: Plátano | C52: =('Plátano Olaya Herrera'!B17) -> Equipos y herramientas | D52: =('Plátano Olaya Herrera'!C17) -> Guadaña con motor de dos tiempos con un rango de 40 CC a 45 CC, potencia de 1,6 - 2.2 KW, peso entre 6 - 6.3 kilogramos, presión acústica 90 - 96 dB, vibraciones izquierda/derecha 6,4/3,4 m/s2, cuchilla matorrales, capacidad de depósito 0,64 litros, eje de transmisión rígido, sistema anti vibración de un punto, longitud total (sin herramienta de corte) 190 centímetros, ancho de corte mínimo de 41 a 42 cm con cabezal de nylon. Incluye puñadura ergonómica multifuncional. | E52: =('Plátano Olaya Herrera'!D17) -> Unidad | F52: =('Plátano Olaya Herrera'!E17) -> 2 | G52: =('Plátano Olaya Herrera'!F17) -> 2238000 | H52: =('Plátano Olaya Herrera'!G17) -> 4476000
A53: =(Camarón!A10) -> Tumaco | B53: Camarón | C53: =(Camarón!B10) -> Insumo | D53: =(Camarón!C10) -> Concentrado para camarón, durante las etapas de levante y finalización,. Proteína (MIN) 35.0%, Grasa (MIN) 5.0%, fibra (MIN) 5.0%, ceniza (MÁX) 12%, humedad (MÁX) 13.0%, presentación bulto x 40 kg | E53: =(Camarón!D10) -> Bulto | F53: =(Camarón!E10) -> 70 | G53: =(Camarón!F10) -> 155000 | H53: =(Camarón!G10) -> 10850000
A54: =(Camarón!A11) -> Tumaco | B54: Camarón | C54: =(Camarón!B11) -> Insumo | D54: =(Camarón!C11) -> Cal agrícola: polvo blanco, finamente divido e inoloro, material . Carbonato de Calcio CaCO3 90%-100%. solubilidad 0.017 g/l, punto de fusión 825ºC. Bulto x 50 kg | E54: =(Camarón!D11) -> Bulto | F54: =(Camarón!E11) -> 4 | G54: =(Camarón!F11) -> 45000 | H54: =(Camarón!G11) -> 180000
A55: =(Camarón!A12) -> Tumaco | B55: Camarón | C55: =(Camarón!B12) -> Equipos y herramientas | D55: =(Camarón!C12) -> Blower Aireador Solar de 1 HP Kit blower o soplador industrial para aireación de estanques con funcionamiento mediante energía solar, Potencia: 750 watts (1 HP), Función Doble Propósito: inyección de aire oxigenado y extracción de gases nocivos, Voltaje: DC 48 voltios, Caudal: mínimo 25 m³/hora, Cobertura: mínimo 666 m², Material carcasa: plástico ABS, Dimensiones: 16 cm de ancho x 46 cm de alto (+/- 3%), Peso: 14 kg (+/- 3%) Kit Sistema fotovoltaico autónomo compuesto por: 2 paneles solares monocristalinos de 590W. 1 batería ciclo profundo agm 100 amperios y 12 voltios. 1 inversos MPPT 80 amperios con potencia nominal mínima de 3000 watts y tensión nominal de trabajo mínima 12 voltios. 6 conectores mc4 par. 2 breakers AC de 30 amperios. 2 mini breakers DC para el riel DIN 32 amperios 800 voltios. 40 metros de cable polarizado apto para sistemas fotovoltaicos. 1 caja de protección para breakers. 3 cables calibre 2 AWG cada uno de 3 metros de longitud. 4 cables calibre 8AWG cada uno de 3 metros de longitud. 1 Dispositivo de Protección contra Sobretensiones (DPS). | E55: =(Camarón!D12) -> Unidad | F55: =(Camarón!E12) -> 1 | G55: =(Camarón!F12) -> 9772000 | H55: =(Camarón!G12) -> 9772000
A56: =(Camarón!A13) -> Tumaco | B56: Camarón | C56: =(Camarón!B13) -> Equipos y herramientas | D56: =(Camarón!C13) -> Geomembrana para revestimiento de estanques o pozos destinados al cultivo de camarón, fabricada en material sintético impermeable tipo HDPE, LLDPE o equivalente, con protección UV y exposiciones ambientales, resistente al rasgado. Dimensiones: área a cubrir 30 m2, medidas sujetas al requerimiento de la supervisión durante ejecución, espesor mínimo 1.0 mm. | E56: =(Camarón!D13) -> Unidad | F56: =(Camarón!E13) -> 30 | G56: =(Camarón!F13) -> 250000 | H56: =(Camarón!G13) -> 7500000
A57: =(Camarón!A14) -> Tumaco | B57: Camarón | C57: =(Camarón!B14) -> Equipos y herramientas | D57: =(Camarón!C14) -> Electrobomba con Potencia de 1 HP, diámetro de entrada tubería 2.54 cm, Flujo máximo de 55 l/min, altura máxima de succión de 50 m para acceso a agua en pozos profundos. Dimensiones compactas de 26 cm x 15 cm x 12 cm. | E57: =(Camarón!D14) -> Unidad | F57: =(Camarón!E14) -> 1 | G57: =(Camarón!F14) -> 453989 | H57: =(Camarón!G14) -> 453989
A58: =(Camarón!A15) -> Tumaco | B58: Camarón | C58: =(Camarón!B15) -> Equipos y herramientas | D58: =(Camarón!C15) -> Manguera 1/2 polietileno con una longitud de 100 M para soportar una presión de 120 Psi, fabricada con un 70% de material recuperado y un 30% de material virgen | E58: =(Camarón!D15) -> Rollo | F58: =(Camarón!E15) -> 1 | G58: =(Camarón!F15) -> 200000 | H58: =(Camarón!G15) -> 200000
A59: =(Camarón!A16) -> Tumaco | B59: Camarón | C59: =(Camarón!B16) -> Equipos y herramientas | D59: =(Camarón!C16) -> Tanque de plástico (polietileno) con capacidad de 1000 litros para almacenamiento de agua potable, diámetro aprox 126 cm, ancho aprox 126 cm y alto aprox 145 cm, con capa interior virgen, avalados por NTC 5022 y NTC 4384, con recubrimiento que evite la producción de algas y bacterias, con aditivo U.V para el bloqueo de rayos ultravioletas. | E59: =(Camarón!D16) -> Unidad | F59: =(Camarón!E16) -> 3 | G59: =(Camarón!F16) -> 600000 | H59: =(Camarón!G16) -> 1800000
A60: =(Camarón!A17) -> Tumaco | B60: Camarón | C60: =(Camarón!B17) -> Insumo | D60: =(Camarón!C17) -> Semilla certificada de Nauplios (larvas) de camarón Machrobraquin tenellum. | E60: =(Camarón!D17) -> Unidad | F60: =(Camarón!E17) -> 3000 | G60: =(Camarón!F17) -> 300 | H60: =(Camarón!G17) -> 900000
A61: =(Camarón!A18) -> Tumaco | B61: Camarón | C61: =(Camarón!B18) -> Insumo | D61: =(Camarón!C18) -> Melaza de Caña Liquida como producto derivado de la caña de azúcar, con aspecto de color marrón oscuro, líquido denso y viscoso, de sabor dulce y ligeramente amargo. Composición: Azucares Totales mínimo 48%, cenizas sulfatadas máximo 16%, grados °brix 85. Presentación Bulto x 30 kg. | E61: =(Camarón!D18) -> Bulto | F61: =(Camarón!E18) -> 2 | G61: =(Camarón!F18) -> 38400 | H61: =(Camarón!G18) -> 76800
A62: =(Camarón!A19) -> Tumaco | B62: Camarón | C62: =(Camarón!B19) -> Equipos y herramientas | D62: =(Camarón!C19) -> Pala redonda en acero forjado de alta durabilidad Ancho aprox 26 cm, alto aprox 145 cm, espesor aprox 0.16 cm, con cabo de madera y manija plástica con un peso aproximado de 1 kilogramos. | E62: =(Camarón!D19) -> Unidad | F62: =(Camarón!E19) -> 1 | G62: =(Camarón!F19) -> 60000 | H62: =(Camarón!G19) -> 60000
A63: =(Camarón!A20) -> Tumaco | B63: Camarón | C63: =(Camarón!B20) -> Equipos y herramientas | D63: =(Camarón!C20) -> Chile (Atarraya de ojo pequeño) para captura de peces tipo carnadas. Material de fabricación: Nylon multifilamento, Radio: 1.7 m, Diámetro: 3.4 m, Grosor del nylon: 0.30 cm apróx, con 5 libras de plomo para su hundimiento, Ojo de malla: 1 pulgada, Circunferencia aproximada: 10 m, Red circular de caída en forma de sombrilla y utilizada al voleo, tipo de cierre: bolsa argolla, con protección contra los rayos del sol - UV | E63: =(Camarón!D20) -> Unidad | F63: =(Camarón!E20) -> 1 | G63: =(Camarón!F20) -> 1130000 | H63: =(Camarón!G20) -> 1130000
A64: =(Camarón!A21) -> Tumaco | B64: Camarón | C64: =(Camarón!B21) -> Equipos y herramientas | D64: =(Camarón!C21) -> Malla pajarera de 1.80 m de ancho por 50 m de largo, fabricada en polipropileno de alta densidad. | E64: =(Camarón!D21) -> Rollo | F64: =(Camarón!E21) -> 2 | G64: =(Camarón!F21) -> 83000 | H64: =(Camarón!G21) -> 166000
A65: =(Camarón!A22) -> Tumaco | B65: Camarón | C65: =(Camarón!B22) -> Equipos y herramientas | D65: =(Camarón!C22) -> Carrete Cable Acero Plastificado 1/8”, rollo x 200m, configuración de núcleo en acero galvanizado recubierta por una capa que garantiza protección anticorrosiva, peso aprox 9.7 kg, | E65: =(Camarón!D22) -> Rollo | F65: =(Camarón!E22) -> 1 | G65: =(Camarón!F22) -> 420000 | H65: =(Camarón!G22) -> 420000
A66: =(Tilapia!A9) -> Tumaco | B66: =(Tilapia!B9) -> Tilapia | C66: =(Tilapia!C9) -> Insumo | D66: =(Tilapia!D9) -> Semilla certificada de Alevinos de tilapia roja Oreochromis sp de 1 gramos o de peso aproximado con tamaño entre 2,5 - 3 cm, homogéneos, porcentaje de reversión sexual mínimo del 90% | E66: =(Tilapia!E9) -> Unidad | F66: =(Tilapia!F9) -> 24250 | G66: =(Tilapia!G9) -> 370 | H66: =(Tilapia!H9) -> 8972500
A67: =(Tilapia!A10) -> Tumaco | B67: =(Tilapia!B10) -> Tilapia | C67: =(Tilapia!C10) -> Insumo | D67: =(Tilapia!D10) -> Concentrado para tilapia harina 45% de proteína min, Grasa min 4%, Fibra máx 6.0%, Cenizas máx 10%, Humedad máx 12%. Fecha de vigencia y/o elaboración. Presentación bulto x 40 Kg. | E67: =(Tilapia!E10) -> Bulto | F67: =(Tilapia!F10) -> 14 | G67: =(Tilapia!G10) -> 228140 | H67: =(Tilapia!H10) -> 3193960
A68: =(Tilapia!A11) -> Tumaco | B68: =(Tilapia!B11) -> Tilapia | C68: =(Tilapia!C11) -> Insumo | D68: =(Tilapia!D11) -> Concentrado para tilapia extruder 38% de proteína min, Grasa min 4%, Fibra máx 6.0%, Cenizas máx 10%, Humedad máx 12%. Fecha de vigencia y/o elaboración. Presentación Bulto x 40 kg. | E68: =(Tilapia!E11) -> Bulto | F68: =(Tilapia!F11) -> 48 | G68: =(Tilapia!G11) -> 179340 | H68: =(Tilapia!H11) -> 8608320
A69: =(Tilapia!A12) -> Tumaco | B69: =(Tilapia!B12) -> Tilapia | C69: =(Tilapia!C12) -> Insumo | D69: =(Tilapia!D12) -> Concentrado para tilapia extruder 30% de proteína min, Grasa min 6%, Fibra máx 6.0%, Cenizas máx 12%, Humedad máx 12%. Fecha de vigencia y/o elaboración. Presentación bulto x 40 kg. | E69: =(Tilapia!E12) -> Bulto | F69: =(Tilapia!F12) -> 146 | G69: =(Tilapia!G12) -> 153720 | H69: =(Tilapia!H12) -> 22443120
A70: =(Tilapia!A13) -> Tumaco | B70: =(Tilapia!B13) -> Tilapia | C70: =(Tilapia!C13) -> Insumo | D70: =(Tilapia!D13) -> Concentrado para tilapia extruder 24% de proteína min, Grasa min 4%, Fibra máx 8.0%, Cenizas máx 10%, Humedad máx 12 %. Fecha de vigencia y/o elaboración. Presentación Bulto x 40 kg | E70: =(Tilapia!E13) -> Bulto | F70: =(Tilapia!F13) -> 98 | G70: =(Tilapia!G13) -> 135420 | H70: =(Tilapia!H13) -> 13271160
A71: =(Tilapia!A14) -> Tumaco | B71: =(Tilapia!B14) -> 0 | C71: =(Tilapia!C14) -> Insumo | D71: =(Tilapia!D14) -> Sal Marina para Piscicultura, Compuesta por Cloruro sódico (NaCl), Humedad ≤ 0.5%, Cloruro sódico en materia seca ≥ 97%, Residuo insoluble en agua ≤5 gr/kg, Nitrógeno Total ≤20 mg/kg. NO CONTIENE ADITIVOS. Producto Color blanco, granulado, cristalino, inodoro, limpio, suelto y soluble en agua. Presentación bulto x 34 kg. | E71: =(Tilapia!E14) -> Bulto | F71: =(Tilapia!F14) -> 10 | G71: =(Tilapia!G14) -> 40700 | H71: =(Tilapia!H14) -> 407000
A72: =(Tilapia!A15) -> Tumaco | B72: =(Tilapia!B15) -> Tilapia | C72: =(Tilapia!C15) -> Equipos y herramientas | D72: =(Tilapia!D15) -> Malla pajarera de 1.80 m de ancho por 50 m de largo, fabricada en polipropileno de alta densidad. | E72: =(Tilapia!E15) -> Rollo | F72: =(Tilapia!F15) -> 2 | G72: =(Tilapia!G15) -> 83000 | H72: =(Tilapia!H15) -> 166000
A73: =(Tilapia!A16) -> Tumaco | B73: =(Tilapia!B16) -> Tilapia | C73: =(Tilapia!C16) -> Equipos y herramientas | D73: =(Tilapia!D16) -> Carrete Cable Acero Plastificado 1/8”, rollo x 200m, configuración de núcleo en acero galvanizado recubierta por una capa que garantiza protección anticorrosiva, peso aprox 9.7 kg, | E73: =(Tilapia!E16) -> Rollo | F73: =(Tilapia!F16) -> 1 | G73: =(Tilapia!G16) -> 420000 | H73: =(Tilapia!H16) -> 420000
A74: =(Tilapia!A17) -> Tumaco | B74: =(Tilapia!B17) -> Tilapia | C74: =(Tilapia!C17) -> Equipos y herramientas | D74: =(Tilapia!D17) -> Tanque Circular de Geomembrana, en material polietileno de alta densidad HDPE, calibre 40 mils resistente a rayos ultravioleta, Diámetro del tanque 3m, altura 1.2 metros cúbicos, capacidad de 9.000 litros. Estructura elaborada en platinas de hierro 2” x 1/8” (0.31 cm), con pintura anticorrosiva, conexión al desagüe entre 2-4” Uso: almacenamiento de agua, para piscicultura y almacenamiento en general de líquidos libres de hidrocarburos; producto nuevo y en perfecto estado. Deberá cumplir con la normatividad vigente y aplicable. | E74: =(Tilapia!E17) -> Unidad | F74: =(Tilapia!F17) -> 1 | G74: =(Tilapia!G17) -> 11800000 | H74: =(Tilapia!H17) -> 11800000
A75: =(Tilapia!A18) -> Tumaco | B75: =(Tilapia!B18) -> Tilapia | C75: =(Tilapia!C18) -> Equipos y herramientas | D75: =(Tilapia!D18) -> Chinchorro para Piscicultura 25 x 2,5 m, calibre mínimo 210/12 o equivalente: Aparejo de pesca especial para la captura de peces, Material de fabricación: nylon multifilamento, Ojo de malla de 1 pulgada sin nudo; Flotación con boyas plásticas estándar de color naranja o azul y lastre de plomo que garantice la correcta operación y extensión de red, Con protección contra los rayos del sol – UV. | E75: =(Tilapia!E18) -> Unidad | F75: =(Tilapia!F18) -> 2 | G75: =(Tilapia!G18) -> 3650000 | H75: =(Tilapia!H18) -> 7300000
A76: =(Tilapia!A19) -> Tumaco | B76: =(Tilapia!B19) -> Tilapia | C76: =(Tilapia!C19) -> Equipos y herramientas | D76: =(Tilapia!D19) -> Chile (Atarraya de ojo pequeño) para captura de peces tipo carnadas. Material de fabricación: Nylon multifilamento, Radio: 1.7 m, Diámetro: 3.4 m, Grosor del nylon: 0.30 cm apróx, con 5 libras de plomo para su hundimiento, Ojo de malla: 1 pulgada, Circunferencia aproximada: 10 m, Red circular de caída en forma de sombrilla y utilizada al voleo, tipo de cierre: bolsa argolla, con protección contra los rayos del sol - UV | E76: =(Tilapia!E19) -> Unidad | F76: =(Tilapia!F19) -> 2 | G76: =(Tilapia!G19) -> 1130000 | H76: =(Tilapia!H19) -> 2260000
A77: =(Tilapia!A20) -> Tumaco | B77: =(Tilapia!B20) -> Tilapia | C77: =(Tilapia!C20) -> Equipos y herramientas | D77: =(Tilapia!D20) -> Discos Secchi para monitoreo de calidad de agua en sistemas piscícolas: Diámetro: 25 centímetros, Material del Cuerpo: Acrílico o polietileno reforzado con perno de acero inoxidable, Dos cuadrantes blancos y dos negros, Cinta o cuerda de 3 metros graduada en milímetros, centímetros y/o metros, Pieza de plomo de 250 gramos para contrapeso, | E77: =(Tilapia!E20) -> Unidad | F77: =(Tilapia!F20) -> 1 | G77: =(Tilapia!G20) -> 320000 | H77: =(Tilapia!H20) -> 320000
... A85: =(Tilapia!A28) -> Tumaco | B85: =(Tilapia!B28) -> Tilapia | C85: =(Tilapia!C28) -> Equipos y herramientas | D85: =(Tilapia!D28) -> Nasas para muestreo y pesca, fabricada con malla sin nudo de ½” (12.7mm aprox) o equivalente. Estructura fabricada en aluminio, aro de forma cuadrada u ovalada con dimensión comprendida entre 38-55cm, longitud mínima del mango entre 65-90 cm de largo, profundidad del saco entre 35-50 cm. | E85: =(Tilapia!E28) -> Unidad | F85: =(Tilapia!F28) -> 2 | G85: =(Tilapia!G28) -> 248088 | H85: =(Tilapia!H28) -> 496176
H86: =SUM(H2:H85) -> 319581135
H90: 319581135
D92: =+'Papa china Charco'!G19 -> 36901227 | H92: =(H90-H86) -> 0
D93: =+'Papa china Magui'!G19 -> 36901227
D94: =+Coco!G20 -> 36916210
D95: =+'Plátano La Tola'!G18 -> 37006225
D96: =+'Plátano Olaya Herrera'!G18 -> 37006225
D97: =+Camarón!G23 -> 33508789
D98: =+Tilapia!H29 -> 101341232
D99: =+SUM(D92:D98) -> 319581135

Sheet INFO GENERAL
A2: Valor CONSULTIVAS | B2: Municipio | C2: Línea | D2: Presupuesto por línea | E2: Número de beneficiarios
A3: 184581135 | B3: La Tola | C3: Plátano | D3: =($A$3/5) -> 36916227 | E3: 15
B4: El Charco | C4: Papa China | D4: =($A$3/5) -> 36916227 | E4: 15
B5: Mosquera | C5: Coco | D5: =($A$3/5) -> 36916227 | E5: 15
B6: Olaya Herrera | C6: Plátano | D6: =($A$3/5) -> 36916227 | E6: 15
B7: Santa Barbara de iscuandé | C7: Papa China | D7: =($A$3/5) -> 36916227 | E7: 15
B8: Tumaco | C8: Camarón chambero | D8: 35000000 | E8: 35
C9: Tilapia | D9: 100000000 | E9: 30
B10: Total | D10: =SUM(D3:D9) -> 319581135 | E10: =SUM(E3:E9) -> 140

Sheet CAP FINAN Y ORG
A1: N° | B1: PROVEEDOR | C1: NIT | D1: INDICE DE LIQUIDEZ | E1: INDICE DE ENDEUDAMIENTO | F1: RAZÓN DE COBERTURA DE INTERÉSES | G1: PATRIMONIO | H1: MIPYME | J1: N° | K1: PROVEEDOR | L1: NIT | M1: RENTABILIDAD DEL PATRIMONIO | N1: RENTABILIDAD DEL ACTIVO
A2: 1 | B2: AGRAMBIENTAL SOLUCIONES S.A.S | C2: 9006051064 | D2: 1 | E2: 0.95 | F2: INDETERMINADO | G2: 1536335517 | H2: Pequeña | J2: 1 | K2: AGRAMBIENTAL SOLUCIONES S.A.S | L2: 9006051064 | M2: 0.31 | N2: 0.01
A3: 2 | B3: BIOAGUA INGENIERIA Y CONTROL AMBIENTAL S.A.S | C3: 9008716680 | D3: 15.88 | E3: 0.21 | F3: INDETERMINADO | G3: 256170615 | H3: Micro | J3: 2 | K3: BIOAGUA INGENIERIA Y CONTROL AMBIENTAL S.A.S | L3: 9008716680 | M3: 0.05 | N3: 0.04
A4: 3 | B4: MAS TERRITORIO S.A.S | C4: 9013792439 | D4: 1.33 | E4: 0.66 | F4: INDETERMINADO | G4: 270335086 | H4: Micro | J4: 3 | K4: MAS TERRITORIO S.A.S | L4: 9013792439 | M4: 0.36 | N4: 0.12
A5: 4 | B5: CONSANDER S.A.S | C5: 9010221398 | D5: 17.53 | E5: 0.58 | F5: INDETERMINADO | G5: 1.1082189e+08 | H5: Micro | J5: 4 | K5: CONSANDER S.A.S | L5: 9010221398 | M5: 0.3 | N5: 0.12
A6: 5 | B6: GOBIERNO Y GESTIÓN LOCAL S.A.S | C6: 9005452451 | D6: 5.84 | E6: 0.16 | F6: INDETERMINADO | G6: 434500388 | H6: Pequeña | J6: 5 | K6: GOBIERNO Y GESTIÓN LOCAL S.A.S | L6: 9005452451 | M6: 0.77 | N6: 0.64
A7: 6 | B7: HQ SERVICIOS E INVERSIONES S.A.S | C7: 9011517519 | D7: 2.72 | E7: 0.36 | F7: 17.3 | G7: 1281050065 | H7: Pequeña | J7: 6 | K7: HQ SERVICIOS E INVERSIONES S.A.S | L7: 9011517519 | M7: 0.32 | N7: 0.2
A8: 7 | B8: BYD MULTIPROYECTOS S.A.S | C8: 9002684198 | D8: 3.71 | E8: 0.29 | F8: 61.81 | G8: 1026423753 | H8: Micro | J8: 7 | K8: BYD MULTIPROYECTOS S.A.S | L8: 9002684198 | M8: 0.02 | N8: 0.01
A9: 8 | B9: CONSICOR S.A.S | C9: 9005596541 | D9: 7.46 | E9: 0.58 | F9: 15.01 | G9: 6943665394 | H9: Micro | J9: 8 | K9: CONSICOR S.A.S | L9: 9005596541 | M9: 0.35 | N9: 0.14
A10: 9 | B10: 1570 INGENEIRIA S.A.S | C10: 9013808709 | D10: 1.95 | E10: 0.12 | F10: INDETERMINADO | G10: 7.0717351e+08 | H10: Micro | J10: 9 | K10: 1570 INGENEIRIA S.A.S | L10: 9013808709 | M10: 0.28 | N10: 0.25
A11: 10 | B11: HB INGENIERIA S.A.S | C11: 9012405451 | D11: 18.21 | E11: 0.08 | F11: 22.36 | G11: 443017000 | H11: Pequeña | J11: 10 | K11: HB INGENIERIA S.A.S | L11: 9012405451 | M11: 0.05 | N11: 0.04
A12: 11 | B12: PROYECTISTAS ASOCIADOS S.A.S | C12: 9004261557 | D12: 4.6 | E12: 0.3 | F12: 4.21 | G12: 4731242885 | H12: Pequeña | J12: 11 | K12: PROYECTISTAS ASOCIADOS S.A.S | L12: 9004261557 | M12: 0.17 | N12: 0.11
A13: 12 | B13: C&C INGENIEROS CONSULTORES Y CONSTRUCTORES S.A.S | C13: 9008605551 | D13: 2.19 | E13: 0.41 | F13: 5.28 | G13: 834131428 | H13: Mico | J13: 12 | K13: C&C INGENIEROS CONSULTORES Y CONSTRUCTORES S.A.S | L13: 9008605551 | M13: 0.12 | N13: 0.17
A14: 13 | B14: CONSULTORES Y SERVICIOS ASOCIADOS CSA S.A.S | C14: 9003547991 | D14: 3.25 | E14: 0.3 | F14: INDETERMINADO | G14: 188981555 | H14: Micro | J14: 13 | K14: CONSULTORES Y SERVICIOS ASOCIADOS CSA S.A.S | L14: 9003547991 | M14: 0.58 | N14: 0.4
A15: 14 | B15: CYB CONSTRUCTORES S.A.S | C15: 9000128668 | D15: 14.89 | E15: 0.05 | F15: INDETERMINADO | G15: 1856685526 | H15: Mediana | J15: 14 | K15: CYB CONSTRUCTORES S.A.S | L15: 9000128668 | M15: 0.28 | N15: 0.27
A16: 15 | B16: DESARROLLADORA DE NEGOCIOS Y SUMINISTROS CAM S.A.S | C16: 9003136601 | D16: 3.5 | E16: 0.57 | F16: 58.7 | G16: 5.1173316e+08 | H16: Micro | J16: 15 | K16: DESARROLLADORA DE NEGOCIOS Y SUMINISTROS CAM S.A.S | L16: 9003136601 | M16: 0.31 | N16: 0.13
A17: 16 | B17: FUNDACIÓN NUEVA ESPERANZA SOCIAL | C17: 9004791941 | D17: 1 | E17: 0.24 | F17: INDETERMINADO | G17: 6200000 | H17: Micro | J17: 16 | K17: FUNDACIÓN NUEVA ESPERANZA SOCIAL | L17: 9004791941 | M17: 0.19 | N17: 0.14
A18: 17 | B18: ARTIEMTICA S.A.S | C18: 9009533301 | D18: 2.49 | E18: 0.56 | F18: INDETERMINADO | G18: 902714211 | H18: Micro | J18: 17 | K18: ARTIEMTICA S.A.S | L18: 9009533301 | M18: 0.27 | N18: 0.11
A19: 18 | B19: CONBASES S.A.S | C19: 9014467634 | D19: 30.62 | E19: 0.02 | F19: 7.9 | G19: 1730736000 | H19: Pequeña | J19: 18 | K19: CONBASES S.A.S | L19: 9014467634 | M19: 0.21 | N19: 0.21
A20: 19 | B20: AUDIT TRUST SERVICES S.A.S | C20: 9007013703 | D20: 15.24 | E20: 0.06 | F20: INDETERMINADO | G20: 783981823 | H20: Micro | J20: 19 | K20: AUDIT TRUST SERVICES S.A.S | L20: 9007013703 | M20: 0.06 | N20: 0.05
A21: 20 | B21: BUSBANZA INGENIERIA S.A.S | C21: 9011858799 | D21: 5.94 | E21: 0.08 | F21: 11.57 | G21: 959659681 | H21: Micro | J21: 20 | K21: BUSBANZA INGENIERIA S.A.S | L21: 9011858799 | M21: 0.27 | N21: 0.25
A22: 21 | B22: INGENIERIA JM S.A.S | C22: 9002724193 | D22: 4.35 | E22: 0.27 | F22: 7.69 | G22: 1990967756 | H22: Pequeña | J22: 21 | K22: INGENIERIA JM S.A.S | L22: 9002724193 | M22: 0.44 | N22: 0.31
A23: 22 | B23: GRUPO A CONSULTORES Y CONSTRUCTORES S.A.S | C23: 9006461307 | D23: 11.75 | E23: 0.15 | F23: 5.29 | G23: 1101657063 | H23: Micro | J23: 22 | K23: GRUPO A CONSULTORES Y CONSTRUCTORES S.A.S | L23: 9006461307 | M23: 0.08 | N23: 0.07
A24: 23 | B24: TEC INGENIERIA S.A.S | C24: 9008619351 | D24: 9.07 | E24: 0.06 | F24: 45.38 | G24: 221553893 | H24: Micro | J24: 23 | K24: TEC INGENIERIA S.A.S | L24: 9008619351 | M24: 0.07 | N24: 0.07
A25: 24 | B25: CORPORACIÓN UNIVERSITARIA AUTONOMA DE NARIÑO | C25: 8912247629 | D25: 2.22 | E25: 0.78 | F25: 6.31 | G25: 6625910822 | H25: Mediana | J25: 24 | K25: CORPORACIÓN UNIVERSITARIA AUTONOMA DE NARIÑO | L25: 8912247629 | M25: 0.08 | N25: 0.01
A26: 25 | B26: KOBE SOLUTIONS S.A.S | C26: 9012581961 | D26: 16.68 | E26: 0.57 | F26: INDETERMINADO | G26: 41915529 | H26: Micro | J26: 25 | K26: KOBE SOLUTIONS S.A.S | L26: 9012581961 | M26: 0.71 | N26: 0.3
A27: 26 | B27: SIEE INGENIERIA S.A.S | C27: 9007490935 | D27: 10.95 | E27: 0.09 | F27: INDETERMINADO | G27: 778986844 | H27: Pequeña | J27: 26 | K27: SIEE INGENIERIA S.A.S | L27: 9007490935 | M27: 0.22 | N27: 0.2
A28: 27 | B28: ANDEAN GEOLOGICAL SERVICES A.G.S LTDA | C28: 800185395 | D28: 15.59 | E28: 0.23 | F28: 16.66 | G28: 1749110065 | H28: Micro | J28: 27 | K28: ANDEAN GEOLOGICAL SERVICES A.G.S LTDA | L28: 800185395 | M28: 0 | N28: 0
A29: 28 | B29: B&M SOLUCIONES Y CONSULTORIAS S.A.S. | C29: 901481198 | D29: 5.18 | E29: 0.18 | F29: INDETERMINADO | G29: 29290759 | H29: Micro | J29: 28 | K29: B&M SOLUCIONES Y CONSULTORIAS S.A.S. | L29: 901481198 | M29: 0.27 | N29: 0.22
A30: 29 | B30: 2RIOS INGENIERIA S.A.S. | C30: 900980947 | D30: 3.37 | E30: 0.17 | F30: INDETERMINADO | G30: 4.2777524e+08 | H30: Micro | J30: 29 | K30: 2RIOS INGENIERIA S.A.S. | L30: 900980947 | M30: 0.4 | N30: 0.33
A31: 30 | B31: ABELLO Y ALDANA ARQUITECTOS - ABALARK SAS | C31: 900204330 | D31: 4.99 | E31: 0.26 | F31: 16.64 | G31: 1121647807 | H31: Micro | J31: 30 | K31: ABELLO Y ALDANA ARQUITECTOS - ABALARK SAS | L31: 900204330 | M31: 0.16 | N31: 0.12
A32: 31 | B32: ATECH ADVANCED SOLUTIONS S.A. SUCURSAL COLOMBIA | C32: 900665341 | D32: 1.57 | E32: 0.63 | F32: 4.56 | G32: 110970950105 | H32: Gran empresa | J32: 31 | K32: ATECH ADVANCED SOLUTIONS S.A. SUCURSAL COLOMBIA | L32: 900665341 | M32: 0.09 | N32: 0.03
A33: 32 | B33: FUNDACIÓN FORMAR: FUNDACIÓN PARA LA INNOVACIÓN LA INVESTIGACIÓN ECONÓMICA Y LA CALIFICACIÓN DEL TALENTO HUMANO | C33: 800046444 | D33: 11.85 | E33: 0.13 | F33: 34.43 | G33: 652174281 | H33: Micro | J33: 32 | K33: FUNDACIÓN FORMAR: FUNDACIÓN PARA LA INNOVACIÓN LA INVESTIGACIÓN ECONÓMICA Y LA CALIFICACIÓN DEL TALENTO HUMANO | L33: 800046444 | M33: 0.12 | N33: 0.1
A34: 33 | B34: PRODESARROLLO LIMITADA | C34: 800194842 | D34: 10.21 | E34: 0.45 | F34: 13.44 | G34: 1366390427 | H34: Micro | J34: 33 | K34: PRODESARROLLO LIMITADA | L34: 800194842 | M34: 0.08 | N34: 0.04
A35: 34 | B35: SAFER AGROBIOLOGICOS SAS | C35: 8110314561 | D35: 2.79 | E35: 0.42 | F35: 13.74 | G35: 15158727074 | H35: Mediana | J35: 34 | K35: SAFER AGROBIOLOGICOS SAS | L35: 8110314561 | M35: 0.41 | N35: 0.23
A36: 35 | B36: ECOLOGIC S.A.S | C36: 900440679 | D36: 7.61 | E36: 0.19 | F36: 5.96 | G36: 25236683000 | H36: Mediana | J36: 35 | K36: ECOLOGIC S.A.S | L36: 900440679 | M36: 0.04 | N36: 0.03
A37: PROMEDIO | D37: =+ROUND(AVERAGE(D2:D36),2) -> 7.93 | E37: =+ROUND(AVERAGE(E2:E36),2) -> 0.31 | F37: >=1 o INDETERMINADO | G37: =+ROUND(AVERAGE(G2:G36),2) -> 5.51398e+09 | J37: PROMEDIO | M37: =+ROUND(AVERAGE(M2:M36),2) -> 0.24 | N37: =+ROUND(AVERAGE(N2:N36),2) -> 0.16
B41: PROMEDIO | C41: INDICE DE LIQUIDEZ | D41: INDICE DE ENDEUDAMIENTO | E41: RAZÓN DE COBERTURA DE INTERÉSES | F41: PATRIMONIO (30%) | K41: PROMEDIO | M41: RENTABILIDAD DEL PATRIMONIO | N41: RENTABILIDAD DEL ACTIVO
B42: Indices obtenidos por la muestra | C42: =+D37 -> 7.93 | D42: =+E37 -> 0.31 | E42: =+F37 -> >=1 o INDETERMINADO | F42: =+ROUND(G37*30%,2) -> 1.654194e+09 | K42: Indices obtenidos por la muestra | M42: =+M37 -> 0.24 | N42: =+N37 -> 0.16
B43: Índices de procesos adelantados por el Departamento | C43: 1.4 | D43: 0.6 | E43: >=1 o INDETERMINADO | F43: =+ROUND(B49*30%,2) -> 95874340 | K43: Índices de procesos adelantados por el Departamento | M43: 0.01 | N43: 0.01
C44: >= | D44: <= | E44: >= | F44: >= | M44: >= | N44: >=
B45: No. de empresas que cumplen con el requisito- Departamento | C45: =+COUNTIF(D2:D36,">=1,4") -> 32 | D45: =+COUNTIF(E2:E36,"<=60%") -> 30 | E45: =+COUNTIF(F2:F36,">=1")+COUNTIF(F2:F36,"=INDETERMINADO") -> 29 | F45: =+COUNTIF(G2:G36,">=95874340,50") -> 32 | K45: No. de empresas que cumplen con el requisito- Departamento | L45: No. de empresas que cumplen con el requisito | M45: =+COUNTIF(M2:M36,">=0,01") -> 34 | N45: =+COUNTIF(N2:N36,">=0,01") -> 34
B46: No. de empresas que cumplen con el requisito- Muestra | C46: =+COUNTIF(D2:D36,">=7,93") -> 13 | D46: =+COUNTIF(E2:E36,"<=31%") -> 22 | E46: =+COUNTIF(F2:F36,">=1")+COUNTIF(F2:F36,"=INDETERMINADO") -> 29 | F46: =+COUNTIF(G2:G36,">=1654194001,28") -> 10 | K46: No. de empresas que cumplen con el requisito - Muestra | L46: No. de empresas que cumplen con el requisito | M46: =+COUNTIF(M2:M36,">=0,24") -> 17 | N46: =+COUNTIF(N2:N36,">=0,16") -> 14
B48: PRESUPUESTO OFICIAL
B49: =+'ANALISIS COTIZACIONES'!F64 -> 319581135
